Workbook

Sheet Revenue Model
A1: Celsius Holdings, Inc. (NASDAQ: CELH) – Revenue Model
A2: $ in millions except per-share data; fiscal year ends 31-Dec. Blue = hardcoded input/reported; black = formula; green = link to another tab.
A3: Active scenario: | B3: =CHOOSE(Scenarios!$C$4,"Bull case","Base case","Bear case") -> Base case
A5: Fiscal year | B5: 2021A | C5: 2022A | D5: 2023A | E5: 2024A | F5: 2025A | G5: 2026E | H5: 2027E | I5: 2028E | J5: 2029E | K5: 2030E | L5: Notes / sources
A6: A. REVENUE BY BRAND / PRODUCT ($mm)
A7: CELSIUS brand (flagship; includes CELSIUS Essentials, HYDRATION powders and all international revenue)
A8: CELSIUS – North America | B8: 273 | C8: 617.46 | D8: 1263.34 | E8: 1280.88 | F8: 1365 | G8: =G58 -> 1298.344 | H8: =G8*(1+Scenarios!H12) -> 1324.3109 | I8: =H8*(1+Scenarios!I12) -> 1377.2833 | J8: =I8*(1+Scenarios!J12) -> 1432.3746 | K8: =J8*(1+Scenarios!K12) -> 1482.5078 | L8: Pre-2025 = all North America revenue (single brand). FY25 = NA revenue $2,422.5mm less Alani Nu and Rockstar (rounded to tie). FY26E from half-year bridge below.
A9: YoY growth | C9: =IFERROR(C8/B8-1,0) -> 1.2617582 | D9: =IFERROR(D8/C8-1,0) -> 1.0460273 | E9: =IFERROR(E8/D8-1,0) -> 0.013883832 | F9: =IFERROR(F8/E8-1,0) -> 0.065673599 | G9: =G8/F8-1 -> -0.048832234 | H9: =H8/G8-1 -> 0.02 | I9: =I8/H8-1 -> 0.04 | J9: =J8/I8-1 -> 0.04 | K9: =K8/J8-1 -> 0.035
A10: CELSIUS – International | B10: =B50 -> 41.27 | C10: =C50 -> 36.15 | D10: =D50 -> 54.68 | E10: =E50 -> 74.72 | F10: =F50 -> 92.77 | G10: =G50 -> 115.786 | H10: =H50 -> 139.35672 | I10: =I50 -> 164.88593 | ... K10: =K50 -> 220.13135 | L10: All international revenue is CELSIUS brand (Nordics core; UK/IE/FR/Benelux/Iberia/AU/NZ expansion). Linked to geography build.
A11: YoY growth | C11: =IFERROR(C10/B10-1,0) -> -0.12406106 | D11: =IFERROR(D10/C10-1,0) -> 0.51258645 | E11: =IFERROR(E10/D10-1,0) -> 0.36649598 | F11: =IFERROR(F10/E10-1,0) -> 0.24156852 | G11: =G10/F10-1 -> 0.24809745 | H11: =H10/G10-1 -> 0.20357142 | I11: =I10/H10-1 -> 0.18319327 | J11: =J10/I10-1 -> 0.16756843 | K11: =K10/J10-1 -> 0.14344678
A12: CELSIUS brand – total | B12: =B8+B10 -> 314.27 | C12: =C8+C10 -> 653.61 | D12: =D8+D10 -> 1318.02 | E12: =E8+E10 -> 1355.6 | F12: =F8+F10 -> 1457.77 | G12: =G8+G10 -> 1414.13 | H12: =H8+H10 -> 1463.6676 | I12: =I8+I10 -> 1542.1692 | ... K12: =K8+K10 -> 1702.6391 | L12: FY25A reported CELSIUS brand revenue $1,457.7mm (+7.5%).
A13: YoY growth | C13: =IFERROR(C12/B12-1,0) -> 1.0797722 | D13: =IFERROR(D12/C12-1,0) -> 1.0165236 | E13: =IFERROR(E12/D12-1,0) -> 0.028512466 | F13: =IFERROR(F12/E12-1,0) -> 0.07536884 | G13: =G12/F12-1 -> -0.029936135 | H13: =H12/G12-1 -> 0.035030443 | I13: =I12/H12-1 -> 0.053633522 | J13: =J12/I12-1 -> 0.053639384 | K13: =K12/J12-1 -> 0.047848681
A14: % of total revenue | B14: =B12/B26 -> 1 | C14: =C12/C26 -> 1 | D14: =D12/D26 -> 1 | E14: =E12/E26 -> 1 | F14: =F12/F26 -> 0.579568 | G14: =G12/G26 -> 0.45010042 | H14: =H12/H26 -> 0.43632353 | I14: =I12/I26 -> 0.42985899 | ... K14: =K12/K26 -> 0.42401275
A15: US RTD energy $ share (Circana, latest L13W) – memo | F15: 0.109 | L15: 10.9% L13W to 28-Dec-25; 9.5% L13W to 28-Jun-26 (SKU optimisation, fewer distribution points).
A16: Alani Nu (acquired 1-Apr-2025; moved into PepsiCo DSD 1-Dec-2025)
A17: Alani Nu | B17: 0 | C17: 0 | D17: 0 | E17: 0 | F17: 1001.9 | G17: =G60 -> 1468.135 | H17: =G17*(1+Scenarios!H18) -> 1644.3112 | I17: =H17*(1+Scenarios!I18) -> 1808.7423 | J17: =I17*(1+Scenarios!J18) -> 1953.4417 | K17: =J17*(1+Scenarios!K18) -> 2090.1826 | L17: FY25A = 9 months of ownership ($1,001.9mm). 1H26A $732.4mm. FY26E from half-year bridge.
A18: YoY growth | G18: =G17/F17-1 -> 0.46535083 | H18: =H17/G17-1 -> 0.12 | I18: =I17/H17-1 -> 0.1 | J18: =J17/I17-1 -> 0.08 | K18: =K17/J17-1 -> 0.07 | L18: FY26E growth flattered by only 9 months of FY25 ownership.
A19: % of total revenue | B19: =B17/B26 -> 0 | C19: =C17/C26 -> 0 | D19: =D17/D26 -> 0 | E19: =E17/E26 -> 0 | F19: =F17/F26 -> 0.39832702 | G19: =G17/G26 -> 0.46728956 | H19: =H17/H26 -> 0.49017391 | I19: =I17/I26 -> 0.50416266 | ... K19: =K17/K26 -> 0.52052375
A20: US RTD energy $ share (Circana, latest L13W) – memo | F20: 0.067 | L20: 6.7% L13W to 28-Dec-25; 8.7% L13W to 28-Jun-26 (retail sales +55.7%).
A21: Rockstar Energy (US & Canada rights acquired from PepsiCo 28-Aug-2025)
A22: Rockstar Energy | B22: 0 | C22: 0 | D22: 0 | E22: 0 | F22: 55.6 | G22: =G61 -> 259.545 | H22: =G22*(1+Scenarios!H24) -> 246.56775 | I22: =H22*(1+Scenarios!I24) -> 236.70504 | J22: =I22*(1+Scenarios!J24) -> 229.60389 | K22: =J22*(1+Scenarios!K24) -> 222.71577 | L22: FY25A ~4 months ($55.6mm, plus ~$13mm booked in other income during transition). 1H26A $133.1mm.
A23: YoY growth | G23: =G22/F22-1 -> 3.6680755 | H23: =H22/G22-1 -> -0.05 | I23: =I22/H22-1 -> -0.04 | J23: =J22/I22-1 -> -0.03 | K23: =K22/J22-1 -> -0.03
A24: % of total revenue | B24: =B22/B26 -> 0 | C24: =C22/C26 -> 0 | D24: =D22/D26 -> 0 | E24: =E22/E26 -> 0 | F24: =F22/F26 -> 0.022104983 | G24: =G22/G26 -> 0.082610024 | H24: =H22/H26 -> 0.073502557 | I24: =I22/I26 -> 0.065978354 | ... K24: =K22/K26 -> 0.055463502
A25: US RTD energy $ share (Circana, latest L13W) – memo | F25: 0.024 | L25: 2.4% L13W to 28-Dec-25; 1.9% L13W to 28-Jun-26 (retail sales -13%).
A26: TOTAL REVENUE | B26: =B12+B17+B22 -> 314.27 | C26: =C12+C17+C22 -> 653.61 | D26: =D12+D17+D22 -> 1318.02 | E26: =E12+E17+E22 -> 1355.6 | F26: =F12+F17+F22 -> 2515.27 | G26: =G12+G17+G22 -> 3141.81 | H26: =H12+H17+H22 -> 3354.5466 | I26: =I12+I17+I22 -> 3587.6166 | ... K26: =K12+K17+K22 -> 4015.5375
A27: YoY growth | B27: 1.404 | G27: =G26/F26-1 -> 0.24909453 | H27: =H26/G26-1 -> 0.067711463 | I27: =I26/H26-1 -> 0.069478856 | J27: =J26/I26-1 -> 0.061411033 | K27: =K26/J26-1 -> 0.054518161 | L27: FY21 growth vs FY20 revenue of $130.7mm (FY2021 10-K).
A28: Acquired brands (Alani Nu + Rockstar) | B28: =B17+B22 -> 0 | C28: =C17+C22 -> 0 | D28: =D17+D22 -> 0 | E28: =E17+E22 -> 0 | F28: =F17+F22 -> 1057.5 | G28: =G17+G22 -> 1727.68 | H28: =H17+H22 -> 1890.879 | I28: =I17+I22 -> 2045.4474 | ... K28: =K17+K22 -> 2312.8984
A29: % of total revenue | B29: =B28/B26 -> 0 | C29: =C28/C26 -> 0 | D29: =D28/D26 -> 0 | E29: =E28/E26 -> 0 | F29: =F28/F26 -> 0.420432 | G29: =G28/G26 -> 0.54989958 | H29: =H28/H26 -> 0.56367647 | I29: =I28/I26 -> 0.57014101 | ... K29: =K28/K26 -> 0.57598725
A30: Memo: revenue from PepsiCo (% of total) | F30: 0.432 | L30: 43.2% in FY25 (10-K); 59.6% in 1H26 ($954.0mm related-party revenue / $1,600.5mm) after Alani Nu moved to PepsiCo DSD.
A32: B. REVENUE BY GEOGRAPHY ($mm)
A33: North America
A34: CELSIUS brand | B34: =B8 -> 273 | C34: =C8 -> 617.46 | D34: =D8 -> 1263.34 | E34: =E8 -> 1280.88 | F34: =F8 -> 1365 | G34: =G8 -> 1298.344 | H34: =H8 -> 1324.3109 | I34: =I8 -> 1377.2833 | ... K34: =K8 -> 1482.5078
A35: Alani Nu | B35: =B17 -> 0 | C35: =C17 -> 0 | D35: =D17 -> 0 | E35: =E17 -> 0 | F35: =F17 -> 1001.9 | G35: =G17 -> 1468.135 | H35: =H17 -> 1644.3112 | I35: =I17 -> 1808.7423 | ... K35: =K17 -> 2090.1826
A36: Rockstar Energy | B36: =B22 -> 0 | C36: =C22 -> 0 | D36: =D22 -> 0 | E36: =E22 -> 0 | F36: =F22 -> 55.6 | G36: =G22 -> 259.545 | H36: =H22 -> 246.56775 | I36: =I22 -> 236.70504 | ... K36: =K22 -> 222.71577
A37: North America – total | B37: =SUM(B34:B36) -> 273 | C37: =SUM(C34:C36) -> 617.46 | D37: =SUM(D34:D36) -> 1263.34 | E37: =SUM(E34:E36) -> 1280.88 | F37: =SUM(F34:F36) -> 2422.5 | G37: =SUM(G34:G36) -> 3026.024 | H37: =SUM(H34:H36) -> 3215.1898 | I37: =SUM(I34:I36) -> 3422.7307 | ... K37: =SUM(K34:K36) -> 3795.4062 | L37: Reported NA: FY21 $273.0mm, FY22 $617.5mm, FY23 $1,263.3mm, FY24 $1,280.9mm, FY25 $2,422.5mm.
A38: YoY growth | C38: =IFERROR(C37/B37-1,0) -> 1.2617582 | D38: =IFERROR(D37/C37-1,0) -> 1.0460273 | E38: =IFERROR(E37/D37-1,0) -> 0.013883832 | F38: =IFERROR(F37/E37-1,0) -> 0.89127787 | G38: =G37/F37-1 -> 0.24913271 | H38: =H37/G37-1 -> 0.062512997 | I38: =I37/H37-1 -> 0.064550106 | J38: =J37/I37-1 -> 0.056297029 | K38: =K37/J37-1 -> 0.049782848
A39: % of total revenue | B39: =B37/B53 -> 0.8686798 | C39: =C37/C53 -> 0.94469179 | D39: =D37/D53 -> 0.95851353 | E39: =E37/E53 -> 0.9448805 | F39: =F37/F53 -> 0.96311728 | G39: =G37/G53 -> 0.96314672 | H39: =H37/H53 -> 0.95845736 | I39: =I37/I53 -> 0.95404026 | ... K39: =K37/K53 -> 0.9451801
A40: International (CELSIUS brand)
A41: Europe – base growth assumption | G41: 0.2 | H41: 0.18 | I41: 0.16 | J41: 0.15 | K41: 0.13 | L41: Nordics core + UK/IE/FR/Benelux/Iberia expansion via Suntory partners. 1H26 intl +32% (2Q26 +10%).
A42: Europe | B42: 38.1 | C42: 31.05 | D42: 43.72 | E42: 61.68 | F42: 72.54 | G42: =F42*(1+G41*Scenarios!G30) -> 87.048 | H42: =G42*(1+H41*Scenarios!H30) -> 102.71664 | I42: =H42*(1+I41*Scenarios!I30) -> 119.1513 | J42: =I42*(1+J41*Scenarios!J30) -> 137.024 | K42: =J42*(1+K41*Scenarios!K30) -> 154.83712 | L42: 10-K geographic disclosure; FY24/25 from XBRL segment tags.
A43: YoY growth | C43: =IFERROR(C42/B42-1,0) -> -0.18503937 | D43: =IFERROR(D42/C42-1,0) -> 0.40805153 | E43: =IFERROR(E42/D42-1,0) -> 0.41079597 | F43: =IFERROR(F42/E42-1,0) -> 0.17607004 | G43: =G42/F42-1 -> 0.2 | H43: =H42/G42-1 -> 0.18 | I43: =I42/H42-1 -> 0.16 | J43: =J42/I42-1 -> 0.15 | K43: =K42/J42-1 -> 0.13
A44: Asia-Pacific – base growth assumption | G44: 0.6 | H44: 0.35 | I44: 0.3 | J44: 0.25 | K44: 0.2 | L44: AU/NZ launch via Frucor Suntory; small base (FY25 +129%).
A45: Asia-Pacific | B45: 2.54 | C45: 3.65 | D45: 4.76 | E45: 5.66 | F45: 12.97 | G45: =F45*(1+G44*Scenarios!G30) -> 20.752 | H45: =G45*(1+H44*Scenarios!H30) -> 28.0152 | I45: =H45*(1+I44*Scenarios!I30) -> 36.41976 | J45: =I45*(1+J44*Scenarios!J30) -> 45.5247 | K45: =J45*(1+K44*Scenarios!K30) -> 54.62964
A46: YoY growth | C46: =IFERROR(C45/B45-1,0) -> 0.43700787 | D46: =IFERROR(D45/C45-1,0) -> 0.30410959 | E46: =IFERROR(E45/D45-1,0) -> 0.18907563 | F46: =IFERROR(F45/E45-1,0) -> 1.2915194 | G46: =G45/F45-1 -> 0.6 | H46: =H45/G45-1 -> 0.35 | I46: =I45/H45-1 -> 0.3 | J46: =J45/I45-1 -> 0.25 | K46: =K45/J45-1 -> 0.2
A47: Other – base growth assumption | G47: 0.1 | H47: 0.08 | I47: 0.08 | J47: 0.07 | K47: 0.07
A48: Other (incl. Puerto Rico, Middle East) | B48: 0.63 | C48: 1.45 | D48: 6.2 | E48: 7.38 | F48: 7.26 | G48: =F48*(1+G47*Scenarios!G30) -> 7.986 | H48: =G48*(1+H47*Scenarios!H30) -> 8.62488 | I48: =H48*(1+I47*Scenarios!I30) -> 9.3148704 | J48: =I48*(1+J47*Scenarios!J30) -> 9.9669113 | K48: =J48*(1+K47*Scenarios!K30) -> 10.664595
A49: YoY growth | C49: =IFERROR(C48/B48-1,0) -> 1.3015873 | D49: =IFERROR(D48/C48-1,0) -> 3.2758621 | E49: =IFERROR(E48/D48-1,0) -> 0.19032258 | F49: =IFERROR(F48/E48-1,0) -> -0.016260163 | G49: =G48/F48-1 -> 0.1 | H49: =H48/G48-1 -> 0.08 | I49: =I48/H48-1 -> 0.08 | J49: =J48/I48-1 -> 0.07 | K49: =K48/J48-1 -> 0.07
A50: International – total | B50: =B42+B45+B48 -> 41.27 | C50: =C42+C45+C48 -> 36.15 | D50: =D42+D45+D48 -> 54.68 | E50: =E42+E45+E48 -> 74.72 | F50: =F42+F45+F48 -> 92.77 | G50: =G42+G45+G48 -> 115.786 | H50: =H42+H45+H48 -> 139.35672 | I50: =I42+I45+I48 -> 164.88593 | ... K50: =K42+K45+K48 -> 220.13135 | L50: Reported international: FY24 $74.7mm, FY25 $92.8mm; 1H26 $62.5mm. Mgmt target >15% of revenue by 2031.
A51: YoY growth | C51: =IFERROR(C50/B50-1,0) -> -0.12406106 | D51: =IFERROR(D50/C50-1,0) -> 0.51258645 | E51: =IFERROR(E50/D50-1,0) -> 0.36649598 | F51: =IFERROR(F50/E50-1,0) -> 0.24156852 | G51: =G50/F50-1 -> 0.24809745 | H51: =H50/G50-1 -> 0.20357142 | I51: =I50/H50-1 -> 0.18319327 | J51: =J50/I50-1 -> 0.16756843 | K51: =K50/J50-1 -> 0.14344678
A52: % of total revenue | B52: =B50/B53 -> 0.1313202 | C52: =C50/C53 -> 0.055308211 | D52: =D50/D53 -> 0.041486472 | E52: =E50/E53 -> 0.055119504 | F52: =F50/F53 -> 0.03688272 | G52: =G50/G53 -> 0.036853279 | H52: =H50/H53 -> 0.04154264 | I52: =I50/I53 -> 0.045959742 | ... K52: =K50/K53 -> 0.054819897
A53: TOTAL REVENUE (geography) | B53: =B37+B50 -> 314.27 | C53: =C37+C50 -> 653.61 | D53: =D37+D50 -> 1318.02 | E53: =E37+E50 -> 1355.6 | F53: =F37+F50 -> 2515.27 | G53: =G37+G50 -> 3141.81 | H53: =H37+H50 -> 3354.5466 | I53: =I37+I50 -> 3587.6166 | ... K53: =K37+K50 -> 4015.5375
A54: Check: brand build less geography build (should be 0) | B54: =ROUND(B26-B53,6) -> 0 | C54: =ROUND(C26-C53,6) -> 0 | D54: =ROUND(D26-D53,6) -> 0 | E54: =ROUND(E26-E53,6) -> 0 | F54: =ROUND(F26-F53,6) -> 0 | G54: =ROUND(G26-G53,6) -> 0 | H54: =ROUND(H26-H53,6) -> 0 | I54: =ROUND(I26-I53,6) -> 0 | ... K54: =ROUND(K26-K53,6) -> 0
A56: C. FY2026E HALF-YEAR BRIDGE ($mm) – anchors FY26E on 1H26 reported actuals
A57: Brand | B57: 1H25A | C57: 2H25A | D57: FY25A | E57: 1H26A | F57: 2H26E | G57: FY26E | H57: 2H y/y
A58: CELSIUS – North America | B58: 719.8 | C58: =D58-B58 -> 645.2 | D58: =F8 -> 1365 | E58: 672.5 | F58: =C58*(1+Scenarios!G12) -> 625.844 | G58: =E58+F58 -> 1298.344 | H58: =F58/C58-1 -> -0.03 | L58: 1H25: total $1,068.5mm less Alani 2Q25 $301.2mm less intl $47.5mm. 1H26: $1,600.5mm less Alani $732.4mm, Rockstar $133.1mm, intl $62.5mm.
A59: CELSIUS – International | B59: 47.5 | C59: =D59-B59 -> 45.27 | D59: =F50 -> 92.77 | E59: 62.5 | F59: =G59-E59 -> 53.286 | G59: =G50 -> 115.786 | H59: =F59/C59-1 -> 0.17707091 | L59: FY26E international from regional growth build; 2H26E is the residual.
A60: Alani Nu | B60: 301.2 | C60: =D60-B60 -> 700.7 | D60: =F17 -> 1001.9 | E60: 732.4 | F60: =C60*(1+Scenarios!G18) -> 735.735 | G60: =E60+F60 -> 1468.135 | H60: =F60/C60-1 -> 0.05 | L60: 2Q25 Alani revenue $301.2mm (first quarter of ownership). 2H25 included ~$25mm net PepsiCo load-in benefit.
A61: Rockstar Energy | B61: 0 | C61: =D61-B61 -> 55.6 | D61: =F22 -> 55.6 | E61: 133.1 | F61: =E61*(1+Scenarios!G24) -> 126.445 | G61: =E61+F61 -> 259.545 | H61: =F61/E61-1 -> -0.05 | L61: 2H26E driven sequentially off 1H26A (only 4 months owned in 2H25). H column = 2H26E vs 1H26A.
A62: Total revenue | B62: =SUM(B58:B61) -> 1068.5 | C62: =SUM(C58:C61) -> 1446.77 | D62: =SUM(D58:D61) -> 2515.27 | E62: =SUM(E58:E61) -> 1600.5 | F62: =SUM(F58:F61) -> 1541.31 | G62: =SUM(G58:G61) -> 3141.81 | H62: =F62/C62-1 -> 0.065345563 | L62: Check: 1H25A = $1,068.5mm and 1H26A = $1,600.5mm as reported.
A64: Sources: FY2025 10-K and 4Q25 release (SEC EDGAR, CIK 1341766); 2Q26 release (8-K, 6-Aug-2026); FY2021/FY2023 10-K geographic tables; Circana via company releases.

Sheet Income Statement
A1: Celsius Holdings, Inc. (NASDAQ: CELH) – Income Statement
A2: $ in millions except per-share data; fiscal year ends 31-Dec. Blue = hardcoded input/reported; black = formula; green = link to another tab.
A3: Active scenario: | B3: =CHOOSE(Scenarios!$C$4,"Bull case","Base case","Bear case") -> Base case
A5: Fiscal year | B5: 2021A | C5: 2022A | D5: 2023A | E5: 2024A | F5: 2025A | G5: 2026E | H5: 2027E | I5: 2028E | J5: 2029E | K5: 2030E | L5: Notes / sources
A6: REVENUE
A7: Revenue | B7: ='Revenue Model'!B26 -> 314.27 | C7: ='Revenue Model'!C26 -> 653.61 | D7: ='Revenue Model'!D26 -> 1318.02 | E7: ='Revenue Model'!E26 -> 1355.6 | F7: ='Revenue Model'!F26 -> 2515.27 | G7: ='Revenue Model'!G26 -> 3141.81 | H7: ='Revenue Model'!H26 -> 3354.5466 | I7: ='Revenue Model'!I26 -> 3587.6166 | ... K7: ='Revenue Model'!K26 -> 4015.5375
A8: YoY growth | B8: 1.404 | G8: =G7/F7-1 -> 0.24909453 | H8: =H7/G7-1 -> 0.067711463 | I8: =I7/H7-1 -> 0.069478856 | J8: =J7/I7-1 -> 0.061411033 | K8: =K7/J7-1 -> 0.054518161
A9: COST OF REVENUE
A10: Cost of revenue (ex inventory step-up) | B10: 186.1 | C10: 382.74 | D10: 684.88 | E10: 675.42 | F10: 1225.49 | G10: =G7*(1-Scenarios!G36) -> 1608.6067 | H10: =H7*(1-Scenarios!H36) -> 1677.2733 | I10: =I7*(1-Scenarios!I36) -> 1775.8702 | J10: =J7*(1-Scenarios!J36) -> 1865.8886 | K10: =K7*(1-Scenarios!K36) -> 1967.6134 | L10: FY25 reported $1,247.9mm less $22.4mm PPA inventory step-up.
A11: Inventory step-up (one-time, acquisitions) | B11: 0 | C11: 0 | D11: 0 | E11: 0 | F11: 22.45 | G11: 0 | H11: 0 | I11: 0 | J11: 0 | K11: 0
A12: Total cost of revenue | B12: =B10+B11 -> 186.1 | C12: =C10+C11 -> 382.74 | D12: =D10+D11 -> 684.88 | E12: =E10+E11 -> 675.42 | F12: =F10+F11 -> 1247.94 | G12: =G10+G11 -> 1608.6067 | H12: =H10+H11 -> 1677.2733 | I12: =I10+I11 -> 1775.8702 | ... K12: =K10+K11 -> 1967.6134
A13: GROSS PROFIT | B13: =B7-B12 -> 128.17 | C13: =C7-C12 -> 270.87 | D13: =D7-D12 -> 633.14 | E13: =E7-E12 -> 680.18 | F13: =F7-F12 -> 1267.33 | G13: =G7-G12 -> 1533.2033 | H13: =H7-H12 -> 1677.2733 | I13: =I7-I12 -> 1811.7464 | ... K13: =K7-K12 -> 2047.9241
A14: Gross margin (reported) | B14: =B13/B7 -> 0.40783403 | C14: =C13/C7 -> 0.41442144 | D14: =D13/D7 -> 0.48037207 | E14: =E13/E7 -> 0.50175568 | F14: =F13/F7 -> 0.50385446 | G14: =G13/G7 -> 0.488 | H14: =H13/H7 -> 0.5 | I14: =I13/I7 -> 0.505 | ... K14: =K13/K7 -> 0.51
A15: Gross margin (ex step-up) | B15: =(B7-B10)/B7 -> 0.40783403 | C15: =(C7-C10)/C7 -> 0.41442144 | D15: =(D7-D10)/D7 -> 0.48037207 | E15: =(E7-E10)/E7 -> 0.50175568 | F15: =(F7-F10)/F7 -> 0.51277994 | G15: =(G7-G10)/G7 -> 0.488 | H15: =(H7-H10)/H7 -> 0.5 | I15: =(I7-I10)/I7 -> 0.505 | ... K15: =(K7-K10)/K7 -> 0.51
A16: OPERATING EXPENSES
A17: Sales & marketing | E17: 350.66 | F17: 548.79 | G17: =G7*Scenarios!G42 -> 675.48915 | H17: =H7*Scenarios!H42 -> 721.22751 | I17: =I7*Scenarios!I42 -> 753.39949 | J17: =J7*Scenarios!J42 -> 799.66653 | K17: =K7*Scenarios!K42 -> 843.26288 | L17: S&M / G&A split disclosed from FY24 (non-GAAP reconciliation). FY21-23 shown as total SG&A only.
A18: % of revenue | B18: =B17/B7 -> 0 | C18: =C17/C7 -> 0 | D18: =D17/D7 -> 0 | E18: =E17/E7 -> 0.25867513 | F18: =F17/F7 -> 0.21818334 | G18: =G17/G7 -> 0.215 | H18: =H17/H7 -> 0.215 | I18: =I17/I7 -> 0.21 | ... K18: =K17/K7 -> 0.21
A19: General & administrative (ex one-offs) | E19: 108.46 | F19: 189.78 | G19: =G7*Scenarios!G48 -> 213.64308 | H19: =H7*Scenarios!H48 -> 221.40007 | I19: =I7*Scenarios!I48 -> 229.60746 | J19: =J7*Scenarios!J48 -> 236.09202 | K19: =K7*Scenarios!K48 -> 240.93225
A20: % of revenue | B20: =B19/B7 -> 0 | C20: =C19/C7 -> 0 | D20: =D19/D7 -> 0 | E20: =E19/E7 -> 0.080008852 | F20: =F19/F7 -> 0.075451144 | G20: =G19/G7 -> 0.068 | H20: =H19/H7 -> 0.066 | I20: =I19/I7 -> 0.064 | ... K20: =K19/K7 -> 0.06
A21: Acquisition & integration costs | E21: 2.01 | F21: 59.52 | G21: 12 | H21: 0 | I21: 0 | J21: 0 | K21: 0 | L21: 1H26A $7.6mm; FY26E assumes modest 2H tail.
A22: Legal settlements, penalties & reorganisation-related | E22: 63.36 | F22: 0.71 | G22: 24.56 | H22: 0 | I22: 0 | J22: 0 | K22: 0 | L22: FY24: $54.0mm litigation/SEC accruals + $9.4mm co-packer penalties. 1Q26: $24.6mm litigation accrual.
A23: Total SG&A (reported) | B23: 132.26 | C23: 428.67 | D23: 366.77 | E23: 524.48 | F23: 798.81 | G23: =G17+G19+G21+G22 -> 925.69223 | H23: =H17+H19+H21+H22 -> 942.62758 | I23: =I17+I19+I21+I22 -> 983.00695 | J23: =J17+J19+J21+J22 -> 1035.7586 | K23: =K17+K19+K21+K22 -> 1084.1951 | L23: FY22 SG&A includes distributor termination costs from the transition to PepsiCo distribution.
A24: % of revenue | B24: =B23/B7 -> 0.42084832 | C24: =C23/C7 -> 0.65584982 | D24: =D23/D7 -> 0.27827347 | E24: =E23/E7 -> 0.38689879 | F24: =F23/F7 -> 0.3175842 | G24: =G23/G7 -> 0.2946366 | H24: =H23/H7 -> 0.281 | I24: =I23/I7 -> 0.274 | ... K24: =K23/K7 -> 0.27
A25: Distributor termination fees | B25: 0 | C25: 0 | D25: 0 | E25: 0 | F25: 327.46 | G25: 85.29 | H25: 0 | I25: 0 | J25: 0 | K25: 0 | L25: Alani Nu distributor buyouts on move to PepsiCo (up to $275mm reimbursed by PepsiCo via deferred revenue). 1H26A $85.3mm; none assumed after FY26.
A26: Total operating expenses | B26: =B23+B25 -> 132.26 | C26: =C23+C25 -> 428.67 | D26: =D23+D25 -> 366.77 | E26: =E23+E25 -> 524.48 | F26: =F23+F25 -> 1126.27 | G26: =G23+G25 -> 1010.9822 | H26: =H23+H25 -> 942.62758 | I26: =I23+I25 -> 983.00695 | ... K26: =K23+K25 -> 1084.1951
A27: OPERATING INCOME (EBIT) | B27: =B13-B26 -> -4.09 | C27: =C13-C26 -> -157.8 | D27: =D13-D26 -> 266.37 | E27: =E13-E26 -> 155.7 | F27: =F13-F26 -> 141.06 | G27: =G13-G26 -> 522.22105 | H27: =H13-H26 -> 734.64569 | I27: =I13-I26 -> 828.73944 | ... K27: =K13-K26 -> 963.729
A28: EBIT margin | B28: =B27/B7 -> -0.013014287 | C28: =C27/C7 -> -0.24142837 | D28: =D27/D7 -> 0.2020986 | E28: =E27/E7 -> 0.11485689 | F28: =F27/F7 -> 0.056081454 | G28: =G27/G7 -> 0.16621662 | H28: =H27/H7 -> 0.219 | I28: =I27/I7 -> 0.231 | ... K28: =K27/K7 -> 0.24
A29: Depreciation & amortisation (embedded in COGS/SG&A) | B29: 1.26 | C29: 1.92 | D29: 3.23 | E29: 7.27 | F29: 29.45 | G29: ='Balance Sheet'!G68 -> 38.2656 | H29: ='Balance Sheet'!H68 -> 43.555448 | I29: ='Balance Sheet'!I68 -> 48.509488 | J29: ='Balance Sheet'!J68 -> 52.656231 | K29: ='Balance Sheet'!K68 -> 47.23301
A30: EBITDA | B30: =B27+B29 -> -2.83 | C30: =C27+C29 -> -155.88 | D30: =D27+D29 -> 269.6 | E30: =E27+E29 -> 162.97 | F30: =F27+F29 -> 170.51 | G30: =G27+G29 -> 560.48665 | H30: =H27+H29 -> 778.20114 | I30: =I27+I29 -> 877.24892 | ... K30: =K27+K29 -> 1010.962
A31: EBITDA margin | B31: =B30/B7 -> -0.0090049957 | C31: =C30/C7 -> -0.23849084 | D31: =D30/D7 -> 0.20454925 | E31: =E30/E7 -> 0.12021983 | F31: =F30/F7 -> 0.067789939 | G31: =G30/G7 -> 0.1783961 | H31: =H30/H7 -> 0.231984 | I31: =I30/I7 -> 0.24452137 | ... K31: =K30/K7 -> 0.25176256
A32: Stock-based compensation | B32: 36.48 | C32: 20.67 | D32: 21.23 | E32: 19.59 | F32: 28.05 | G32: =G7*G33 -> 36.130815 | H32: =H7*H33 -> 38.577285 | I32: =I7*I33 -> 41.257591 | J32: =J7*J33 -> 43.791262 | K32: =K7*K33 -> 46.178681
A33: % of revenue | B33: =B32/B7 -> 0.11607853 | C33: =C32/C7 -> 0.031624363 | D33: =D32/D7 -> 0.016107495 | E33: =E32/E7 -> 0.014451166 | F33: =F32/F7 -> 0.011151884 | G33: 0.0115 | H33: 0.0115 | I33: 0.0115 | J33: 0.0115 | K33: 0.0115 | L33: 1H26A $18.2mm (1.1% of revenue).
A34: One-time items (step-up + acquisition + legal + distributor fees) | B34: =B11+B21+B22+B25 -> 0 | C34: =C11+C21+C22+C25 -> 0 | D34: =D11+D21+D22+D25 -> 0 | E34: =E11+E21+E22+E25 -> 65.37 | F34: =F11+F21+F22+F25 -> 410.14 | G34: =G11+G21+G22+G25 -> 121.85 | H34: =H11+H21+H22+H25 -> 0 | I34: =I11+I21+I22+I25 -> 0 | ... K34: =K11+K21+K22+K25 -> 0
A35: Adjusted EBITDA (model definition) | B35: =B30+B32+B34 -> 33.65 | C35: =C30+C32+C34 -> -135.21 | D35: =D30+D32+D34 -> 290.83 | E35: =E30+E32+E34 -> 247.93 | F35: =F30+F32+F34 -> 608.7 | G35: =G30+G32+G34 -> 718.46747 | H35: =H30+H32+H34 -> 816.77843 | I35: =I30+I32+I34 -> 918.50652 | ... K35: =K30+K32+K34 -> 1057.1407 | L35: EBITDA + SBC + one-time items. Company definition also adds back FX and reorganisation costs (FY24 $7.7mm).
A36: Adjusted EBITDA margin | B36: =B35/B7 -> 0.10707354 | C36: =C35/C7 -> -0.20686648 | D36: =D35/D7 -> 0.22065674 | E36: =E35/E7 -> 0.18289318 | F36: =F35/F7 -> 0.24200185 | G36: =G35/G7 -> 0.22867948 | H36: =H35/H7 -> 0.243484 | I36: =I35/I7 -> 0.25602137 | ... K36: =K35/K7 -> 0.26326256
A37: Memo: company-reported adjusted EBITDA | E37: 255.71 | F37: 619.62 | L37: 1H26A company adjusted EBITDA $379.6mm (23.7% margin).
A38: NON-OPERATING
A39: Interest income | B39: 0.32 | C39: 0.24 | D39: 26.63 | E39: 39.26 | F39: 21.09 | G39: ='Cash Flow'!F38*'Balance Sheet'!G86 -> 13.4995 | H39: ='Cash Flow'!G38*'Balance Sheet'!H86 -> 17.729875 | I39: ='Cash Flow'!H38*'Balance Sheet'!I86 -> 24.012082 | J39: ='Cash Flow'!I38*'Balance Sheet'!J86 -> 30.649021 | K39: ='Cash Flow'!J38*'Balance Sheet'!K86 -> 37.912378 | L39: Projection = beginning cash (incl. restricted) x yield (avoids circularity).
A40: Interest expense | B40: 0 | C40: 0 | D40: 0 | E40: 0 | F40: -48.98 | G40: =-'Balance Sheet'!G85 -> -45.456525 | H40: =-'Balance Sheet'!H85 -> -41.845275 | I40: =-'Balance Sheet'!I85 -> -35.095275 | J40: =-'Balance Sheet'!J85 -> -28.345275 | K40: =-'Balance Sheet'!K85 -> -21.595275
A41: Other income / (expense), net | B41: -0.28 | C41: 4.9 | D41: -1.25 | E41: 0.06 | F41: 11.86 | G41: 15 | H41: 5 | I41: 5 | J41: 5 | K41: 5 | L41: 1H26A $9.6mm incl. Rockstar transition income from PepsiCo; fades after FY26.
A42: Total other income / (expense) | B42: =SUM(B39:B41) -> 0.04 | C42: =SUM(C39:C41) -> 5.14 | D42: =SUM(D39:D41) -> 25.38 | E42: =SUM(E39:E41) -> 39.32 | F42: =SUM(F39:F41) -> -16.03 | G42: =SUM(G39:G41) -> -16.957025 | H42: =SUM(H39:H41) -> -19.1154 | I42: =SUM(I39:I41) -> -6.0831933 | ... K42: =SUM(K39:K41) -> 21.317103
A43: PRE-TAX INCOME | B43: =B27+B42 -> -4.05 | C43: =C27+C42 -> -152.66 | D43: =D27+D42 -> 291.75 | E43: =E27+E42 -> 195.02 | F43: =F27+F42 -> 125.03 | G43: =G27+G42 -> 505.26403 | H43: =H27+H42 -> 715.53029 | I43: =I27+I42 -> 822.65624 | ... K43: =K27+K42 -> 985.04611
A44: Income tax expense / (benefit) | B44: -8 | C44: 34.62 | D44: 64.95 | E44: 49.98 | F44: 17.03 | G44: =G43*G45 -> 116.21073 | H44: =H43*H45 -> 164.57197 | I44: =I43*I45 -> 189.21094 | J44: =J43*J45 -> 210.12627 | K44: =K43*K45 -> 226.5606
A45: Effective tax rate | B45: =IFERROR(B44/B43,0) -> 1.9753086 | C45: =IFERROR(C44/C43,0) -> -0.22677846 | D45: =IFERROR(D44/D43,0) -> 0.22262211 | E45: =IFERROR(E44/E43,0) -> 0.25628141 | F45: =IFERROR(F44/F43,0) -> 0.13620731 | G45: 0.23 | H45: 0.23 | I45: 0.23 | J45: 0.23 | K45: 0.23 | L45: 1H26A 20.1%; FY25 13.6% distorted by deductible one-offs. 23% = US federal + state, partly offset by Irish IP hub.
A46: NET INCOME | B46: =B43-B44 -> 3.95 | C46: =C43-C44 -> -187.28 | D46: =D43-D44 -> 226.8 | E46: =E43-E44 -> 145.04 | F46: =F43-F44 -> 108 | G46: =G43-G44 -> 389.0533 | H46: =H43-H44 -> 550.95833 | I46: =I43-I44 -> 633.44531 | ... K46: =K43-K44 -> 758.4855
A47: Net margin | B47: =B46/B7 -> 0.01256881 | C47: =C46/C7 -> -0.28653172 | D47: =D46/D7 -> 0.1720763 | E47: =E46/E7 -> 0.10699321 | F47: =F46/F7 -> 0.042937736 | G47: =G46/G7 -> 0.12383094 | H47: =H46/H7 -> 0.16424227 | I47: =I46/I7 -> 0.17656438 | ... K47: =K46/K7 -> 0.18888766
A48: Less: preferred dividends (Series A & B, PepsiCo) | B48: 0 | C48: 11.53 | D48: 27.5 | E48: 27.5 | F48: 37.61 | G48: ='Balance Sheet'!G99 -> 56.75 | H48: ='Balance Sheet'!H99 -> 56.75 | I48: ='Balance Sheet'!I99 -> 56.75 | J48: ='Balance Sheet'!J99 -> 56.75 | K48: ='Balance Sheet'!K99 -> 56.75
A49: Less: income allocated to participating preferred | B49: 0 | C49: 0 | D49: 17.31 | E49: 10.12 | F49: 6.55 | G49: =MAX(0,G46-G48)*'Balance Sheet'!G102 -> 38.532345 | H49: =MAX(0,H46-H48)*'Balance Sheet'!H102 -> 58.379379 | I49: =MAX(0,I46-I48)*'Balance Sheet'!I102 -> 69.346728 | J49: =MAX(0,J46-J48)*'Balance Sheet'!J102 -> 79.401605 | K49: =MAX(0,K46-K48)*'Balance Sheet'!K102 -> 88.187209 | L49: Two-class method; preferred participates on an as-converted basis.
A50: Net income attributable to common | B50: =B46-B48-B49 -> 3.95 | C50: =C46-C48-C49 -> -198.81 | D50: =D46-D48-D49 -> 181.99 | E50: =E46-E48-E49 -> 107.42 | F50: =F46-F48-F49 -> 63.84 | G50: =G46-G48-G49 -> 293.77095 | H50: =H46-H48-H49 -> 435.82895 | I50: =I46-I48-I49 -> 507.34858 | ... K50: =K46-K48-K49 -> 613.54829
A51: PER SHARE
A52: Weighted avg. basic shares (mm) | B52: 197 | C52: 226 | D52: 231 | E52: 234 | F52: 252 | G52: ='Balance Sheet'!G94 -> 253.91 | H52: ='Balance Sheet'!H94 -> 248.6297 | I52: ='Balance Sheet'!I94 -> 243.65587 | J52: ='Balance Sheet'!J94 -> 237.95294 | K52: ='Balance Sheet'!K94 -> 231.70721
A53: Dilutive securities (mm) | B53: =B54-B52 -> 0 | C53: =C54-C52 -> 0 | D53: =D54-D52 -> 6 | E53: =E54-E52 -> 3 | F53: =F54-F52 -> 3 | G53: 2.5 | H53: 2.5 | I53: 2.5 | J53: 2.5 | K53: 2.5
A54: Weighted avg. diluted shares (mm) | B54: 197 | C54: 226 | D54: 237 | E54: 237 | F54: 255 | G54: =G52+G53 -> 256.41 | H54: =H52+H53 -> 251.1297 | I54: =I52+I53 -> 246.15587 | J54: =J52+J53 -> 240.45294 | K54: =K52+K53 -> 234.20721
A55: EPS – basic (GAAP) | B55: =B50/B52 -> 0.020050761 | C55: =C50/C52 -> -0.87969027 | D55: =D50/D52 -> 0.7878355 | E55: =E50/E52 -> 0.45905983 | F55: =F50/F52 -> 0.25333333 | G55: =G50/G52 -> 1.1569885 | H55: =H50/H52 -> 1.7529239 | I55: =I50/I52 -> 2.0822342 | ... K55: =K50/K52 -> 2.6479465
A56: EPS – diluted (GAAP) | B56: =B50/B54 -> 0.020050761 | C56: =C50/C54 -> -0.87969027 | D56: =D50/D54 -> 0.7678903 | E56: =E50/E54 -> 0.45324895 | F56: =F50/F54 -> 0.25035294 | G56: =G50/G54 -> 1.1457079 | H56: =H50/H54 -> 1.7354736 | I56: =I50/I54 -> 2.0610867 | ... K56: =K50/K54 -> 2.6196815 | L56: Reported diluted EPS: FY21 $0.02, FY22 $(0.88), FY23 $0.77, FY24 $0.45, FY25 $0.25.
A57: YoY growth | G57: =IFERROR(G56/F56-1,0) -> 3.5763707 | H57: =IFERROR(H56/G56-1,0) -> 0.51476097 | I57: =IFERROR(I56/H56-1,0) -> 0.18762206 | J57: =IFERROR(J56/I56-1,0) -> 0.14471562 | K57: =IFERROR(K56/J56-1,0) -> 0.11033651
A58: Adjusted diluted EPS | E58: 0.7 | F58: 1.34 | G58: =((G46+G34*(1-G45))-G48)*(1-'Balance Sheet'!G102)/G54 -> 1.4691939 | H58: =((H46+H34*(1-H45))-H48)*(1-'Balance Sheet'!H102)/H54 -> 1.7354736 | I58: =((I46+I34*(1-I45))-I48)*(1-'Balance Sheet'!I102)/I54 -> 2.0610867 | J58: =((J46+J34*(1-J45))-J48)*(1-'Balance Sheet'!J102)/J54 -> 2.3593581 | K58: =((K46+K34*(1-K45))-K48)*(1-'Balance Sheet'!K102)/K54 -> 2.6196815 | L58: Historical = company-reported. Projection = GAAP NI + after-tax one-offs, less preferred dividends and participation. Consensus FY26 $1.43 / FY27 $1.73.
A59: YoY growth | G59: =G58/F58-1 -> 0.096413338 | H59: =H58/G58-1 -> 0.18124203 | I59: =I58/H58-1 -> 0.18762206 | J59: =J58/I58-1 -> 0.14471562 | K59: =K58/J58-1 -> 0.11033651
A61: Sources: FY2021-FY2025 10-K statements of operations; 4Q25 and 2Q26 earnings releases (non-GAAP reconciliations). Historical blue = reported; projections driven from Scenarios and Revenue Model.

Sheet Cash Flow
A1: Celsius Holdings, Inc. (NASDAQ: CELH) – Cash Flow Statement
A2: $ in millions except per-share data; fiscal year ends 31-Dec. Blue = hardcoded input/reported; black = formula; green = link to another tab.
A3: Active scenario: | B3: =CHOOSE(Scenarios!$C$4,"Bull case","Base case","Bear case") -> Base case
A5: Fiscal year | B5: 2021A | C5: 2022A | D5: 2023A | E5: 2024A | F5: 2025A | G5: 2026E | H5: 2027E | I5: 2028E | J5: 2029E | K5: 2030E | L5: Notes / sources
A6: OPERATING ACTIVITIES
A7: Net income | B7: ='Income Statement'!B46 -> 3.95 | C7: ='Income Statement'!C46 -> -187.28 | D7: ='Income Statement'!D46 -> 226.8 | E7: ='Income Statement'!E46 -> 145.04 | F7: ='Income Statement'!F46 -> 108 | G7: ='Income Statement'!G46 -> 389.0533 | H7: ='Income Statement'!H46 -> 550.95833 | I7: ='Income Statement'!I46 -> 633.44531 | ... K7: ='Income Statement'!K46 -> 758.4855
A8: Depreciation & amortisation | B8: ='Income Statement'!B29 -> 1.26 | C8: ='Income Statement'!C29 -> 1.92 | D8: ='Income Statement'!D29 -> 3.23 | E8: ='Income Statement'!E29 -> 7.27 | F8: ='Income Statement'!F29 -> 29.45 | G8: ='Income Statement'!G29 -> 38.2656 | H8: ='Income Statement'!H29 -> 43.555448 | I8: ='Income Statement'!I29 -> 48.509488 | ... K8: ='Income Statement'!K29 -> 47.23301
A9: Stock-based compensation | B9: ='Income Statement'!B32 -> 36.48 | C9: ='Income Statement'!C32 -> 20.67 | D9: ='Income Statement'!D32 -> 21.23 | E9: ='Income Statement'!E32 -> 19.59 | F9: ='Income Statement'!F32 -> 28.05 | G9: ='Income Statement'!G32 -> 36.130815 | H9: ='Income Statement'!H32 -> 38.577285 | I9: ='Income Statement'!I32 -> 41.257591 | ... K9: ='Income Statement'!K32 -> 46.178681
A10: Amortisation of deferred other costs (PepsiCo) | B10: 0 | C10: 5.89 | D10: 14.12 | E10: 14.12 | F10: 26.33 | G10: ='Balance Sheet'!G72 -> 49.5 | H10: ='Balance Sheet'!H72 -> 49.5 | I10: ='Balance Sheet'!I72 -> 49.5 | J10: ='Balance Sheet'!J72 -> 49.5 | K10: ='Balance Sheet'!K72 -> 49.5
A11: Provision for bad debts | B11: 1.49 | C11: 2.35 | D11: 2.13 | E11: 3.29 | F11: 10.6 | G11: 0 | H11: 0 | I11: 0 | J11: 0 | K11: 0
A12: Deferred taxes & other non-cash | B12: -5.99 | C12: 29.24 | D12: -33.3 | E12: 10.94 | F12: -10.03 | G12: 0 | H12: 0 | I12: 0 | J12: 0 | K12: 0
A13: Changes in working capital:
A14: Accounts receivable | B14: -25.25 | C14: -26.37 | D14: -121.56 | E14: -87.35 | F14: -412.09 | G14: ='Balance Sheet'!F9-'Balance Sheet'!G9 -> 23.845616 | H14: ='Balance Sheet'!G9-'Balance Sheet'!H9 -> -49.541388 | I14: ='Balance Sheet'!H9-'Balance Sheet'!I9 -> -54.276589 | J14: ='Balance Sheet'!I9-'Balance Sheet'!J9 -> -51.307221 | K14: ='Balance Sheet'!J9-'Balance Sheet'!K9 -> -48.345592
A15: Inventories | B15: -175.17 | C15: 11.8 | D15: -63.3 | E15: 77.19 | F15: -129.78 | G15: ='Balance Sheet'!F10-'Balance Sheet'!G10 -> -36.907044 | H15: ='Balance Sheet'!G10-'Balance Sheet'!H10 -> 6.9855047 | I15: ='Balance Sheet'!H10-'Balance Sheet'!I10 -> -21.61029 | J15: ='Balance Sheet'!I10-'Balance Sheet'!J10 -> -19.730048 | K15: ='Balance Sheet'!J10-'Balance Sheet'!K10 -> -22.295849
A16: Accounts payable | B16: 23.97 | C16: 0.43 | D16: 5.25 | E16: -1.17 | F16: 51.25 | G16: ='Balance Sheet'!G23-'Balance Sheet'!F23 -> 47.169951 | H16: ='Balance Sheet'!H23-'Balance Sheet'!G23 -> 7.901357 | I16: ='Balance Sheet'!I23-'Balance Sheet'!H23 -> 11.345402 | J16: ='Balance Sheet'!J23-'Balance Sheet'!I23 -> 10.358275 | K16: ='Balance Sheet'!K23-'Balance Sheet'!J23 -> 11.705321
A17: Deferred revenue | B17: 0 | C17: 189.46 | D17: -12.72 | E17: -9.51 | F17: 255.11 | G17: =('Balance Sheet'!G29+'Balance Sheet'!G33)-('Balance Sheet'!F29+'Balance Sheet'!F33) -> 60 | H17: =('Balance Sheet'!H29+'Balance Sheet'!H33)-('Balance Sheet'!G29+'Balance Sheet'!G33) -> -30 | I17: =('Balance Sheet'!I29+'Balance Sheet'!I33)-('Balance Sheet'!H29+'Balance Sheet'!H33) -> -30 | J17: =('Balance Sheet'!J29+'Balance Sheet'!J33)-('Balance Sheet'!I29+'Balance Sheet'!I33) -> -30 | K17: =('Balance Sheet'!K29+'Balance Sheet'!K33)-('Balance Sheet'!J29+'Balance Sheet'!J33) -> -30
A18: Income taxes payable | B18: 1.36 | C18: -0.16 | D18: 48.1 | E18: -39.54 | F18: 38.75 | G18: ='Balance Sheet'!G25-'Balance Sheet'!F25 -> 0 | H18: ='Balance Sheet'!H25-'Balance Sheet'!G25 -> 0 | I18: ='Balance Sheet'!I25-'Balance Sheet'!H25 -> 0 | J18: ='Balance Sheet'!J25-'Balance Sheet'!I25 -> 0 | K18: ='Balance Sheet'!K25-'Balance Sheet'!J25 -> 0
A19: Accrued, promotional, distributor fees & other | B19: 41.34 | C19: 60.25 | D19: 51.24 | E19: 122.98 | F19: 363.8 | G19: =-('Balance Sheet'!G11-'Balance Sheet'!F11)+('Balance Sheet'!G24-'Balance Sheet'!F24)+('Balance Sheet'!G27-'Balance Sheet'!F27)+('Balance Sheet'!G26-'Balance Sheet'!F26)+('Balance Sheet'!G30-'Balance Sheet'!F30)+('Balance Sheet'!G34-'Balance Sheet'!F34)-('Balance Sheet'!G20-'Balance Sheet'!F20)-('Balance Sheet'!G15-'Balance Sheet'!F15) -> -76.9761 | H19: =-('Balance Sheet'!H11-'Balance Sheet'!G11)+('Balance Sheet'!H24-'Balance Sheet'!G24)+('Balance Sheet'!H27-'Balance Sheet'!G27)+('Balance Sheet'!H26-'Balance Sheet'!G26)+('Balance Sheet'!H30-'Balance Sheet'!G30)+('Balance Sheet'!H34-'Balance Sheet'!G34)-('Balance Sheet'!H20-'Balance Sheet'!G20)-('Balance Sheet'!H15-'Balance Sheet'!G15) -> 40.419945 | I19: =-('Balance Sheet'!I11-'Balance Sheet'!H11)+('Balance Sheet'!I24-'Balance Sheet'!H24)+('Balance Sheet'!I27-'Balance Sheet'!H27)+('Balance Sheet'!I26-'Balance Sheet'!H26)+('Balance Sheet'!I30-'Balance Sheet'!H30)+('Balance Sheet'!I34-'Balance Sheet'!H34)-('Balance Sheet'!I20-'Balance Sheet'!H20)-('Balance Sheet'!I15-'Balance Sheet'!H15) -> 44.283311 | J19: =-('Balance Sheet'!J11-'Balance Sheet'!I11)+('Balance Sheet'!J24-'Balance Sheet'!I24)+('Balance Sheet'!J27-'Balance Sheet'!I27)+('Balance Sheet'!J26-'Balance Sheet'!I26)+('Balance Sheet'!J30-'Balance Sheet'!I30)+('Balance Sheet'!J34-'Balance Sheet'!I34)-('Balance Sheet'!J20-'Balance Sheet'!I20)-('Balance Sheet'!J15-'Balance Sheet'!I15) -> 41.860656 | K19: =-('Balance Sheet'!K11-'Balance Sheet'!J11)+('Balance Sheet'!K24-'Balance Sheet'!J24)+('Balance Sheet'!K27-'Balance Sheet'!J27)+('Balance Sheet'!K26-'Balance Sheet'!J26)+('Balance Sheet'!K30-'Balance Sheet'!J30)+('Balance Sheet'!K34-'Balance Sheet'!J34)-('Balance Sheet'!K20-'Balance Sheet'!J20)-('Balance Sheet'!K15-'Balance Sheet'!J15) -> 39.444315 | L19: FY26E includes ~$264mm payout of accrued Alani distributor buyouts (largely paid in 1H26).
A20: Total change in working capital | B20: =SUM(B14:B19) -> -133.75 | C20: =SUM(C14:C19) -> 235.41 | D20: =SUM(D14:D19) -> -92.99 | E20: =SUM(E14:E19) -> 62.6 | F20: =SUM(F14:F19) -> 167.04 | G20: =SUM(G14:G19) -> 17.132423 | H20: =SUM(H14:H19) -> -24.234582 | I20: =SUM(I14:I19) -> -50.258165 | ... K20: =SUM(K14:K19) -> -49.491805
A21: CASH FROM OPERATIONS | B21: =SUM(B7:B12)+B20 -> -96.56 | C21: =SUM(C7:C12)+C20 -> 108.2 | D21: =SUM(D7:D12)+D20 -> 141.22 | E21: =SUM(E7:E12)+E20 -> 262.85 | F21: =SUM(F7:F12)+F20 -> 359.44 | G21: =SUM(G7:G12)+G20 -> 530.08214 | H21: =SUM(H7:H12)+H20 -> 658.35648 | I21: =SUM(I7:I12)+I20 -> 722.45422 | ... K21: =SUM(K7:K12)+K20 -> 851.90539 | L21: Reported CFO: FY21 $(96.6)mm, FY22 $108.2mm, FY23 $141.2mm, FY24 $262.9mm, FY25 $359.4mm (rounding <$0.1mm).
A22: INVESTING ACTIVITIES
A23: Capital expenditures | B23: -3.15 | C23: -8.26 | D23: -17.43 | E23: -23.39 | F23: -36.07 | G23: =-'Balance Sheet'!G59 -> -47.12715 | H23: =-'Balance Sheet'!H59 -> -50.318198 | I23: =-'Balance Sheet'!I59 -> -50.226633 | J23: =-'Balance Sheet'!J59 -> -53.311102 | K23: =-'Balance Sheet'!K59 -> -56.217525
A24: Acquisitions, net of cash | B24: 0 | C24: 0 | D24: 0 | E24: -75.34 | F24: -1250 | G24: 0 | H24: 0 | I24: 0 | J24: 0 | K24: 0 | L24: FY24 co-packer (Big Beverages); FY25 Alani Nu ($1,275mm cash consideration, net).
A25: Contingent consideration, investments & other | B25: 1.89 | C25: 2.59 | D25: 3.23 | E25: -3 | F25: -9.61 | G25: ='Balance Sheet'!G28-'Balance Sheet'!F28 -> -25 | H25: ='Balance Sheet'!H28-'Balance Sheet'!G28 -> 0 | I25: ='Balance Sheet'!I28-'Balance Sheet'!H28 -> 0 | J25: ='Balance Sheet'!J28-'Balance Sheet'!I28 -> 0 | K25: ='Balance Sheet'!K28-'Balance Sheet'!J28 -> 0 | L25: FY26E: $25mm Alani earn-out paid 1Q26.
A26: CASH FROM INVESTING | B26: =SUM(B23:B25) -> -1.26 | C26: =SUM(C23:C25) -> -5.67 | D26: =SUM(D23:D25) -> -14.2 | E26: =SUM(E23:E25) -> -101.73 | F26: =SUM(F23:F25) -> -1295.68 | G26: =SUM(G23:G25) -> -72.12715 | H26: =SUM(H23:H25) -> -50.318198 | I26: =SUM(I23:I25) -> -50.226633 | ... K26: =SUM(K23:K25) -> -56.217525
A27: FINANCING ACTIVITIES
A28: Debt issued | B28: 0 | C28: 0 | D28: 0 | E28: 0 | F28: 900 | G28: 0 | H28: 0 | I28: 0 | J28: 0 | K28: 0
A29: Debt repaid | B29: -0.09 | C29: -0.06 | D29: 0 | E29: 0 | F29: -201.75 | G29: =-('Balance Sheet'!G81-'Balance Sheet'!G83) -> -7 | H29: =-('Balance Sheet'!H81-'Balance Sheet'!H83) -> -100 | I29: =-('Balance Sheet'!I81-'Balance Sheet'!I83) -> -100 | J29: =-('Balance Sheet'!J81-'Balance Sheet'!J83) -> -100 | K29: =-('Balance Sheet'!K81-'Balance Sheet'!K83) -> -100
A30: Common stock issued | B30: 71.49 | C30: 3.68 | D30: 0 | E30: 0 | F30: 0 | G30: 0 | H30: 0 | I30: 0 | J30: 0 | K30: 0
A31: Share repurchases | B31: =-'Balance Sheet'!B88 -> 0 | C31: =-'Balance Sheet'!C88 -> 0 | D31: =-'Balance Sheet'!D88 -> 0 | E31: =-'Balance Sheet'!E88 -> -2.26 | F31: =-'Balance Sheet'!F88 -> -45.5 | G31: =-'Balance Sheet'!G88 -> -225 | H31: =-'Balance Sheet'!H88 -> -200 | I31: =-'Balance Sheet'!I88 -> -250 | ... K31: =-'Balance Sheet'!K88 -> -350
A32: Preferred dividends paid | B32: 0 | C32: -11.53 | D32: -27.46 | E32: -27.5 | F32: -37.61 | G32: =-'Income Statement'!G48 -> -56.75 | H32: =-'Income Statement'!H48 -> -56.75 | I32: =-'Income Statement'!I48 -> -56.75 | J32: =-'Income Statement'!J48 -> -56.75 | K32: =-'Income Statement'!K48 -> -56.75
A33: Preferred issuance (net) & other financing | B33: 0 | C33: 542.02 | D33: 2.24 | E33: 3.79 | F33: -32.38 | G33: 0 | H33: 0 | I33: 0 | J33: 0 | K33: 0 | L33: FY22 includes ~$542mm net proceeds from Series A issued to PepsiCo.
A34: CASH FROM FINANCING | B34: =SUM(B28:B33) -> 71.4 | C34: =SUM(C28:C33) -> 534.11 | D34: =SUM(D28:D33) -> -25.22 | E34: =SUM(E28:E33) -> -25.97 | F34: =SUM(F28:F33) -> 582.76 | G34: =SUM(G28:G33) -> -288.75 | H34: =SUM(H28:H33) -> -356.75 | I34: =SUM(I28:I33) -> -406.75 | ... K34: =SUM(K28:K33) -> -506.75
A35: Effect of exchange rates | B35: -0.54 | C35: 0.05 | D35: 1.26 | E35: -1 | F35: 3.27 | G35: 0 | H35: 0 | I35: 0 | J35: 0 | K35: 0
A36: NET CHANGE IN CASH (incl. restricted) | B36: =B21+B26+B34+B35 -> -26.96 | C36: =C21+C26+C34+C35 -> 636.69 | D36: =D21+D26+D34+D35 -> 103.06 | E36: =E21+E26+E34+E35 -> 134.15 | F36: =F21+F26+F34+F35 -> -350.21 | G36: =G21+G26+G34+G35 -> 169.20499 | H36: =H21+H26+H34+H35 -> 251.28828 | I36: =I21+I26+I34+I35 -> 265.47759 | ... K36: =K21+K26+K34+K35 -> 288.93786
A37: Beginning cash & restricted cash | B37: 43.25 | C37: =B38 -> 16.29 | D37: =C38 -> 652.98 | E37: =D38 -> 756.04 | F37: =E38 -> 890.19 | G37: ='Balance Sheet'!F7+'Balance Sheet'!F8 -> 539.99 | H37: =G38 -> 709.19499 | I37: =H38 -> 960.48327 | J37: =I38 -> 1225.9609 | K37: =J38 -> 1516.4951 | L37: FY26E opens from the reported 31-Dec-25 balance sheet (cash $398.9mm + restricted $141.1mm).
A38: Ending cash & restricted cash | B38: =B37+B36 -> 16.29 | C38: =C37+C36 -> 652.98 | D38: =D37+D36 -> 756.04 | E38: =E37+E36 -> 890.19 | F38: =F37+F36 -> 539.98 | G38: =G37+G36 -> 709.19499 | H38: =H37+H36 -> 960.48327 | I38: =I37+I36 -> 1225.9609 | ... K38: =K37+K36 -> 1805.433
A39: Check vs balance sheet cash + restricted (rounding only in history) | B39: =ROUND(B38-'Balance Sheet'!B7-'Balance Sheet'!B8,2) -> 0.03 | C39: =ROUND(C38-'Balance Sheet'!C7-'Balance Sheet'!C8,2) -> 0.05 | D39: =ROUND(D38-'Balance Sheet'!D7-'Balance Sheet'!D8,2) -> 0.06 | E39: =ROUND(E38-'Balance Sheet'!E7-'Balance Sheet'!E8,2) -> 0 | F39: =ROUND(F38-'Balance Sheet'!F7-'Balance Sheet'!F8,2) -> -0.01 | G39: =ROUND(G38-'Balance Sheet'!G7-'Balance Sheet'!G8,4) -> 0 | H39: =ROUND(H38-'Balance Sheet'!H7-'Balance Sheet'!H8,4) -> 0 | I39: =ROUND(I38-'Balance Sheet'!I7-'Balance Sheet'!I8,4) -> 0 | J39: =ROUND(J38-'Balance Sheet'!J7-'Balance Sheet'!J8,4) -> 0 | K39: =ROUND(K38-'Balance Sheet'!K7-'Balance Sheet'!K8,4) -> 0
A41: FREE CASH FLOW
A42: Free cash flow (CFO less capex) | B42: =B21+B23 -> -99.71 | C42: =C21+C23 -> 99.94 | D42: =D21+D23 -> 123.79 | E42: =E21+E23 -> 239.46 | F42: =F21+F23 -> 323.37 | G42: =G21+G23 -> 482.95499 | H42: =H21+H23 -> 608.03828 | I42: =I21+I23 -> 672.22759 | ... K42: =K21+K23 -> 795.68786
A43: FCF margin | B43: =B42/'Income Statement'!B7 -> -0.31727495 | C43: =C42/'Income Statement'!C7 -> 0.15290464 | D43: =D42/'Income Statement'!D7 -> 0.093921185 | E43: =E42/'Income Statement'!E7 -> 0.17664503 | F43: =F42/'Income Statement'!F7 -> 0.12856274 | G43: =G42/'Income Statement'!G7 -> 0.15371871 | H43: =H42/'Income Statement'!H7 -> 0.18125796 | I43: =I42/'Income Statement'!I7 -> 0.18737442 | ... K43: =K42/'Income Statement'!K7 -> 0.19815227
A44: FCF to common (after preferred dividends) | B44: =B42+B32 -> -99.71 | C44: =C42+C32 -> 88.41 | D44: =D42+D32 -> 96.33 | E44: =E42+E32 -> 211.96 | F44: =F42+F32 -> 285.76 | G44: =G42+G32 -> 426.20499 | H44: =H42+H32 -> 551.28828 | I44: =I42+I32 -> 615.47759 | ... K44: =K42+K32 -> 738.93786
A45: FCF per diluted share | B45: =B42/'Income Statement'!B54 -> -0.50614213 | C45: =C42/'Income Statement'!C54 -> 0.44221239 | D45: =D42/'Income Statement'!D54 -> 0.52232068 | E45: =E42/'Income Statement'!E54 -> 1.0103797 | F45: =F42/'Income Statement'!F54 -> 1.2681176 | G45: =G42/'Income Statement'!G54 -> 1.8835263 | H45: =H42/'Income Statement'!H54 -> 2.4212122 | I45: =I42/'Income Statement'!I54 -> 2.7309021 | ... K45: =K42/'Income Statement'!K54 -> 3.397367
A47: Sources: FY2021-FY2025 10-K cash flow statements (standardized line mapping via S&P Global/stockanalysis.com); projections link to IS and BS.

Sheet Balance Sheet
A1: Celsius Holdings, Inc. (NASDAQ: CELH) – Balance Sheet
A2: $ in millions except per-share data; fiscal year ends 31-Dec. Blue = hardcoded input/reported; black = formula; green = link to another tab.
A3: Active scenario: | B3: =CHOOSE(Scenarios!$C$4,"Bull case","Base case","Bear case") -> Base case
A5: Fiscal year | B5: 2021A | C5: 2022A | D5: 2023A | E5: 2024A | F5: 2025A | G5: 2026E | H5: 2027E | I5: 2028E | J5: 2029E | K5: 2030E | L5: Notes / sources
A6: ASSETS
A7: Cash & equivalents | B7: 16.26 | C7: 614.16 | D7: 755.98 | E7: 890.19 | F7: 398.87 | G7: ='Cash Flow'!G38-G8 -> 709.19499 | H7: ='Cash Flow'!H38-H8 -> 960.48327 | I7: ='Cash Flow'!I38-I8 -> 1225.9609 | J7: ='Cash Flow'!J38-J8 -> 1516.4951 | K7: ='Cash Flow'!K38-K8 -> 1805.433
A8: Restricted cash (PepsiCo reimbursements) | B8: 0 | C8: 38.77 | D8: 0 | E8: 0 | F8: 141.12 | G8: 0 | H8: 0 | I8: 0 | J8: 0 | K8: 0 | L8: Restricted to settling Alani distributor buyouts; $1.9mm at 30-Jun-26.
A9: Accounts receivable, net | B9: 41.33 | C9: 66.29 | D9: 186.02 | E9: 270.34 | F9: 755.5 | G9: ='Income Statement'!G7*G50/365 -> 731.65438 | H9: ='Income Statement'!H7*H50/365 -> 781.19577 | I9: ='Income Statement'!I7*I50/365 -> 835.47236 | J9: ='Income Statement'!J7*J50/365 -> 886.77958 | K9: ='Income Statement'!K7*K50/365 -> 935.12517
A10: Inventories, net | B10: 191.22 | C10: 173.29 | D10: 229.28 | E10: 131.17 | F10: 337.7 | G10: ='Income Statement'!G12*G51/365 -> 374.60704 | H10: ='Income Statement'!H12*H51/365 -> 367.62154 | I10: ='Income Statement'!I12*I51/365 -> 389.23183 | J10: ='Income Statement'!J12*J51/365 -> 408.96188 | K10: ='Income Statement'!K12*K51/365 -> 431.25773
A11: Prepaid expenses & other current assets | B11: 13.56 | C11: 11.34 | D11: 19.5 | E11: 18.76 | F11: 128.81 | G11: ='Income Statement'!G7*G53 -> 78.54525 | H11: ='Income Statement'!H7*H53 -> 83.863664 | I11: ='Income Statement'!I7*I53 -> 89.690415 | J11: ='Income Statement'!J7*J53 -> 95.198396 | K11: ='Income Statement'!K7*K53 -> 100.38844
A12: Deferred other costs – current (PepsiCo) | B12: 0 | C12: 14.12 | D12: 14.12 | E12: 14.12 | F12: 49.16 | G12: =MIN(G71,G73) -> 49.5 | H12: =MIN(H71,H73) -> 49.5 | I12: =MIN(I71,I73) -> 49.5 | J12: =MIN(J71,J73) -> 49.5 | K12: =MIN(K71,K73) -> 49.5
A13: Total current assets | B13: =SUM(B7:B12) -> 262.37 | C13: =SUM(C7:C12) -> 917.97 | D13: =SUM(D7:D12) -> 1204.9 | E13: =SUM(E7:E12) -> 1324.58 | F13: =SUM(F7:F12) -> 1811.16 | G13: =SUM(G7:G12) -> 1943.5017 | H13: =SUM(H7:H12) -> 2242.6642 | I13: =SUM(I7:I12) -> 2589.8555 | ... K13: =SUM(K7:K12) -> 3321.7043
A14: Property, plant & equipment, net | B14: 4.39 | C14: 11.37 | D14: 27.03 | E14: 55.6 | F14: 87.91 | G14: =G62 -> 120.97155 | H14: =H62 -> 151.9343 | I14: =I62 -> 177.85144 | J14: =J62 -> 202.70632 | K14: =K62 -> 226.49083
A15: Deferred tax assets | B15: 9.02 | C15: 0.5 | D15: 29.52 | E15: 38.7 | F15: 96.01 | G15: =F15 -> 96.01 | H15: =G15 -> 96.01 | I15: =H15 -> 96.01 | J15: =I15 -> 96.01 | K15: =J15 -> 96.01
A16: Deferred other costs – non-current (PepsiCo) | B16: 0 | C16: 262.46 | D16: 248.34 | E16: 234.22 | F16: 771.64 | G16: =G73-G12 -> 721.8 | H16: =H73-H12 -> 672.3 | I16: =I73-I12 -> 622.8 | J16: =J73-J12 -> 573.3 | K16: =K73-K12 -> 523.8 | L16: Excess of preferred fair value over price + Captaincy upfront; amortised against revenue (non-cash).
A17: Brands & other intangibles, net | B17: 16.3 | C17: 12.25 | D17: 12.14 | E17: 0.91 | F17: 1280.31 | G17: =F17 -> 1280.31 | H17: =G17 -> 1280.31 | I17: =H17 -> 1280.31 | J17: =I17 -> 1280.31 | K17: =J17 -> 1280.31 | L17: Alani Nu / Rockstar brands treated as indefinite-lived. FY21-23 = all intangibles.
A18: Customer relationships, net | B18: 0 | C18: 0 | D18: 0 | E18: 11.31 | F18: 111.6 | G18: =G67 -> 87.4 | H18: =H67 -> 63.2 | I18: =I67 -> 39 | J18: =J67 -> 14.8 | K18: =K67 -> 0
A19: Goodwill | B19: 14.53 | C19: 13.68 | D19: 14.17 | E19: 71.58 | F19: 917.56 | G19: =F19 -> 917.56 | H19: =G19 -> 917.56 | I19: =H19 -> 917.56 | J19: =I19 -> 917.56 | K19: =J19 -> 917.56
A20: Other long-term assets | B20: 7.41 | C20: 3.85 | D20: 0.31 | E20: 29.97 | F20: 43.43 | G20: =F20 -> 43.43 | H20: =G20 -> 43.43 | I20: =H20 -> 43.43 | J20: =I20 -> 43.43 | K20: =J20 -> 43.43 | L20: Historical = balancing item to reported total assets (ROU assets, investments, other).
A21: TOTAL ASSETS | B21: =B13+SUM(B14:B20) -> 314.02 | C21: =C13+SUM(C14:C20) -> 1222.08 | D21: =D13+SUM(D14:D20) -> 1536.41 | E21: =E13+SUM(E14:E20) -> 1766.87 | F21: =F13+SUM(F14:F20) -> 5119.62 | G21: =G13+SUM(G14:G20) -> 5210.9832 | H21: =H13+SUM(H14:H20) -> 5467.4085 | I21: =I13+SUM(I14:I20) -> 5766.8169 | ... K21: =K13+SUM(K14:K20) -> 6409.3051
A22: LIABILITIES
A23: Accounts payable | B23: 41.26 | C23: 44.92 | D23: 54.69 | E23: 41.29 | F23: 137.93 | G23: ='Income Statement'!G12*G52/365 -> 185.09995 | H23: ='Income Statement'!H12*H52/365 -> 193.00131 | I23: ='Income Statement'!I12*I52/365 -> 204.34671 | J23: ='Income Statement'!J12*J52/365 -> 214.70499 | K23: ='Income Statement'!K12*K52/365 -> 226.41031
A24: Accrued expenses | B24: 50.22 | C24: 66.58 | D24: 150.86 | E24: 148.78 | F24: 230.72 | G24: ='Income Statement'!G7*G54 -> 267.05385 | H24: ='Income Statement'!H7*H54 -> 285.13646 | I24: ='Income Statement'!I7*I54 -> 304.94741 | J24: ='Income Statement'!J7*J54 -> 323.67455 | K24: ='Income Statement'!K7*K54 -> 341.32069 | L24: FY21-23 includes accrued promotional allowances (not separately disclosed).
A25: Income taxes payable | B25: 0 | C25: 1.19 | D25: 50.42 | E25: 10.83 | F25: 49.61 | G25: =F25 -> 49.61 | H25: =G25 -> 49.61 | I25: =H25 -> 49.61 | J25: =I25 -> 49.61 | K25: =J25 -> 49.61
A26: Accrued distributor termination fees | B26: 0 | C26: 0 | D26: 0 | E26: 0 | F26: 264.09 | G26: 0 | H26: 0 | I26: 0 | J26: 0 | K26: 0 | L26: $8.8mm at 30-Jun-26; assumed settled by YE26.
A27: Accrued promotional allowance | B27: 0 | C27: 0 | D27: 0 | E27: 135.95 | F27: 307.92 | G27: ='Income Statement'!G7*G55 -> 408.4353 | H27: ='Income Statement'!H7*H55 -> 436.09105 | I27: ='Income Statement'!I7*I55 -> 466.39016 | J27: ='Income Statement'!J7*J55 -> 495.03166 | K27: ='Income Statement'!K7*K55 -> 522.01988
A28: Contingent consideration (Alani earn-out) | B28: 0 | C28: 0 | D28: 0 | E28: 0 | F28: 25 | G28: 0 | H28: 0 | I28: 0 | J28: 0 | K28: 0 | L28: $25mm paid 1Q26.
A29: Deferred revenue – current | B29: 0 | C29: 9.68 | D29: 9.51 | E29: 9.51 | F29: 26.99 | G29: =MIN(G77,G79) -> 30 | H29: =MIN(H77,H79) -> 30 | I29: =MIN(I77,I79) -> 30 | J29: =MIN(J77,J79) -> 30 | K29: =MIN(K77,K79) -> 30
A30: Other current liabilities | B30: 1.65 | C30: 38.93 | D30: 11.13 | E30: 19.18 | F30: 29.47 | G30: =F30 -> 29.47 | H30: =G30 -> 29.47 | I30: =H30 -> 29.47 | J30: =I30 -> 29.47 | K30: =J30 -> 29.47 | L30: FY25 excludes $7.0mm current portion of term loan (shown in debt).
A31: Total current liabilities | B31: =SUM(B23:B30) -> 93.13 | C31: =SUM(C23:C30) -> 161.3 | D31: =SUM(D23:D30) -> 276.61 | E31: =SUM(E23:E30) -> 365.54 | F31: =SUM(F23:F30) -> 1071.73 | G31: =SUM(G23:G30) -> 969.6691 | H31: =SUM(H23:H30) -> 1023.3088 | I31: =SUM(I23:I30) -> 1084.7643 | ... K31: =SUM(K23:K30) -> 1198.8309
A32: Term loan (incl. current portion) | B32: 0 | C32: 0 | D32: 0 | E32: 0 | F32: 676.93 | G32: =G83 -> 669.93 | H32: =H83 -> 569.93 | I32: =I83 -> 469.93 | J32: =J83 -> 369.93 | K32: =K83 -> 269.93 | L32: $900mm TLB (Apr-25) refinanced to $700mm Oct-25 (-75bp). Carrying value net of discount.
A33: Deferred revenue – non-current | B33: 0 | C33: 179.79 | D33: 167.23 | E33: 157.71 | F33: 401.16 | G33: =G79-G29 -> 458.15 | H33: =H79-H29 -> 428.15 | I33: =I79-I29 -> 398.15 | J33: =J79-J29 -> 368.15 | K33: =K79-K29 -> 338.15
A34: Other long-term liabilities (incl. leases, DTL) | B34: 3.84 | C34: 16.4 | D34: 4.03 | E34: 19.21 | F34: 28.36 | G34: =F34 -> 28.36 | H34: =G34 -> 28.36 | I34: =H34 -> 28.36 | J34: =I34 -> 28.36 | K34: =J34 -> 28.36
A35: TOTAL LIABILITIES | B35: =B31+SUM(B32:B34) -> 96.97 | C35: =C31+SUM(C32:C34) -> 357.49 | D35: =D31+SUM(D32:D34) -> 447.87 | E35: =E31+SUM(E32:E34) -> 542.46 | F35: =F31+SUM(F32:F34) -> 2178.18 | G35: =G31+SUM(G32:G34) -> 2126.1091 | H35: =H31+SUM(H32:H34) -> 2049.7488 | I35: =I31+SUM(I32:I34) -> 1981.2043 | ... K35: =K31+SUM(K32:K34) -> 1835.2709
A36: MEZZANINE EQUITY (convertible preferred held by PepsiCo)
A37: Series A convertible preferred | B37: 0 | C37: 824.49 | D37: 824.49 | E37: 824.49 | F37: 852.36 | G37: =F37 -> 852.36 | H37: =G37 -> 852.36 | I37: =H37 -> 852.36 | J37: =I37 -> 852.36 | K37: =J37 -> 852.36 | L37: 1,466,666 sh; $550mm stated; 5% dividend; converts into 22.0mm common (conv. price $25.00).
A38: Series B convertible preferred | B38: 0 | C38: 0 | D38: 0 | E38: 0 | F38: 907.62 | G38: =F38 -> 907.62 | H38: =G38 -> 907.62 | I38: =H38 -> 907.62 | J38: =I38 -> 907.62 | K38: =J38 -> 907.62 | L38: 390,000 sh; $585mm stated; ~5% dividend; converts into 11.3mm common (~$51.75).
A39: STOCKHOLDERS' EQUITY
A40: Common stock & additional paid-in capital | B40: 267.93 | C40: 280.75 | D40: 276.8 | E40: 300.24 | F40: 1050.62 | G40: =F40+'Income Statement'!G32 -> 1086.7508 | H40: =G40+'Income Statement'!H32 -> 1125.3281 | I40: =H40+'Income Statement'!I32 -> 1166.5857 | J40: =I40+'Income Statement'!J32 -> 1210.377 | K40: =J40+'Income Statement'!K32 -> 1256.5556
A41: Treasury stock | B41: 0 | C41: 0 | D41: 0 | E41: -2.59 | F41: -48.23 | G41: =F41-G88 -> -273.23 | H41: =G41-H88 -> -473.23 | I41: =H41-I88 -> -723.23 | J41: =I41-J88 -> -1023.23 | K41: =J41-K88 -> -1373.23
A42: Accumulated other comprehensive income | B42: 0.61 | C42: -1.88 | D42: -0.7 | E42: -3.25 | F42: 3.16 | G42: =F42 -> 3.16 | H42: =G42 -> 3.16 | I42: =H42 -> 3.16 | J42: =I42 -> 3.16 | K42: =J42 -> 3.16
A43: Retained earnings / (deficit) | B43: -51.49 | C43: -238.77 | D43: -12.05 | E43: 105.52 | F43: 175.91 | G43: =F43+'Income Statement'!G46-'Income Statement'!G48 -> 508.2133 | H43: =G43+'Income Statement'!H46-'Income Statement'!H48 -> 1002.4216 | I43: =H43+'Income Statement'!I46-'Income Statement'!I48 -> 1579.1169 | J43: =I43+'Income Statement'!J46-'Income Statement'!J48 -> 2225.8331 | K43: =J43+'Income Statement'!K46-'Income Statement'!K48 -> 2927.5686
A44: Total stockholders' equity | B44: =SUM(B40:B43) -> 217.05 | C44: =SUM(C40:C43) -> 40.1 | D44: =SUM(D40:D43) -> 264.05 | E44: =SUM(E40:E43) -> 399.92 | F44: =SUM(F40:F43) -> 1181.46 | G44: =SUM(G40:G43) -> 1324.8941 | H44: =SUM(H40:H43) -> 1657.6797 | I44: =SUM(I40:I43) -> 2025.6326 | ... K44: =SUM(K40:K43) -> 2814.0543
A45: TOTAL LIABILITIES, MEZZANINE & EQUITY | B45: =B35+B37+B38+B44 -> 314.02 | C45: =C35+C37+C38+C44 -> 1222.08 | D45: =D35+D37+D38+D44 -> 1536.41 | E45: =E35+E37+E38+E44 -> 1766.87 | F45: =F35+F37+F38+F44 -> 5119.62 | G45: =G35+G37+G38+G44 -> 5210.9832 | H45: =H35+H37+H38+H44 -> 5467.4085 | I45: =I35+I37+I38+I44 -> 5766.8169 | ... K45: =K35+K37+K38+K44 -> 6409.3051
A46: BALANCE CHECK (assets less L+M+E; must be 0) | B46: =ROUND(B21-B45,4) -> 0 | C46: =ROUND(C21-C45,4) -> 0 | D46: =ROUND(D21-D45,4) -> 0 | E46: =ROUND(E21-E45,4) -> 0 | F46: =ROUND(F21-F45,4) -> 0 | G46: =ROUND(G21-G45,4) -> 0 | H46: =ROUND(H21-H45,4) -> 0 | I46: =ROUND(I21-I45,4) -> 0 | ... K46: =ROUND(K21-K45,4) -> 0
A48: SUPPORTING SCHEDULES
A49: Working capital drivers
A50: Receivable days (on revenue) | B50: =B9/'Income Statement'!B7*365 -> 48.001559 | C50: =C9/'Income Statement'!C7*365 -> 37.018788 | D50: =D9/'Income Statement'!D7*365 -> 51.51462 | E50: =E9/'Income Statement'!E7*365 -> 72.789982 | F50: =F9/'Income Statement'!F7*365 -> 109.63336 | G50: 85 | H50: 85 | I50: 85 | J50: 85 | K50: 85 | L50: FY25 inflated by 4Q PepsiCo load-in; 30-Jun-26 = ~82 days on annualised 1H26 revenue.
A51: Inventory days (on COGS) | B51: =B10/'Income Statement'!B12*365 -> 375.04191 | C51: =C10/'Income Statement'!C12*365 -> 165.25801 | D51: =D10/'Income Statement'!D12*365 -> 122.1925 | E51: =E10/'Income Statement'!E12*365 -> 70.884857 | F51: =F10/'Income Statement'!F12*365 -> 98.771175 | G51: 85 | H51: 80 | I51: 80 | J51: 80 | K51: 80
A52: Payable days (on COGS) | B52: =B23/'Income Statement'!B12*365 -> 80.923697 | C52: =C23/'Income Statement'!C12*365 -> 42.837958 | D52: =D23/'Income Statement'!D12*365 -> 29.146493 | E52: =E23/'Income Statement'!E12*365 -> 22.313301 | F52: =F23/'Income Statement'!F12*365 -> 40.342044 | G52: 42 | H52: 42 | I52: 42 | J52: 42 | K52: 42
A53: Prepaid & other (% revenue) | B53: =B11/'Income Statement'!B7 -> 0.043147612 | C53: =C11/'Income Statement'!C7 -> 0.017349796 | D53: =D11/'Income Statement'!D7 -> 0.01479492 | E53: =E11/'Income Statement'!E7 -> 0.013838891 | F53: =F11/'Income Statement'!F7 -> 0.051211202 | G53: 0.025 | H53: 0.025 | I53: 0.025 | J53: 0.025 | K53: 0.025
A54: Accrued expenses (% revenue) | B54: =B24/'Income Statement'!B7 -> 0.1597989 | C54: =C24/'Income Statement'!C7 -> 0.10186503 | D54: =D24/'Income Statement'!D7 -> 0.11445957 | E54: =E24/'Income Statement'!E7 -> 0.10975214 | F54: =F24/'Income Statement'!F7 -> 0.091727727 | G54: 0.085 | H54: 0.085 | I54: 0.085 | J54: 0.085 | K54: 0.085
A55: Accrued promotional allowance (% revenue) | B55: =B27/'Income Statement'!B7 -> 0 | C55: =C27/'Income Statement'!C7 -> 0 | D55: =D27/'Income Statement'!D7 -> 0 | E55: =E27/'Income Statement'!E7 -> 0.1002877 | F55: =F27/'Income Statement'!F7 -> 0.12242026 | G55: 0.13 | H55: 0.13 | I55: 0.13 | J55: 0.13 | K55: 0.13 | L55: Rises with DSD mix (billbacks); 30-Jun-26 $453mm.
A56: PP&E roll-forward
A57: Beginning PP&E, net | G57: =F14 -> 87.91 | H57: =G14 -> 120.97155 | I57: =H14 -> 151.9343 | J57: =I14 -> 177.85144 | K57: =J14 -> 202.70632
A58: Capex (% revenue) | B58: =-'Cash Flow'!B23/'Income Statement'!B7 -> 0.010023228 | C58: =-'Cash Flow'!C23/'Income Statement'!C7 -> 0.012637506 | D58: =-'Cash Flow'!D23/'Income Statement'!D7 -> 0.013224382 | E58: =-'Cash Flow'!E23/'Income Statement'!E7 -> 0.017254352 | F58: =-'Cash Flow'!F23/'Income Statement'!F7 -> 0.014340409 | G58: 0.015 | H58: 0.015 | I58: 0.014 | J58: 0.014 | K58: 0.014 | L58: TTM Jun-26 capex $45.9mm (1.5% of revenue); asset-light co-packer model plus Big Beverages plant.
A59: Capital expenditures | G59: ='Income Statement'!G7*G58 -> 47.12715 | H59: ='Income Statement'!H7*H58 -> 50.318198 | I59: ='Income Statement'!I7*I58 -> 50.226633 | J59: ='Income Statement'!J7*J58 -> 53.311102 | K59: ='Income Statement'!K7*K58 -> 56.217525
A60: Depreciation (% beginning net PP&E) | G60: 0.16 | H60: 0.16 | I60: 0.16 | J60: 0.16 | K60: 0.16
A61: Depreciation | G61: =G57*G60 -> 14.0656 | H61: =H57*H60 -> 19.355448 | I61: =I57*I60 -> 24.309488 | J61: =J57*J60 -> 28.456231 | K61: =K57*K60 -> 32.43301
A62: Ending PP&E, net | G62: =G57+G59-G61 -> 120.97155 | H62: =H57+H59-H61 -> 151.9343 | I62: =I57+I59-I61 -> 177.85144 | J62: =J57+J59-J61 -> 202.70632 | K62: =K57+K59-K61 -> 226.49083
A63: Amortisable intangibles (customer relationships)
A64: Beginning balance | G64: =F18 -> 111.6 | H64: =G18 -> 87.4 | I64: =H18 -> 63.2 | J64: =I18 -> 39 | K64: =J18 -> 14.8
A65: Scheduled amortisation (input) | G65: 24.2 | H65: 24.2 | I65: 24.2 | J65: 24.2 | K65: 24.2 | L65: 1H26A amortisation $12.1mm.
A66: Amortisation | G66: =MIN(G64,G65) -> 24.2 | H66: =MIN(H64,H65) -> 24.2 | I66: =MIN(I64,I65) -> 24.2 | J66: =MIN(J64,J65) -> 24.2 | K66: =MIN(K64,K65) -> 14.8
A67: Ending balance | G67: =G64-G66 -> 87.4 | H67: =H64-H66 -> 63.2 | I67: =I64-I66 -> 39 | J67: =J64-J66 -> 14.8 | K67: =K64-K66 -> 0
A68: Total D&A | B68: ='Income Statement'!B29 -> 1.26 | C68: ='Income Statement'!C29 -> 1.92 | D68: ='Income Statement'!D29 -> 3.23 | E68: ='Income Statement'!E29 -> 7.27 | F68: ='Income Statement'!F29 -> 29.45 | G68: =G61+G66 -> 38.2656 | H68: =H61+H66 -> 43.555448 | I68: =I61+I66 -> 48.509488 | J68: =J61+J66 -> 52.656231 | K68: =K61+K66 -> 47.23301
A69: Deferred other costs (PepsiCo; non-cash contra-revenue)
A70: Beginning balance | G70: =F12+F16 -> 820.8 | H70: =G12+G16 -> 771.3 | I70: =H12+H16 -> 721.8 | J70: =I12+I16 -> 672.3 | K70: =J12+J16 -> 622.8
A71: Annual amortisation (input) | G71: 49.5 | H71: 49.5 | I71: 49.5 | J71: 49.5 | K71: 49.5 | L71: TTM Jun-26 non-cash amortisation $43.9mm; FY25 current portion $49.2mm.
A72: Amortisation | G72: =MIN(G70,G71) -> 49.5 | H72: =MIN(H70,H71) -> 49.5 | I72: =MIN(I70,I71) -> 49.5 | J72: =MIN(J70,J71) -> 49.5 | K72: =MIN(K70,K71) -> 49.5
A73: Ending balance | G73: =G70-G72 -> 771.3 | H73: =H70-H72 -> 721.8 | I73: =I70-I72 -> 672.3 | J73: =J70-J72 -> 622.8 | K73: =K70-K72 -> 573.3
A74: Deferred revenue (PepsiCo termination-fee reimbursements; amortised into revenue)
A75: Beginning balance | G75: =F29+F33 -> 428.15 | H75: =G29+G33 -> 488.15 | I75: =H29+H33 -> 458.15 | J75: =I29+I33 -> 428.15 | K75: =J29+J33 -> 398.15
A76: Cash reimbursements received | G76: 90 | H76: 0 | I76: 0 | J76: 0 | K76: 0 | L76: Deferred revenue +$67mm in 1H26; up to $275mm total reimbursement.
A77: Annual amortisation (input) | G77: 30 | H77: 30 | I77: 30 | J77: 30 | K77: 30 | L77: ~17-year straight-line over A&R US Distribution Agreement + legacy 2022 balance.
A78: Amortisation | G78: =MIN(G75+G76,G77) -> 30 | H78: =MIN(H75+H76,H77) -> 30 | I78: =MIN(I75+I76,I77) -> 30 | J78: =MIN(J75+J76,J77) -> 30 | K78: =MIN(K75+K76,K77) -> 30
A79: Ending balance | G79: =G75+G76-G78 -> 488.15 | H79: =H75+H76-H78 -> 458.15 | I79: =I75+I76-I78 -> 428.15 | J79: =J75+J76-J78 -> 398.15 | K79: =K75+K76-K78 -> 368.15
A80: Debt & interest
A81: Beginning term loan | G81: =F32 -> 676.93 | H81: =G32 -> 669.93 | I81: =H32 -> 569.93 | J81: =I32 -> 469.93 | K81: =J32 -> 369.93
A82: Repayment (mandatory + optional) | G82: 7 | H82: 100 | I82: 100 | J82: 100 | K82: 100 | L82: 1% p.a. mandatory amortisation ($7mm); optional prepayments assumed from FY27.
A83: Ending term loan | G83: =MAX(0,G81-G82) -> 669.93 | H83: =MAX(0,H81-H82) -> 569.93 | I83: =MAX(0,I81-I82) -> 469.93 | J83: =MAX(0,J81-J82) -> 369.93 | K83: =MAX(0,K81-K82) -> 269.93
A84: Interest rate on term loan | G84: 0.0675 | H84: 0.0675 | I84: 0.0675 | J84: 0.0675 | K84: 0.0675 | L84: SOFR-based TLB after Oct-25 repricing; 1H26 interest expense $23.4mm.
A85: Interest expense | G85: =(G81+G83)/2*G84 -> 45.456525 | H85: =(H81+H83)/2*H84 -> 41.845275 | I85: =(I81+I83)/2*I84 -> 35.095275 | J85: =(J81+J83)/2*J84 -> 28.345275 | K85: =(K81+K83)/2*K84 -> 21.595275
A86: Yield on cash | G86: 0.025 | H86: 0.025 | I86: 0.025 | J86: 0.025 | K86: 0.025 | L86: 1H26 interest income $6.7mm.
A87: Share count & capital return
A88: Share repurchases ($mm) | B88: 0 | C88: 0 | D88: 0 | E88: 2.26 | F88: 45.5 | G88: 225 | H88: 200 | I88: 250 | J88: 300 | K88: 350 | L88: 1H26A $124.5mm (2Q26 $100.4mm).
A89: Assumed average repurchase price ($) | G89: 30 | H89: 33 | I89: 36.3 | J89: 39.9 | K89: 43.9
A90: Beginning common shares outstanding (mm) | G90: =F93 -> 256.91 | H90: =G93 -> 250.91 | I90: =H93 -> 246.34939 | J90: =I93 -> 240.96234 | K90: =J93 -> 234.94354
A91: Shares issued (equity comp, mm) | G91: 1.5 | H91: 1.5 | I91: 1.5 | J91: 1.5 | K91: 1.5
A92: Shares repurchased (mm) | G92: =G88/G89 -> 7.5 | H92: =H88/H89 -> 6.0606061 | I92: =I88/I89 -> 6.8870523 | J92: =J88/J89 -> 7.518797 | K92: =K88/K89 -> 7.9726651
A93: Ending common shares outstanding (mm) | B93: 224.73 | C93: 229.15 | D93: 231.79 | E93: 235.01 | F93: 256.91 | G93: =G90+G91-G92 -> 250.91 | H93: =H90+H91-H92 -> 246.34939 | I93: =I90+I91-I92 -> 240.96234 | J93: =J90+J91-J92 -> 234.94354 | K93: =K90+K91-K92 -> 228.47088 | L93: 253.34mm at 30-Jun-26.
A94: Average common shares (mm) | G94: =(G90+G93)/2 -> 253.91 | H94: =(H90+H93)/2 -> 248.6297 | I94: =(I90+I93)/2 -> 243.65587 | J94: =(J90+J93)/2 -> 237.95294 | K94: =(K90+K93)/2 -> 231.70721
A95: Convertible preferred (PepsiCo)
A96: Series A stated value ($mm) | G96: 550 | H96: 550 | I96: 550 | J96: 550 | K96: 550
A97: Series B stated value ($mm) | G97: 585 | H97: 585 | I97: 585 | J97: 585 | K97: 585
A98: Dividend rate | G98: 0.05 | H98: 0.05 | I98: 0.05 | J98: 0.05 | K98: 0.05 | L98: 2Q26 preferred dividends $14.1mm (~$56.6mm annualised).
A99: Preferred dividends ($mm) | G99: =(G96+G97)*G98 -> 56.75 | H99: =(H96+H97)*H98 -> 56.75 | I99: =(I96+I97)*I98 -> 56.75 | J99: =(J96+J97)*J98 -> 56.75 | K99: =(K96+K97)*K98 -> 56.75
A100: Series A as-converted shares (mm) | G100: 22 | H100: 22 | I100: 22 | J100: 22 | K100: 22 | L100: 5 pre-split common per preferred = 15 post 3:1 split.
A101: Series B as-converted shares (mm) | G101: 11.304 | H101: 11.304 | I101: 11.304 | J101: 11.304 | K101: 11.304 | L101: 11,304,348 shares per 8-K (Aug-2025).
A102: Preferred participation share | G102: =(G100+G101)/(G94+G100+G101) -> 0.11595535 | H102: =(H100+H101)/(H94+H100+H101) -> 0.11812706 | I102: =(I100+I101)/(I94+I100+I101) -> 0.12024847 | J102: =(J100+J101)/(J94+J100+J101) -> 0.12277658 | K102: =(K100+K101)/(K94+K100+K101) -> 0.12567015
...

Sheet Scenarios
A1: Celsius Holdings, Inc. (NASDAQ: CELH) – Scenarios (Bull / Base / Bear)
A2: $ in millions except per-share data; fiscal year ends 31-Dec. Blue = hardcoded input/reported; black = formula; green = link to another tab.
A3: Active scenario: | B3: =D4 -> Base case
A4: Scenario selector (1 = Bull, 2 = Base, 3 = Bear) ► | C4: 2 | D4: =CHOOSE(C4,"Bull case","Base case","Bear case") -> Base case
A5: Fiscal year | B5: 2021A | C5: 2022A | D5: 2023A | E5: 2024A | F5: 2025A | G5: 2026E | H5: 2027E | I5: 2028E | J5: 2029E | K5: 2030E | L5: Notes / sources
A7: SCENARIO DRIVERS (blue = inputs; the "Live" row feeds the model via the selector in C4)
A8: CELSIUS brand – North America revenue growth
A9: Bull | G9: 0.02 | H9: 0.06 | I9: 0.07 | J9: 0.06 | K9: 0.05
A10: Base | C10: ='Revenue Model'!C9 -> 1.2617582 | D10: ='Revenue Model'!D9 -> 1.0460273 | E10: ='Revenue Model'!E9 -> 0.013883832 | F10: ='Revenue Model'!F9 -> 0.065673599 | G10: -0.03 | H10: 0.02 | I10: 0.04 | J10: 0.04 | K10: 0.035 | L10: FY26 column = 2H26E vs 2H25A growth (1H26 actual locked in); FY27+ = annual growth
A11: Bear | G11: -0.08 | H11: -0.04 | I11: 0 | J11: 0.01 | K11: 0.01
A12: Live (selected case) | G12: =CHOOSE($C$4,G9,G10,G11) -> -0.03 | H12: =CHOOSE($C$4,H9,H10,H11) -> 0.02 | I12: =CHOOSE($C$4,I9,I10,I11) -> 0.04 | J12: =CHOOSE($C$4,J9,J10,J11) -> 0.04 | K12: =CHOOSE($C$4,K9,K10,K11) -> 0.035
A14: Alani Nu revenue growth
A15: Bull | G15: 0.1 | H15: 0.18 | I15: 0.14 | J15: 0.11 | K15: 0.09
A16: Base | G16: 0.05 | H16: 0.12 | I16: 0.1 | J16: 0.08 | K16: 0.07 | L16: FY26 column = 2H26E vs 2H25A growth (2H25 included PepsiCo load-in); FY27+ = annual growth
A17: Bear | G17: 0 | H17: 0.06 | I17: 0.05 | J17: 0.04 | K17: 0.03
A18: Live (selected case) | G18: =CHOOSE($C$4,G15,G16,G17) -> 0.05 | H18: =CHOOSE($C$4,H15,H16,H17) -> 0.12 | I18: =CHOOSE($C$4,I15,I16,I17) -> 0.1 | J18: =CHOOSE($C$4,J15,J16,J17) -> 0.08 | K18: =CHOOSE($C$4,K15,K16,K17) -> 0.07
A20: Rockstar Energy revenue growth
A21: Bull | G21: 0 | H21: -0.01 | I21: 0 | J21: 0 | K21: 0
A22: Base | G22: -0.05 | H22: -0.05 | I22: -0.04 | J22: -0.03 | K22: -0.03 | L22: FY26 column = 2H26E vs 1H26A sequential change; FY27+ = annual growth (brand in retail decline)
A23: Bear | G23: -0.1 | H23: -0.08 | I23: -0.07 | J23: -0.06 | K23: -0.06
A24: Live (selected case) | G24: =CHOOSE($C$4,G21,G22,G23) -> -0.05 | H24: =CHOOSE($C$4,H21,H22,H23) -> -0.05 | I24: =CHOOSE($C$4,I21,I22,I23) -> -0.04 | J24: =CHOOSE($C$4,J21,J22,J23) -> -0.03 | K24: =CHOOSE($C$4,K21,K22,K23) -> -0.03
A26: International growth multiplier (x base regional growth)
A27: Bull | G27: 1.25 | H27: 1.25 | I27: 1.25 | J27: 1.25 | K27: 1.25
A28: Base | G28: 1 | H28: 1 | I28: 1 | J28: 1 | K28: 1 | L28: Scales the regional growth inputs on the Revenue Model (Europe / APAC / Other)
A29: Bear | G29: 0.6 | H29: 0.6 | I29: 0.6 | J29: 0.6 | K29: 0.6
A30: Live (selected case) | G30: =CHOOSE($C$4,G27,G28,G29) -> 1 | H30: =CHOOSE($C$4,H27,H28,H29) -> 1 | I30: =CHOOSE($C$4,I27,I28,I29) -> 1 | J30: =CHOOSE($C$4,J27,J28,J29) -> 1 | K30: =CHOOSE($C$4,K27,K28,K29) -> 1
A32: Gross margin (ex one-time inventory step-up)
A33: Bull | G33: 0.492 | H33: 0.51 | I33: 0.52 | J33: 0.525 | K33: 0.525
A34: Base | D34: ='Income Statement'!D15 -> 0.48037207 | E34: ='Income Statement'!E15 -> 0.50175568 | F34: ='Income Statement'!F15 -> 0.51277994 | G34: 0.488 | H34: 0.5 | I34: 0.505 | J34: 0.51 | K34: 0.51 | L34: 1H26A 48.2%; mgmt targets low-50s as integration/cost-down and price-pack mix mature; aluminium is the swing factor
A35: Bear | G35: 0.483 | H35: 0.485 | I35: 0.488 | J35: 0.49 | K35: 0.49
A36: Live (selected case) | G36: =CHOOSE($C$4,G33,G34,G35) -> 0.488 | H36: =CHOOSE($C$4,H33,H34,H35) -> 0.5 | I36: =CHOOSE($C$4,I33,I34,I35) -> 0.505 | J36: =CHOOSE($C$4,J33,J34,J35) -> 0.51 | K36: =CHOOSE($C$4,K33,K34,K35) -> 0.51
A38: Sales & marketing (% of revenue)
A39: Bull | G39: 0.213 | H39: 0.21 | I39: 0.205 | J39: 0.203 | K39: 0.2
A40: Base | D40: ='Income Statement'!D18 -> 0 | E40: ='Income Statement'!E18 -> 0.25867513 | F40: ='Income Statement'!F18 -> 0.21818334 | G40: 0.215 | H40: 0.215 | I40: 0.21 | J40: 0.21 | K40: 0.21 | L40: 1H26A 20.8% (2Q26 22.2%); FY25A 21.8%; FY24A 25.9%
A41: Bear | G41: 0.22 | H41: 0.225 | I41: 0.225 | J41: 0.22 | K41: 0.22
A42: Live (selected case) | G42: =CHOOSE($C$4,G39,G40,G41) -> 0.215 | H42: =CHOOSE($C$4,H39,H40,H41) -> 0.215 | I42: =CHOOSE($C$4,I39,I40,I41) -> 0.21 | J42: =CHOOSE($C$4,J39,J40,J41) -> 0.21 | K42: =CHOOSE($C$4,K39,K40,K41) -> 0.21
A44: G&A ex one-offs (% of revenue)
A45: Bull | G45: 0.067 | H45: 0.064 | I45: 0.061 | J45: 0.059 | K45: 0.057
A46: Base | D46: ='Income Statement'!D20 -> 0 | E46: ='Income Statement'!E20 -> 0.080008852 | F46: ='Income Statement'!F20 -> 0.075451144 | G46: 0.068 | H46: 0.066 | I46: 0.064 | J46: 0.062 | K46: 0.06 | L46: 1H26A adjusted G&A 6.7%; FY25A 7.5%; FY24A 8.0%
A47: Bear | G47: 0.07 | H47: 0.069 | I47: 0.068 | J47: 0.067 | K47: 0.066
A48: Live (selected case) | G48: =CHOOSE($C$4,G45,G46,G47) -> 0.068 | H48: =CHOOSE($C$4,H45,H46,H47) -> 0.066 | I48: =CHOOSE($C$4,I45,I46,I47) -> 0.064 | J48: =CHOOSE($C$4,J45,J46,J47) -> 0.062 | K48: =CHOOSE($C$4,K45,K46,K47) -> 0.06
A49: Historical reference values (green, cols C–F) shown on Base rows.
A51: KEY ASSUMPTIONS BY CASE
A52: Assumption | B52: Bull | C52: Base | D52: Bear | E52: Live
A53: CELSIUS NA growth – 2H26E y/y | B53: =G9 -> 0.02 | C53: =G10 -> -0.03 | D53: =G11 -> -0.08 | E53: =G12 -> -0.03
A54: CELSIUS NA growth – FY27E-30E average | B54: =AVERAGE(H9:K9) -> 0.06 | C54: =AVERAGE(H10:K10) -> 0.03375 | D54: =AVERAGE(H11:K11) -> -0.005 | E54: =AVERAGE(H12:K12) -> 0.03375
A55: Alani Nu growth – 2H26E y/y | B55: =G15 -> 0.1 | C55: =G16 -> 0.05 | D55: =G17 -> 0 | E55: =G18 -> 0.05
A56: Alani Nu growth – FY27E-30E average | B56: =AVERAGE(H15:K15) -> 0.13 | C56: =AVERAGE(H16:K16) -> 0.0925 | D56: =AVERAGE(H17:K17) -> 0.045 | E56: =AVERAGE(H18:K18) -> 0.0925
A57: Rockstar growth – FY27E-30E average | B57: =AVERAGE(H21:K21) -> -0.0025 | C57: =AVERAGE(H22:K22) -> -0.0375 | D57: =AVERAGE(H23:K23) -> -0.0675 | E57: =AVERAGE(H24:K24) -> -0.0375
A58: International growth multiplier | B58: =G27 -> 1.25 | C58: =G28 -> 1 | D58: =G29 -> 0.6 | E58: =G30 -> 1
A59: Gross margin FY30E | B59: =K33 -> 0.525 | C59: =K34 -> 0.51 | D59: =K35 -> 0.49 | E59: =K36 -> 0.51
A60: S&M % revenue FY30E | B60: =K39 -> 0.2 | C60: =K40 -> 0.21 | D60: =K41 -> 0.22 | E60: =K42 -> 0.21
A61: G&A % revenue FY30E | B61: =K45 -> 0.057 | C61: =K46 -> 0.06 | D61: =K47 -> 0.066 | E61: =K48 -> 0.06
A62: Non-scenario assumptions (capex 1.4–1.5% of revenue, 23% tax, working-capital days, buybacks) are held constant across cases.
A64: SCENARIO OUTPUTS
A65: Metric | B65: Bull | C65: Base | D65: Bear | E65: Live (selected)
A66: FY26E revenue | B66: 3221.514 | C66: 3141.81 | D66: 3058.6536 | E66: ='Income Statement'!G7 -> 3141.81
A67: FY27E revenue | B67: 3600.4076 | C67: 3354.5466 | D67: 3086.6131 | E67: ='Income Statement'!H7 -> 3354.5466
A68: FY30E revenue | B68: 4659.038 | C68: 4015.5375 | D68: 3297.2094 | E68: ='Income Statement'!K7 -> 4015.5375
A69: Revenue CAGR FY25A-FY30E | B69: 0.131208 | C69: 0.098075 | D69: 0.055632 | E69: =('Income Statement'!K7/'Income Statement'!F7)^(1/5)-1 -> 0.098074523
A70: FY30E gross margin | B70: 0.525 | C70: 0.51 | D70: 0.49 | E70: ='Income Statement'!K14 -> 0.51
A71: FY30E adjusted EBITDA | B71: 1351.8896 | C71: 1057.1407 | D71: 755.12036 | E71: ='Income Statement'!K35 -> 1057.1407
A72: FY30E adjusted EBITDA margin | B72: 0.290165 | C72: 0.263263 | D72: 0.229018 | E72: ='Income Statement'!K36 -> 0.26326256
A73: FY30E EBIT | B73: 1248.6222 | C73: 963.729 | D73: 672.63072 | E73: ='Income Statement'!K27 -> 963.729
A74: FY30E net income | B74: 985.6018 | C74: 758.4855 | D74: 525.29997 | E74: ='Income Statement'!K46 -> 758.4855
A75: FY26E adjusted diluted EPS | B75: 1.572438 | C75: 1.469194 | D75: 1.326497 | E75: ='Income Statement'!G58 -> 1.4691939
A76: FY27E adjusted diluted EPS | B76: 2.048116 | C76: 1.735474 | D76: 1.340804 | E76: ='Income Statement'!H58 -> 1.7354736
A77: FY30E GAAP diluted EPS | B77: 3.46754 | C77: 2.619681 | D77: 1.749166 | E77: ='Income Statement'!K56 -> 2.6196815
A78: FY30E free cash flow | B78: 1013.2861 | C78: 795.68786 | D78: 575.17151 | E78: ='Cash Flow'!K42 -> 795.68786
A79: FY30E FCF margin | B79: 0.217488 | C79: 0.198152 | D79: 0.174442 | E79: ='Cash Flow'!K43 -> 0.19815227
A80: FY30E unlevered FCF | B80: 935.5444 | C80: 733.09501 | D80: 529.87929 | E80: ='DCF Inputs'!K21 -> 733.09501
A81: Cumulative UFCF FY26E-FY30E | B81: 3694.5403 | C81: 3110.6791 | D81: 2462.0827 | E81: =SUM('DCF Inputs'!G21:K21) -> 3110.6791
A82: FY30E ending cash & restricted cash | B82: 2425.5539 | C82: 1805.433 | D82: 1115.3136 | E82: ='Cash Flow'!K38 -> 1805.433
A83: Bull/Base/Bear columns are value snapshots from running the full model under each case (Excel cannot hold three live states at once); the Live column recalculates with the selector in C4.
A85: SCENARIO RATIONALE
A86: Bull: CELSIUS returns to mid/high-single-digit growth as SKU optimisation lands cold-vault space and Captaincy execution improves; Alani Nu sustains double-digit growth from PepsiCo DSD distribution gains; Rockstar stabilises; aluminium relief and price-pack architecture lift gross margin to ~52.5%.
A87: Base: CELSIUS stays soft through 2H26 (trade investment, club softness) then recovers to low/mid-single-digit growth; Alani Nu normalises from +12% to +7%; Rockstar declines ~3-5% a year; gross margin rebuilds to ~51% (mgmt "low 50s") with modest S&M/G&A leverage.
A88: Bear: CELSIUS share loss continues (FY27 -4%) as competition (Monster/Bang, Ghost, Alani cannibalisation) intensifies; Alani growth fades to low single digits; Rockstar declines 6-8% a year; commodity inflation and DSD billbacks cap gross margin near 49% while S&M rises to ~22.5%.

Sheet DCF Inputs
A1: Celsius Holdings, Inc. (NASDAQ: CELH) – DCF Inputs
A2: $ in millions except per-share data; fiscal year ends 31-Dec. Blue = hardcoded input/reported; black = formula; green = link to another tab.
A3: Active scenario: | B3: =CHOOSE(Scenarios!$C$4,"Bull case","Base case","Bear case") -> Base case
A5: Fiscal year | B5: 2021A | C5: 2022A | D5: 2023A | E5: 2024A | F5: 2025A | G5: 2026E | H5: 2027E | I5: 2028E | J5: 2029E | K5: 2030E | L5: Notes / sources
A6: UNLEVERED FREE CASH FLOW BUILD ($mm) – FY25A shown for reference
A7: Revenue | F7: ='Income Statement'!F7 -> 2515.27 | G7: ='Income Statement'!G7 -> 3141.81 | H7: ='Income Statement'!H7 -> 3354.5466 | I7: ='Income Statement'!I7 -> 3587.6166 | J7: ='Income Statement'!J7 -> 3807.9359 | K7: ='Income Statement'!K7 -> 4015.5375
A8: YoY growth | F8: ='Income Statement'!F8 -> 0 | G8: ='Income Statement'!G8 -> 0.24909453 | H8: ='Income Statement'!H8 -> 0.067711463 | I8: ='Income Statement'!I8 -> 0.069478856 | J8: ='Income Statement'!J8 -> 0.061411033 | K8: ='Income Statement'!K8 -> 0.054518161
A9: Adjusted EBITDA | F9: ='Income Statement'!F35 -> 608.7 | G9: ='Income Statement'!G35 -> 718.46747 | H9: ='Income Statement'!H35 -> 816.77843 | I9: ='Income Statement'!I35 -> 918.50652 | J9: ='Income Statement'!J35 -> 1002.7362 | K9: ='Income Statement'!K35 -> 1057.1407
A10: margin | F10: =F9/F7 -> 0.24200185 | G10: =G9/G7 -> 0.22867948 | H10: =H9/H7 -> 0.243484 | I10: =I9/I7 -> 0.25602137 | J10: =J9/J7 -> 0.26332802 | K10: =K9/K7 -> 0.26326256
A11: EBITDA (GAAP) | F11: ='Income Statement'!F30 -> 170.51 | G11: ='Income Statement'!G30 -> 560.48665 | H11: ='Income Statement'!H30 -> 778.20114 | I11: ='Income Statement'!I30 -> 877.24892 | J11: ='Income Statement'!J30 -> 958.94496 | K11: ='Income Statement'!K30 -> 1010.962
A12: EBIT (GAAP, after one-time items) | F12: ='Income Statement'!F27 -> 141.06 | G12: ='Income Statement'!G27 -> 522.22105 | H12: ='Income Statement'!H27 -> 734.64569 | I12: ='Income Statement'!I27 -> 828.73944 | J12: ='Income Statement'!J27 -> 906.28873 | K12: ='Income Statement'!K27 -> 963.729
A13: memo: one-time items included in EBIT | F13: ='Income Statement'!F34 -> 410.14 | G13: ='Income Statement'!G34 -> 121.85 | H13: ='Income Statement'!H34 -> 0 | I13: ='Income Statement'!I34 -> 0 | J13: ='Income Statement'!J34 -> 0 | K13: ='Income Statement'!K34 -> 0
A14: Cash tax rate | F14: 0.23 | G14: ='Income Statement'!G45 -> 0.23 | H14: ='Income Statement'!H45 -> 0.23 | I14: ='Income Statement'!I45 -> 0.23 | J14: ='Income Statement'!J45 -> 0.23 | K14: ='Income Statement'!K45 -> 0.23 | L14: Normalised 23% applied to FY25A for comparability.
A15: Less: taxes on EBIT | F15: =-F12*F14 -> -32.4438 | G15: =-G12*G14 -> -120.11084 | H15: =-H12*H14 -> -168.96851 | I15: =-I12*I14 -> -190.61007 | J15: =-J12*J14 -> -208.44641 | K15: =-K12*K14 -> -221.65767
A16: NOPAT | F16: =F12+F15 -> 108.6162 | G16: =G12+G15 -> 402.11021 | H16: =H12+H15 -> 565.67718 | I16: =I12+I15 -> 638.12937 | J16: =J12+J15 -> 697.84232 | K16: =K12+K15 -> 742.07133
A17: Add: D&A | F17: ='Income Statement'!F29 -> 29.45 | G17: ='Income Statement'!G29 -> 38.2656 | H17: ='Income Statement'!H29 -> 43.555448 | I17: ='Income Statement'!I29 -> 48.509488 | J17: ='Income Statement'!J29 -> 52.656231 | K17: ='Income Statement'!K29 -> 47.23301
A18: Add: non-cash amortisation of deferred other costs | F18: ='Cash Flow'!F10 -> 26.33 | G18: ='Cash Flow'!G10 -> 49.5 | H18: ='Cash Flow'!H10 -> 49.5 | I18: ='Cash Flow'!I10 -> 49.5 | J18: ='Cash Flow'!J10 -> 49.5 | K18: ='Cash Flow'!K10 -> 49.5 | L18: Contra-revenue amortisation of PepsiCo-related upfront consideration (no cash outflow).
A19: Less: capex | F19: ='Cash Flow'!F23 -> -36.07 | G19: ='Cash Flow'!G23 -> -47.12715 | H19: ='Cash Flow'!H23 -> -50.318198 | I19: ='Cash Flow'!I23 -> -50.226633 | J19: ='Cash Flow'!J23 -> -53.311102 | K19: ='Cash Flow'!K23 -> -56.217525
A20: Less: increase in net working capital | F20: ='Cash Flow'!F20 -> 167.04 | G20: ='Cash Flow'!G20 -> 17.132423 | H20: ='Cash Flow'!H20 -> -24.234582 | I20: ='Cash Flow'!I20 -> -50.258165 | J20: ='Cash Flow'!J20 -> -48.818338 | K20: ='Cash Flow'!K20 -> -49.491805 | L20: Includes deferred-revenue reimbursements and distributor-fee payouts (FY25/26 distortions).
A21: UNLEVERED FREE CASH FLOW | F21: =F16+F17+F18+F19+F20 -> 295.3662 | G21: =G16+G17+G18+G19+G20 -> 459.88108 | H21: =H16+H17+H18+H19+H20 -> 584.17985 | I21: =I16+I17+I18+I19+I20 -> 635.65406 | J21: =J16+J17+J18+J19+J20 -> 697.86912 | K21: =K16+K17+K18+K19+K20 -> 733.09501
A22: UFCF margin | F22: =F21/F7 -> 0.11742922 | G22: =G21/G7 -> 0.14637457 | H22: =H21/H7 -> 0.1741457 | I22: =I21/I7 -> 0.17718004 | J22: =J21/J7 -> 0.18326704 | K22: =K21/K7 -> 0.1825646
A23: UFCF ex one-time items (after tax) | F23: =F21+F13*(1-F14) -> 611.174 | G23: =G21+G13*(1-G14) -> 553.70558 | H23: =H21+H13*(1-H14) -> 584.17985 | I23: =I21+I13*(1-I14) -> 635.65406 | J23: =J21+J13*(1-J14) -> 697.86912 | K23: =K21+K13*(1-K14) -> 733.09501 | L23: Normalised view; FY26E one-offs are mostly already paid in 1H26.
A24: Memo: SBC (not added back – treated as a real cost) | F24: ='Income Statement'!F32 -> 28.05 | G24: ='Income Statement'!G32 -> 36.130815 | H24: ='Income Statement'!H32 -> 38.577285 | I24: ='Income Statement'!I32 -> 41.257591 | J24: ='Income Statement'!J32 -> 43.791262 | K24: ='Income Statement'!K32 -> 46.178681
A25: Memo: share of FY26E UFCF already realised (1H26A) | G25: =DCF!C34/G21 -> 0.61807239 | L25: 1H26A unlevered FCF (DCF tab) as a share of FY26E; removed before discounting.
A27: TERMINAL-YEAR METRICS (FY2030E)
A28: Revenue | C28: ='Income Statement'!K7 -> 4015.5375
A29: Revenue growth | C29: ='Income Statement'!K8 -> 0.054518161
A30: Adjusted EBITDA | C30: ='Income Statement'!K35 -> 1057.1407
A31: EBITDA (GAAP) | C31: ='Income Statement'!K30 -> 1010.962
A32: EBIT | C32: ='Income Statement'!K27 -> 963.729
A33: NOPAT | C33: =K16 -> 742.07133
A34: Unlevered FCF | C34: =K21 -> 733.09501
A35: D&A / capex | C35: =K17/-K19 -> 0.84018303
A37: CAPITALISATION & MARKET DATA
A38: Share price ($, 12-Oct-2026 intraday) | C38: 28.36 | L38: stockanalysis.com quote, 12-Oct-2026 1:48pm ET (close 8-Oct: $27.40).
A39: Common shares outstanding (mm) | C39: 253.04 | L39: Latest filing-date count (30-Jun-26 balance sheet: 253.34mm).
A40: Equity market value – common ($mm) | C40: =C38*C39 -> 7176.2144
A41: Term loan, carrying value ($mm, 30-Jun-26) | C41: 674.85 | L41: 2Q26 10-Q: $667.9mm long-term + $7.0mm current.
A42: Cash & equivalents ($mm, 30-Jun-26) | C42: 631.23 | L42: 2Q26 release.
A43: Restricted cash ($mm, 30-Jun-26) | C43: 1.9 | L43: Earmarked for distributor buyouts.
A44: Net debt / (cash) ($mm) | C44: =C41-C42 -> 43.62 | L44: Excludes restricted cash.
A45: Series A preferred – stated value ($mm) | C45: 550 | L45: 5% dividend; PepsiCo.
A46: Series A – as-converted shares (mm) | C46: 22 | L46: Conversion price $25.00 (in the money at current price).
A47: Series A – conversion price ($) | C47: =C45/C46 -> 25
A48: Series B preferred – stated value ($mm) | C48: 585 | L48: Issued Aug-2025 to PepsiCo; ~5% dividend.
A49: Series B – as-converted shares (mm) | C49: 11.304 | L49: 11,304,348 shares (8-K, 28-Aug-2025).
A50: Series B – conversion price ($) | C50: =C48/C49 -> 51.751592 | L50: Out of the money at current price -> treat as $585mm claim unless value > $51.75.
A51: Accrued distributor fees + contingent consideration ($mm, 30-Jun-26) | C51: 8.76 | L51: Debt-like items remaining.
A52: Beta (5Y monthly) | C52: 1 | L52: stockanalysis.com / S&P Global. Peer (MNST, KDP, PEP, KO) relevered beta can be used as a cross-check.
A53: Consensus price target ($, 24 analysts) | C53: 42.19 | L53: S&P Global consensus as of 8-Oct-2026 (low $26, high $64).
A54: Consensus FY26E revenue ($mm) | C54: 3170 | L54: S&P Global consensus.
A55: Consensus FY27E revenue ($mm) | C55: 3440 | L55: S&P Global consensus.
A56: Consensus FY26E / FY27E adjusted EPS ($) | C56: 1.43 / 1.73 | L56: S&P Global consensus.
A57: Model vs consensus FY26E revenue | C57: ='Income Statement'!G7/C54-1 -> -0.0088927445
A58: Model vs consensus FY27E revenue | C58: ='Income Statement'!H7/C55-1 -> -0.024841119
A60: Notes: FY26E UFCF includes 1H26 actual cash flows and the payout of ~$264mm accrued distributor fees; the DCF values from the Oct-2026 valuation date using a stub period. Preferred stock is held by PepsiCo: treat Series A as converted if per-share value > $25.00, Series B as a $585mm claim unless value > $51.75.

Sheet DCF
A1: Celsius Holdings, Inc. (NASDAQ: CELH) – Discounted Cash Flow Valuation
A2: $mm except per share. Valuation date 13-Oct-2026; cash flows discounted to 30-Jun-2026 (last balance sheet) with mid-period convention, then rolled forward. Blue = input; black = formula; green = link.
A3: Active scenario: | B3: =CHOOSE(Scenarios!$C$4,"Bull case","Base case","Bear case") -> Base case
A5: A. VALUATION TIMING
A6: Valuation date | C6: 46308
A7: Last balance sheet date (2Q26 10-Q) | C7: 46203
A8: Year fraction (balance sheet → valuation date) | C8: =(C6-C7)/365 -> 0.28767123
A10: B. WEIGHTED AVERAGE COST OF CAPITAL
A11: Risk-free rate (10-yr US Treasury) | C11: 0.0519 | J11: 5.19% on 12-Oct-2026 (Mortgage News Daily 10-yr quote; 9-Oct close 5.24%).
A12: Equity risk premium | C12: 0.05 | J12: Mid-point of 4.5-5.5% range commonly used; implied ERP is compressed with Treasury yields above 5%.
A13: Levered beta | C13: ='DCF Inputs'!$C$52 -> 1 | J13: 5-yr monthly beta 1.00 (S&P Global). Peer betas 0.2-0.8 (staples) argue lower; CELH stock volatility argues higher.
A14: Company-specific risk premium | C14: 0.01 | J14: CELSIUS brand decline, ~60% revenue from PepsiCo, integration of two acquisitions, 12% short interest.
A15: Cost of equity (CAPM + premium) | C15: =C11+C13*C12+C14 -> 0.1119
A16: Pre-tax cost of debt (term loan) | C16: ='Balance Sheet'!G84 -> 0.0675 | J16: SOFR + spread after Oct-2025 repricing (model input).
A17: Tax rate | C17: ='Income Statement'!H45 -> 0.23
A18: After-tax cost of debt | C18: =C16*(1-C17) -> 0.051975
A19: Cost of convertible preferred | C19: 0.07 | J19: 5% non-deductible PIK/cash dividend plus value of conversion option; senior to common.
A21: Capital structure (market values) | C21: $mm | D21: Weight | E21: Cost | F21: Contribution
A22: Common equity (price x shares) | C22: ='DCF Inputs'!$C$40 -> 7176.2144 | D22: =C22/SUM($C$22:$C$24) -> 0.79207801 | E22: =C15 -> 0.1119 | F22: =D22*E22 -> 0.088633529
A23: Convertible preferred (Series A at max(stated, as-converted); Series B at stated) | C23: =MAX('DCF Inputs'!$C$45,'DCF Inputs'!$C$46*'DCF Inputs'!$C$38)+'DCF Inputs'!$C$48 -> 1208.92 | D23: =C23/SUM($C$22:$C$24) -> 0.13343511 | E23: =C19 -> 0.07 | F23: =D23*E23 -> 0.0093404576
A24: Debt (term loan) | C24: ='DCF Inputs'!$C$41 -> 674.85 | D24: =C24/SUM($C$22:$C$24) -> 0.074486883 | E24: =C18 -> 0.051975 | F24: =D24*E24 -> 0.0038714558
A25: Total capital / WACC | C25: =SUM(C22:C24) -> 9059.9844 | D25: =SUM(D22:D24) -> 1 | F25: =SUM(F22:F24) -> 0.10184544
A26: WACC applied (rounded to 0.1%) | C26: =ROUND(F25,3) -> 0.102 | J26: Sanity range for a consumer-staples growth company with 5%+ risk-free rate: 9-11%.
A27: Terminal growth rate (perpetuity) | C27: 0.03 | J27: Energy drinks have grown high-single digits; 3.0% ≈ long-run nominal GDP. Sensitised 2.0-4.0%.
A28: Exit multiple (EV / FY30E adjusted EBITDA) | C28: 11 | J28: ≈ current peer median LTM EV/EBITDA (11.1x ex-KDP; PepsiCo 11.1x): by FY30 CELH is a mid-single-digit grower. Implies ~3.7% perpetual growth. Cross-check only.
A30: C. 1H26 ACTUAL UNLEVERED FCF (already realised – removed from FY26E)
A31: Cash from operations, 1H26A | C31: 296.33 | J31: TTM Jun-26 CFO $508.6mm less FY25 $359.4mm plus 1H25 $147.1mm (1Q25 $103.4mm + 2Q25 $43.7mm). Includes distributor buyout payments.
A32: Capital expenditures, 1H26A | C32: -24.98 | J32: TTM Jun-26 capex $45.9mm less FY25 $36.1mm plus 1H25 $15.2mm.
A33: Net interest expense, 1H26A | C33: 16.74 | J33: 2Q26 release: interest expense $23.4mm less interest income $6.7mm.
A34: Unlevered FCF realised in 1H26A | C34: =C31+C32+C33*(1-C17) -> 284.2398
A36: D. UNLEVERED FREE CASH FLOW & PRESENT VALUE
A37: $mm | D37: 2H26E | E37: FY27E | F37: FY28E | G37: FY29E | H37: FY30E
A38: Revenue (full fiscal year) | D38: ='DCF Inputs'!G7 -> 3141.81 | E38: ='DCF Inputs'!H7 -> 3354.5466 | F38: ='DCF Inputs'!I7 -> 3587.6166 | G38: ='DCF Inputs'!J7 -> 3807.9359 | H38: ='DCF Inputs'!K7 -> 4015.5375
A39: Adjusted EBITDA (full fiscal year) | D39: ='DCF Inputs'!G9 -> 718.46747 | E39: ='DCF Inputs'!H9 -> 816.77843 | F39: ='DCF Inputs'!I9 -> 918.50652 | G39: ='DCF Inputs'!J9 -> 1002.7362 | H39: ='DCF Inputs'!K9 -> 1057.1407
A40: Unlevered FCF (full fiscal year, from DCF Inputs) | D40: ='DCF Inputs'!G21 -> 459.88108 | E40: ='DCF Inputs'!H21 -> 584.17985 | F40: ='DCF Inputs'!I21 -> 635.65406 | G40: ='DCF Inputs'!J21 -> 697.86912 | H40: ='DCF Inputs'!K21 -> 733.09501
A41: Less: realised in 1H26A | D41: =-C34 -> -284.2398 | E41: 0 | F41: 0 | G41: 0 | H41: 0
A42: Unlevered FCF to be discounted | D42: =D40+D41 -> 175.64128 | E42: =E40+E41 -> 584.17985 | F42: =F40+F41 -> 635.65406 | G42: =G40+G41 -> 697.86912 | H42: =H40+H41 -> 733.09501
A43: Discount period (years from 30-Jun-26, mid-period) | D43: 0.25 | E43: 1 | F43: 2 | G43: 3 | H43: 4 | J43: 2H26 cash flows centred on 30-Sep-26; full years centred on 30-Jun of each year.
A44: Discount factor | D44: =1/(1+$C$26)^D43 -> 0.97601075 | E44: =1/(1+$C$26)^E43 -> 0.90744102 | F44: =1/(1+$C$26)^F43 -> 0.8234492 | G44: =1/(1+$C$26)^G43 -> 0.74723158 | H44: =1/(1+$C$26)^H43 -> 0.67806858
A45: Present value of UFCF | D45: =D42*D44 -> 171.42778 | E45: =E42*E44 -> 530.10876 | F45: =F42*F44 -> 523.42882 | G45: =G42*G44 -> 521.46984 | H45: =H42*H44 -> 497.0887
A46: UFCF margin (full year) | D46: =D40/D38 -> 0.14637457 | E46: =E40/E38 -> 0.1741457 | F46: =F40/F38 -> 0.17718004 | G46: =G40/G38 -> 0.18326704 | H46: =H40/H38 -> 0.1825646
A48: E. TERMINAL VALUE
A49: $mm | C49: Perpetuity | D49: Exit multiple
A50: Terminal-year metric (FY30E UFCF / adjusted EBITDA) | C50: =H40 -> 733.09501 | D50: =H39 -> 1057.1407
A51: Assumption (growth / multiple) | C51: =C27 -> 0.03 | D51: =C28 -> 11
A52: Terminal value at end-FY30 | C52: =C50*(1+C51)/(C26-C51) -> 10487.331 | D52: =D50*D51 -> 11628.548
A53: Discount period (31-Dec-30 from 30-Jun-26) | C53: 4.5 | D53: =C53 -> 4.5
A54: Present value of terminal value | C54: =C52/(1+$C$26)^C53 -> 6774.0409 | D54: =D52/(1+$C$26)^D53 -> 7511.1823
A55: Implied exit multiple (perpetuity) / implied growth (exit) | C55: =C52/D50 -> 9.9204689 | D55: =(D52*C26-C50)/(D52+C50) -> 0.036646978
A57: F. ENTERPRISE VALUE TO VALUE PER SHARE
A58: $mm | C58: Perpetuity | D58: Exit multiple
A59: Sum of PV of UFCF (2H26E-FY30E) | C59: =SUM($D$45:$H$45) -> 2243.5239 | D59: =SUM($D$45:$H$45) -> 2243.5239
A60: PV of terminal value | C60: =C54 -> 6774.0409 | D60: =D54 -> 7511.1823
A61: Enterprise value at 30-Jun-26 | C61: =C59+C60 -> 9017.5648 | D61: =D59+D60 -> 9754.7062
A62: Terminal value % of EV | C62: =C60/C61 -> 0.75120513 | D62: =D60/D61 -> 0.770006
A63: Roll-forward factor to valuation date (1+WACC)^t | C63: =(1+$C$26)^$C$8 -> 1.0283346 | D63: =(1+$C$26)^$C$8 -> 1.0283346
A64: Enterprise value at valuation date | C64: =C61*C63 -> 9273.0736 | D64: =D61*D63 -> 10031.101
A65: Plus: cash & equivalents (30-Jun-26) | C65: ='DCF Inputs'!$C$42 -> 631.23 | D65: =C65 -> 631.23 | J65: Restricted cash ($1.9mm) excluded – earmarked for distributor buyouts.
A66: Less: term loan | C66: ='DCF Inputs'!$C$41 -> 674.85 | D66: =C66 -> 674.85
A67: Less: accrued distributor fees & other debt-like items | C67: ='DCF Inputs'!$C$51 -> 8.76 | D67: =C67 -> 8.76
A68: Equity value attributable to common + preferred | C68: =C64+C65-C66-C67 -> 9220.6936 | D68: =D64+D65-D66-D67 -> 9978.7215
A69: Common shares outstanding + dilutive RSUs/options (mm) | C69: ='DCF Inputs'!$C$39+'Income Statement'!G53 -> 255.54 | D69: =C69 -> 255.54
A70: Series A as-converted shares (mm) | C70: ='DCF Inputs'!$C$46 -> 22
A71: Series A claim if not converted ($mm) | C71: ='DCF Inputs'!$C$45 -> 550
A72: Series A conversion price ($) | C72: ='DCF Inputs'!$C$47 -> 25
A73: Series B as-converted shares (mm) | C73: ='DCF Inputs'!$C$49 -> 11.304
A74: Series B claim if not converted ($mm) | C74: ='DCF Inputs'!$C$48 -> 585
A75: Series B conversion price ($) | C75: ='DCF Inputs'!$C$50 -> 51.751592
A76: DCF VALUE PER SHARE ($) | C76: =IF(((C68)-DCF!$C$74)/(DCF!$C$69+DCF!$C$70)>DCF!$C$72,IF((C68)/(DCF!$C$69+DCF!$C$70+DCF!$C$73)>DCF!$C$75,(C68)/(DCF!$C$69+DCF!$C$70+DCF!$C$73),((C68)-DCF!$C$74)/(DCF!$C$69+DCF!$C$70)),((C68)-DCF!$C$74-DCF!$C$71)/DCF!$C$69) -> 31.115131 | D76: =IF(((D68)-DCF!$C$74)/(DCF!$C$69+DCF!$C$70)>DCF!$C$72,IF((D68)/(DCF!$C$69+DCF!$C$70+DCF!$C$73)>DCF!$C$75,(D68)/(DCF!$C$69+DCF!$C$70+DCF!$C$73),((D68)-DCF!$C$74)/(DCF!$C$69+DCF!$C$70)),((D68)-DCF!$C$74-DCF!$C$71)/DCF!$C$69) -> 33.84637
A77: Preferred treatment | C77: =IF((C68-DCF!$C$74)/(DCF!$C$69+DCF!$C$70)>DCF!$C$72,IF(C68/(DCF!$C$69+DCF!$C$70+DCF!$C$73)>DCF!$C$75,"A & B converted","A converted; B as claim"),"A & B as claims") -> A converted; B as claim | D77: =IF((D68-DCF!$C$74)/(DCF!$C$69+DCF!$C$70)>DCF!$C$72,IF(D68/(DCF!$C$69+DCF!$C$70+DCF!$C$73)>DCF!$C$75,"A & B converted","A converted; B as claim"),"A & B as claims") -> A converted; B as claim
A78: Current share price ($) | C78: ='DCF Inputs'!$C$38 -> 28.36 | D78: =C78 -> 28.36
A79: Upside / (downside) | C79: =C76/C78-1 -> 0.097148498 | D79: =D76/D78-1 -> 0.19345451
A80: Implied EV / LTM adjusted EBITDA (Jun-26 LTM) | C80: =C64/Comps!$G$22 -> 12.893595 | D80: =D64/Comps!$G$22 -> 13.947583
A81: Implied EV / FY27E adjusted EBITDA | C81: =C64/E39 -> 11.35323 | D81: =D64/E39 -> 12.281301
A83: Base-case DCF value uses the perpetuity-growth method; exit-multiple method shown as cross-check. Equity value includes the PepsiCo convertible preferred: each series is treated as converted only when value per share exceeds its conversion price, otherwise as a fixed claim at stated value.

Sheet Sensitivity
A1: Celsius Holdings, Inc. (NASDAQ: CELH) – DCF Sensitivity Analysis
A2: Value per share ($) unless stated. Every cell is a live formula off the DCF tab; base case outlined. Heatmap: red = low, green = high.
A3: Active scenario: | B3: =CHOOSE(Scenarios!$C$4,"Bull case","Base case","Bear case") -> Base case
A5: TABLE 1 – WACC vs TERMINAL GROWTH (perpetuity method)
A6: Rows: WACC | Columns: terminal growth rate
B7: $ / share | C7: =DCF!$C$27+-0.01 -> 0.02 | D7: =DCF!$C$27+-0.005 -> 0.025 | E7: =DCF!$C$27+0 -> 0.03 | F7: =DCF!$C$27+0.005 -> 0.035 | G7: =DCF!$C$27+0.01 -> 0.04 | K7: EV at 30-Jun-26 ($mm) | L7: =C7 -> 0.02 | M7: =D7 -> 0.025 | N7: =E7 -> 0.03 | O7: =F7 -> 0.035 | P7: =G7 -> 0.04
B8: =ROUND(DCF!$C$26,3)+-0.015 -> 0.087 | C8: =IF((((L8*(1+$B8)^DCF!$C$8)+DCF!$C$65-DCF!$C$66-DCF!$C$67)-DCF!$C$74)/(DCF!$C$69+DCF!$C$70)>DCF!$C$72,IF(((L8*(1+$B8)^DCF!$C$8)+DCF!$C$65-DCF!$C$66-DCF!$C$67)/(DCF!$C$69+DCF!$C$70+DCF!$C$73)>DCF!$C$75,((L8*(1+$B8)^DCF!$C$8)+DCF!$C$65-DCF!$C$66-DCF!$C$67)/(DCF!$C$69+DCF!$C$70+DCF!$C$73),(((L8*(1+$B8)^DCF!$C$8)+DCF!$C$65-DCF!$C$66-DCF!$C$67)-DCF!$C$74)/(DCF!$C$69+DCF!$C$70)),(((L8*(1+$B8)^DCF!$C$8)+DCF!$C$65-DCF!$C$66-DCF!$C$67)-DCF!$C$74-DCF!$C$71)/DCF!$C$69) -> 34.547996 | D8: =IF((((M8*(1+$B8)^DCF!$C$8)+DCF!$C$65-DCF!$C$66-DCF!$C$67)-DCF!$C$74)/(DCF!$C$69+DCF!$C$70)>DCF!$C$72,IF(((M8*(1+$B8)^DCF!$C$8)+DCF!$C$65-DCF!$C$66-DCF!$C$67)/(DCF!$C$69+DCF!$C$70+DCF!$C$73)>DCF!$C$75,((M8*(1+$B8)^DCF!$C$8)+DCF!$C$65-DCF!$C$66-DCF!$C$67)/(DCF!$C$69+DCF!$C$70+DCF!$C$73),(((M8*(1+$B8)^DCF!$C$8)+DCF!$C$65-DCF!$C$66-DCF!$C$67)-DCF!$C$74)/(DCF!$C$69+DCF!$C$70)),(((M8*(1+$B8)^DCF!$C$8)+DCF!$C$65-DCF!$C$66-DCF!$C$67)-DCF!$C$74-DCF!$C$71)/DCF!$C$69) -> 36.979959 | E8: =IF((((N8*(1+$B8)^DCF!$C$8)+DCF!$C$65-DCF!$C$66-DCF!$C$67)-DCF!$C$74)/(DCF!$C$69+DCF!$C$70)>DCF!$C$72,IF(((N8*(1+$B8)^DCF!$C$8)+DCF!$C$65-DCF!$C$66-DCF!$C$67)/(DCF!$C$69+DCF!$C$70+DCF!$C$73)>DCF!$C$75,((N8*(1+$B8)^DCF!$C$8)+DCF!$C$65-DCF!$C$66-DCF!$C$67)/(DCF!$C$69+DCF!$C$70+DCF!$C$73),(((N8*(1+$B8)^DCF!$C$8)+DCF!$C$65-DCF!$C$66-DCF!$C$67)-DCF!$C$74)/(DCF!$C$69+DCF!$C$70)),(((N8*(1+$B8)^DCF!$C$8)+DCF!$C$65-DCF!$C$66-DCF!$C$67)-DCF!$C$74-DCF!$C$71)/DCF!$C$69) -> 39.838582 | F8: =IF((((O8*(1+$B8)^DCF!$C$8)+DCF!$C$65-DCF!$C$66-DCF!$C$67)-DCF!$C$74)/(DCF!$C$69+DCF!$C$70)>DCF!$C$72,IF(((O8*(1+$B8)^DCF!$C$8)+DCF!$C$65-DCF!$C$66-DCF!$C$67)/(DCF!$C$69+DCF!$C$70+DCF!$C$73)>DCF!$C$75,((O8*(1+$B8)^DCF!$C$8)+DCF!$C$65-DCF!$C$66-DCF!$C$67)/(DCF!$C$69+DCF!$C$70+DCF!$C$73),(((O8*(1+$B8)^DCF!$C$8)+DCF!$C$65-DCF!$C$66-DCF!$C$67)-DCF!$C$74)/(DCF!$C$69+DCF!$C$70)),(((O8*(1+$B8)^DCF!$C$8)+DCF!$C$65-DCF!$C$66-DCF!$C$67)-DCF!$C$74-DCF!$C$71)/DCF!$C$69) -> 43.246941 | G8: =IF((((P8*(1+$B8)^DCF!$C$8)+DCF!$C$65-DCF!$C$66-DCF!$C$67)-DCF!$C$74)/(DCF!$C$69+DCF!$C$70)>DCF!$C$72,IF(((P8*(1+$B8)^DCF!$C$8)+DCF!$C$65-DCF!$C$66-DCF!$C$67)/(DCF!$C$69+DCF!$C$70+DCF!$C$73)>DCF!$C$75,((P8*(1+$B8)^DCF!$C$8)+DCF!$C$65-DCF!$C$66-DCF!$C$67)/(DCF!$C$69+DCF!$C$70+DCF!$C$73),(((P8*(1+$B8)^DCF!$C$8)+DCF!$C$65-DCF!$C$66-DCF!$C$67)-DCF!$C$74)/(DCF!$C$69+DCF!$C$70)),(((P8*(1+$B8)^DCF!$C$8)+DCF!$C$65-DCF!$C$66-DCF!$C$67)-DCF!$C$74-DCF!$C$71)/DCF!$C$69) -> 47.380482 | K8: =B8 -> 0.087 | L8: =SUMPRODUCT(DCF!$D$42:$H$42/(1+$B8)^DCF!$D$43:$H$43)+DCF!$H$40*(1+C$7)/($B8-C$7)/(1+$B8)^DCF!$C$53 -> 9983.3524 | M8: =SUMPRODUCT(DCF!$D$42:$H$42/(1+$B8)^DCF!$D$43:$H$43)+DCF!$H$40*(1+D$7)/($B8-D$7)/(1+$B8)^DCF!$C$53 -> 10642.314 | N8: =SUMPRODUCT(DCF!$D$42:$H$42/(1+$B8)^DCF!$D$43:$H$43)+DCF!$H$40*(1+E$7)/($B8-E$7)/(1+$B8)^DCF!$C$53 -> 11416.884 | O8: =SUMPRODUCT(DCF!$D$42:$H$42/(1+$B8)^DCF!$D$43:$H$43)+DCF!$H$40*(1+F$7)/($B8-F$7)/(1+$B8)^DCF!$C$53 -> 12340.409 | P8: =SUMPRODUCT(DCF!$D$42:$H$42/(1+$B8)^DCF!$D$43:$H$43)+DCF!$H$40*(1+G$7)/($B8-G$7)/(1+$B8)^DCF!$C$53 -> 13460.429
B9: =ROUND(DCF!$C$26,3)+-0.01 -> 0.092 | C9: =IF((((L9*(1+$B9)^DCF!$C$8)+DCF!$C$65-DCF!$C$66-DCF!$C$67)-DCF!$C$74)/(DCF!$C$69+DCF!$C$70)>DCF!$C$72,IF(((L9*(1+$B9)^DCF!$C$8)+DCF!$C$65-DCF!$C$66-DCF!$C$67)/(DCF!$C$69+DCF!$C$70+DCF!$C$73)>DCF!$C$75,((L9*(1+$B9)^DCF!$C$8)+DCF!$C$65-DCF!$C$66-DCF!$C$67)/(DCF!$C$69+DCF!$C$70+DCF!$C$73),(((L9*(1+$B9)^DCF!$C$8)+DCF!$C$65-DCF!$C$66-DCF!$C$67)-DCF!$C$74)/(DCF!$C$69+DCF!$C$70)),(((L9*(1+$B9)^DCF!$C$8)+DCF!$C$65-DCF!$C$66-DCF!$C$67)-DCF!$C$74-DCF!$C$71)/DCF!$C$69) -> 31.99928 | D9: =IF((((M9*(1+$B9)^DCF!$C$8)+DCF!$C$65-DCF!$C$66-DCF!$C$67)-DCF!$C$74)/(DCF!$C$69+DCF!$C$70)>DCF!$C$72,IF(((M9*(1+$B9)^DCF!$C$8)+DCF!$C$65-DCF!$C$66-DCF!$C$67)/(DCF!$C$69+DCF!$C$70+DCF!$C$73)>DCF!$C$75,((M9*(1+$B9)^DCF!$C$8)+DCF!$C$65-DCF!$C$66-DCF!$C$67)/(DCF!$C$69+DCF!$C$70+DCF!$C$73),(((M9*(1+$B9)^DCF!$C$8)+DCF!$C$65-DCF!$C$66-DCF!$C$67)-DCF!$C$74)/(DCF!$C$69+DCF!$C$70)),(((M9*(1+$B9)^DCF!$C$8)+DCF!$C$65-DCF!$C$66-DCF!$C$67)-DCF!$C$74-DCF!$C$71)/DCF!$C$69) -> 34.062824 | E9: =IF((((N9*(1+$B9)^DCF!$C$8)+DCF!$C$65-DCF!$C$66-DCF!$C$67)-DCF!$C$74)/(DCF!$C$69+DCF!$C$70)>DCF!$C$72,IF(((N9*(1+$B9)^DCF!$C$8)+DCF!$C$65-DCF!$C$66-DCF!$C$67)/(DCF!$C$69+DCF!$C$70+DCF!$C$73)>DCF!$C$75,((N9*(1+$B9)^DCF!$C$8)+DCF!$C$65-DCF!$C$66-DCF!$C$67)/(DCF!$C$69+DCF!$C$70+DCF!$C$73),(((N9*(1+$B9)^DCF!$C$8)+DCF!$C$65-DCF!$C$66-DCF!$C$67)-DCF!$C$74)/(DCF!$C$69+DCF!$C$70)),(((N9*(1+$B9)^DCF!$C$8)+DCF!$C$65-DCF!$C$66-DCF!$C$67)-DCF!$C$74-DCF!$C$71)/DCF!$C$69) -> 36.459198 | F9: =IF((((O9*(1+$B9)^DCF!$C$8)+DCF!$C$65-DCF!$C$66-DCF!$C$67)-DCF!$C$74)/(DCF!$C$69+DCF!$C$70)>DCF!$C$72,IF(((O9*(1+$B9)^DCF!$C$8)+DCF!$C$65-DCF!$C$66-DCF!$C$67)/(DCF!$C$69+DCF!$C$70+DCF!$C$73)>DCF!$C$75,((O9*(1+$B9)^DCF!$C$8)+DCF!$C$65-DCF!$C$66-DCF!$C$67)/(DCF!$C$69+DCF!$C$70+DCF!$C$73),(((O9*(1+$B9)^DCF!$C$8)+DCF!$C$65-DCF!$C$66-DCF!$C$67)-DCF!$C$74)/(DCF!$C$69+DCF!$C$70)),(((O9*(1+$B9)^DCF!$C$8)+DCF!$C$65-DCF!$C$66-DCF!$C$67)-DCF!$C$74-DCF!$C$71)/DCF!$C$69) -> 39.275988 | G9: =IF((((P9*(1+$B9)^DCF!$C$8)+DCF!$C$65-DCF!$C$66-DCF!$C$67)-DCF!$C$74)/(DCF!$C$69+DCF!$C$70)>DCF!$C$72,IF(((P9*(1+$B9)^DCF!$C$8)+DCF!$C$65-DCF!$C$66-DCF!$C$67)/(DCF!$C$69+DCF!$C$70+DCF!$C$73)>DCF!$C$75,((P9*(1+$B9)^DCF!$C$8)+DCF!$C$65-DCF!$C$66-DCF!$C$67)/(DCF!$C$69+DCF!$C$70+DCF!$C$73),(((P9*(1+$B9)^DCF!$C$8)+DCF!$C$65-DCF!$C$66-DCF!$C$67)-DCF!$C$74)/(DCF!$C$69+DCF!$C$70)),(((P9*(1+$B9)^DCF!$C$8)+DCF!$C$65-DCF!$C$66-DCF!$C$67)-DCF!$C$74-DCF!$C$71)/DCF!$C$69) -> 42.634468 | K9: =B9 -> 0.092 | L9: =SUMPRODUCT(DCF!$D$42:$H$42/(1+$B9)^DCF!$D$43:$H$43)+DCF!$H$40*(1+C$7)/($B9-C$7)/(1+$B9)^DCF!$C$53 -> 9280.4952 | M9: =SUMPRODUCT(DCF!$D$42:$H$42/(1+$B9)^DCF!$D$43:$H$43)+DCF!$H$40*(1+D$7)/($B9-D$7)/(1+$B9)^DCF!$C$53 -> 9838.893 | N9: =SUMPRODUCT(DCF!$D$42:$H$42/(1+$B9)^DCF!$D$43:$H$43)+DCF!$H$40*(1+E$7)/($B9-E$7)/(1+$B9)^DCF!$C$53 -> 10487.355 | O9: =SUMPRODUCT(DCF!$D$42:$H$42/(1+$B9)^DCF!$D$43:$H$43)+DCF!$H$40*(1+F$7)/($B9-F$7)/(1+$B9)^DCF!$C$53 -> 11249.582 | P9: =SUMPRODUCT(DCF!$D$42:$H$42/(1+$B9)^DCF!$D$43:$H$43)+DCF!$H$40*(1+G$7)/($B9-G$7)/(1+$B9)^DCF!$C$53 -> 12158.392
B10: =ROUND(DCF!$C$26,3)+-0.005 -> 0.097 | C10: =IF((((L10*(1+$B10)^DCF!$C$8)+DCF!$C$65-DCF!$C$66-DCF!$C$67)-DCF!$C$74)/(DCF!$C$69+DCF!$C$70)>DCF!$C$72,IF(((L10*(1+$B10)^DCF!$C$8)+DCF!$C$65-DCF!$C$66-DCF!$C$67)/(DCF!$C$69+DCF!$C$70+DCF!$C$73)>DCF!$C$75,((L10*(1+$B10)^DCF!$C$8)+DCF!$C$65-DCF!$C$66-DCF!$C$67)/(DCF!$C$69+DCF!$C$70+DCF!$C$73),(((L10*(1+$B10)^DCF!$C$8)+DCF!$C$65-DCF!$C$66-DCF!$C$67)-DCF!$C$74)/(DCF!$C$69+DCF!$C$70)),(((L10*(1+$B10)^DCF!$C$8)+DCF!$C$65-DCF!$C$66-DCF!$C$67)-DCF!$C$74-DCF!$C$71)/DCF!$C$69) -> 29.783726 | D10: =IF((((M10*(1+$B10)^DCF!$C$8)+DCF!$C$65-DCF!$C$66-DCF!$C$67)-DCF!$C$74)/(DCF!$C$69+DCF!$C$70)>DCF!$C$72,IF(((M10*(1+$B10)^DCF!$C$8)+DCF!$C$65-DCF!$C$66-DCF!$C$67)/(DCF!$C$69+DCF!$C$70+DCF!$C$73)>DCF!$C$75,((M10*(1+$B10)^DCF!$C$8)+DCF!$C$65-DCF!$C$66-DCF!$C$67)/(DCF!$C$69+DCF!$C$70+DCF!$C$73),(((M10*(1+$B10)^DCF!$C$8)+DCF!$C$65-DCF!$C$66-DCF!$C$67)-DCF!$C$74)/(DCF!$C$69+DCF!$C$70)),(((M10*(1+$B10)^DCF!$C$8)+DCF!$C$65-DCF!$C$66-DCF!$C$67)-DCF!$C$74-DCF!$C$71)/DCF!$C$69) -> 31.55312 | E10: =IF((((N10*(1+$B10)^DCF!$C$8)+DCF!$C$65-DCF!$C$66-DCF!$C$67)-DCF!$C$74)/(DCF!$C$69+DCF!$C$70)>DCF!$C$72,IF(((N10*(1+$B10)^DCF!$C$8)+DCF!$C$65-DCF!$C$66-DCF!$C$67)/(DCF!$C$69+DCF!$C$70+DCF!$C$73)>DCF!$C$75,((N10*(1+$B10)^DCF!$C$8)+DCF!$C$65-DCF!$C$66-DCF!$C$67)/(DCF!$C$69+DCF!$C$70+DCF!$C$73),(((N10*(1+$B10)^DCF!$C$8)+DCF!$C$65-DCF!$C$66-DCF!$C$67)-DCF!$C$74)/(DCF!$C$69+DCF!$C$70)),(((N10*(1+$B10)^DCF!$C$8)+DCF!$C$65-DCF!$C$66-DCF!$C$67)-DCF!$C$74-DCF!$C$71)/DCF!$C$69) -> 33.586602 | F10: =IF((((O10*(1+$B10)^DCF!$C$8)+DCF!$C$65-DCF!$C$66-DCF!$C$67)-DCF!$C$74)/(DCF!$C$69+DCF!$C$70)>DCF!$C$72,IF(((O10*(1+$B10)^DCF!$C$8)+DCF!$C$65-DCF!$C$66-DCF!$C$67)/(DCF!$C$69+DCF!$C$70+DCF!$C$73)>DCF!$C$75,((O10*(1+$B10)^DCF!$C$8)+DCF!$C$65-DCF!$C$66-DCF!$C$67)/(DCF!$C$69+DCF!$C$70+DCF!$C$73),(((O10*(1+$B10)^DCF!$C$8)+DCF!$C$65-DCF!$C$66-DCF!$C$67)-DCF!$C$74)/(DCF!$C$69+DCF!$C$70)),(((O10*(1+$B10)^DCF!$C$8)+DCF!$C$65-DCF!$C$66-DCF!$C$67)-DCF!$C$74-DCF!$C$71)/DCF!$C$69) -> 35.948066 | G10: =IF((((P10*(1+$B10)^DCF!$C$8)+DCF!$C$65-DCF!$C$66-DCF!$C$67)-DCF!$C$74)/(DCF!$C$69+DCF!$C$70)>DCF!$C$72,IF(((P10*(1+$B10)^DCF!$C$8)+DCF!$C$65-DCF!$C$66-DCF!$C$67)/(DCF!$C$69+DCF!$C$70+DCF!$C$73)>DCF!$C$75,((P10*(1+$B10)^DCF!$C$8)+DCF!$C$65-DCF!$C$66-DCF!$C$67)/(DCF!$C$69+DCF!$C$70+DCF!$C$73),(((P10*(1+$B10)^DCF!$C$8)+DCF!$C$65-DCF!$C$66-DCF!$C$67)-DCF!$C$74)/(DCF!$C$69+DCF!$C$70)),(((P10*(1+$B10)^DCF!$C$8)+DCF!$C$65-DCF!$C$66-DCF!$C$67)-DCF!$C$74-DCF!$C$71)/DCF!$C$69) -> 38.723822 | K10: =B10 -> 0.097 | L10: =SUMPRODUCT(DCF!$D$42:$H$42/(1+$B10)^DCF!$D$43:$H$43)+DCF!$H$40*(1+C$7)/($B10-C$7)/(1+$B10)^DCF!$C$53 -> 8669.5622 | M10: =SUMPRODUCT(DCF!$D$42:$H$42/(1+$B10)^DCF!$D$43:$H$43)+DCF!$H$40*(1+D$7)/($B10-D$7)/(1+$B10)^DCF!$C$53 -> 9147.7339 | N10: =SUMPRODUCT(DCF!$D$42:$H$42/(1+$B10)^DCF!$D$43:$H$43)+DCF!$H$40*(1+E$7)/($B10-E$7)/(1+$B10)^DCF!$C$53 -> 9697.2745 | O10: =SUMPRODUCT(DCF!$D$42:$H$42/(1+$B10)^DCF!$D$43:$H$43)+DCF!$H$40*(1+F$7)/($B10-F$7)/(1+$B10)^DCF!$C$53 -> 10335.451 | P10: =SUMPRODUCT(DCF!$D$42:$H$42/(1+$B10)^DCF!$D$43:$H$43)+DCF!$H$40*(1+G$7)/($B10-G$7)/(1+$B10)^DCF!$C$53 -> 11085.588
B11: =ROUND(DCF!$C$26,3)+0 -> 0.102 | C11: =IF((((L11*(1+$B11)^DCF!$C$8)+DCF!$C$65-DCF!$C$66-DCF!$C$67)-DCF!$C$74)/(DCF!$C$69+DCF!$C$70)>DCF!$C$72,IF(((L11*(1+$B11)^DCF!$C$8)+DCF!$C$65-DCF!$C$66-DCF!$C$67)/(DCF!$C$69+DCF!$C$70+DCF!$C$73)>DCF!$C$75,((L11*(1+$B11)^DCF!$C$8)+DCF!$C$65-DCF!$C$66-DCF!$C$67)/(DCF!$C$69+DCF!$C$70+DCF!$C$73),(((L11*(1+$B11)^DCF!$C$8)+DCF!$C$65-DCF!$C$66-DCF!$C$67)-DCF!$C$74)/(DCF!$C$69+DCF!$C$70)),(((L11*(1+$B11)^DCF!$C$8)+DCF!$C$65-DCF!$C$66-DCF!$C$67)-DCF!$C$74-DCF!$C$71)/DCF!$C$69) -> 27.840313 | D11: =IF((((M11*(1+$B11)^DCF!$C$8)+DCF!$C$65-DCF!$C$66-DCF!$C$67)-DCF!$C$74)/(DCF!$C$69+DCF!$C$70)>DCF!$C$72,IF(((M11*(1+$B11)^DCF!$C$8)+DCF!$C$65-DCF!$C$66-DCF!$C$67)/(DCF!$C$69+DCF!$C$70+DCF!$C$73)>DCF!$C$75,((M11*(1+$B11)^DCF!$C$8)+DCF!$C$65-DCF!$C$66-DCF!$C$67)/(DCF!$C$69+DCF!$C$70+DCF!$C$73),(((M11*(1+$B11)^DCF!$C$8)+DCF!$C$65-DCF!$C$66-DCF!$C$67)-DCF!$C$74)/(DCF!$C$69+DCF!$C$70)),(((M11*(1+$B11)^DCF!$C$8)+DCF!$C$65-DCF!$C$66-DCF!$C$67)-DCF!$C$74-DCF!$C$71)/DCF!$C$69) -> 29.371397 | E11: =IF((((N11*(1+$B11)^DCF!$C$8)+DCF!$C$65-DCF!$C$66-DCF!$C$67)-DCF!$C$74)/(DCF!$C$69+DCF!$C$70)>DCF!$C$72,IF(((N11*(1+$B11)^DCF!$C$8)+DCF!$C$65-DCF!$C$66-DCF!$C$67)/(DCF!$C$69+DCF!$C$70+DCF!$C$73)>DCF!$C$75,((N11*(1+$B11)^DCF!$C$8)+DCF!$C$65-DCF!$C$66-DCF!$C$67)/(DCF!$C$69+DCF!$C$70+DCF!$C$73),(((N11*(1+$B11)^DCF!$C$8)+DCF!$C$65-DCF!$C$66-DCF!$C$67)-DCF!$C$74)/(DCF!$C$69+DCF!$C$70)),(((N11*(1+$B11)^DCF!$C$8)+DCF!$C$65-DCF!$C$66-DCF!$C$67)-DCF!$C$74-DCF!$C$71)/DCF!$C$69) -> 31.115131 | F11: =IF((((O11*(1+$B11)^DCF!$C$8)+DCF!$C$65-DCF!$C$66-DCF!$C$67)-DCF!$C$74)/(DCF!$C$69+DCF!$C$70)>DCF!$C$72,IF(((O11*(1+$B11)^DCF!$C$8)+DCF!$C$65-DCF!$C$66-DCF!$C$67)/(DCF!$C$69+DCF!$C$70+DCF!$C$73)>DCF!$C$75,((O11*(1+$B11)^DCF!$C$8)+DCF!$C$65-DCF!$C$66-DCF!$C$67)/(DCF!$C$69+DCF!$C$70+DCF!$C$73),(((O11*(1+$B11)^DCF!$C$8)+DCF!$C$65-DCF!$C$66-DCF!$C$67)-DCF!$C$74)/(DCF!$C$69+DCF!$C$70)),(((O11*(1+$B11)^DCF!$C$8)+DCF!$C$65-DCF!$C$66-DCF!$C$67)-DCF!$C$74-DCF!$C$71)/DCF!$C$69) -> 33.119125 | G11: =IF((((P11*(1+$B11)^DCF!$C$8)+DCF!$C$65-DCF!$C$66-DCF!$C$67)-DCF!$C$74)/(DCF!$C$69+DCF!$C$70)>DCF!$C$72,IF(((P11*(1+$B11)^DCF!$C$8)+DCF!$C$65-DCF!$C$66-DCF!$C$67)/(DCF!$C$69+DCF!$C$70+DCF!$C$73)>DCF!$C$75,((P11*(1+$B11)^DCF!$C$8)+DCF!$C$65-DCF!$C$66-DCF!$C$67)/(DCF!$C$69+DCF!$C$70+DCF!$C$73),(((P11*(1+$B11)^DCF!$C$8)+DCF!$C$65-DCF!$C$66-DCF!$C$67)-DCF!$C$74)/(DCF!$C$69+DCF!$C$70)),(((P11*(1+$B11)^DCF!$C$8)+DCF!$C$65-DCF!$C$66-DCF!$C$67)-DCF!$C$74-DCF!$C$71)/DCF!$C$69) -> 35.446342 | K11: =B11 -> 0.102 | L11: =SUMPRODUCT(DCF!$D$42:$H$42/(1+$B11)^DCF!$D$43:$H$43)+DCF!$H$40*(1+C$7)/($B11-C$7)/(1+$B11)^DCF!$C$53 -> 8133.7153 | M11: =SUMPRODUCT(DCF!$D$42:$H$42/(1+$B11)^DCF!$D$43:$H$43)+DCF!$H$40*(1+D$7)/($B11-D$7)/(1+$B11)^DCF!$C$53 -> 8546.9437 | N11: =SUMPRODUCT(DCF!$D$42:$H$42/(1+$B11)^DCF!$D$43:$H$43)+DCF!$H$40*(1+E$7)/($B11-E$7)/(1+$B11)^DCF!$C$53 -> 9017.5648 | O11: =SUMPRODUCT(DCF!$D$42:$H$42/(1+$B11)^DCF!$D$43:$H$43)+DCF!$H$40*(1+F$7)/($B11-F$7)/(1+$B11)^DCF!$C$53 -> 9558.428 | P11: =SUMPRODUCT(DCF!$D$42:$H$42/(1+$B11)^DCF!$D$43:$H$43)+DCF!$H$40*(1+G$7)/($B11-G$7)/(1+$B11)^DCF!$C$53 -> 10186.527
B12: =ROUND(DCF!$C$26,3)+0.005 -> 0.107 | C12: =IF((((L12*(1+$B12)^DCF!$C$8)+DCF!$C$65-DCF!$C$66-DCF!$C$67)-DCF!$C$74)/(DCF!$C$69+DCF!$C$70)>DCF!$C$72,IF(((L12*(1+$B12)^DCF!$C$8)+DCF!$C$65-DCF!$C$66-DCF!$C$67)/(DCF!$C$69+DCF!$C$70+DCF!$C$73)>DCF!$C$75,((L12*(1+$B12)^DCF!$C$8)+DCF!$C$65-DCF!$C$66-DCF!$C$67)/(DCF!$C$69+DCF!$C$70+DCF!$C$73),(((L12*(1+$B12)^DCF!$C$8)+DCF!$C$65-DCF!$C$66-DCF!$C$67)-DCF!$C$74)/(DCF!$C$69+DCF!$C$70)),(((L12*(1+$B12)^DCF!$C$8)+DCF!$C$65-DCF!$C$66-DCF!$C$67)-DCF!$C$74-DCF!$C$71)/DCF!$C$69) -> 26.122055 | D12: =IF((((M12*(1+$B12)^DCF!$C$8)+DCF!$C$65-DCF!$C$66-DCF!$C$67)-DCF!$C$74)/(DCF!$C$69+DCF!$C$70)>DCF!$C$72,IF(((M12*(1+$B12)^DCF!$C$8)+DCF!$C$65-DCF!$C$66-DCF!$C$67)/(DCF!$C$69+DCF!$C$70+DCF!$C$73)>DCF!$C$75,((M12*(1+$B12)^DCF!$C$8)+DCF!$C$65-DCF!$C$66-DCF!$C$67)/(DCF!$C$69+DCF!$C$70+DCF!$C$73),(((M12*(1+$B12)^DCF!$C$8)+DCF!$C$65-DCF!$C$66-DCF!$C$67)-DCF!$C$74)/(DCF!$C$69+DCF!$C$70)),(((M12*(1+$B12)^DCF!$C$8)+DCF!$C$65-DCF!$C$66-DCF!$C$67)-DCF!$C$74-DCF!$C$71)/DCF!$C$69) -> 27.457589 | E12: =IF((((N12*(1+$B12)^DCF!$C$8)+DCF!$C$65-DCF!$C$66-DCF!$C$67)-DCF!$C$74)/(DCF!$C$69+DCF!$C$70)>DCF!$C$72,IF(((N12*(1+$B12)^DCF!$C$8)+DCF!$C$65-DCF!$C$66-DCF!$C$67)/(DCF!$C$69+DCF!$C$70+DCF!$C$73)>DCF!$C$75,((N12*(1+$B12)^DCF!$C$8)+DCF!$C$65-DCF!$C$66-DCF!$C$67)/(DCF!$C$69+DCF!$C$70+DCF!$C$73),(((N12*(1+$B12)^DCF!$C$8)+DCF!$C$65-DCF!$C$66-DCF!$C$67)-DCF!$C$74)/(DCF!$C$69+DCF!$C$70)),(((N12*(1+$B12)^DCF!$C$8)+DCF!$C$65-DCF!$C$66-DCF!$C$67)-DCF!$C$74-DCF!$C$71)/DCF!$C$69) -> 28.966569 | F12: =IF((((O12*(1+$B12)^DCF!$C$8)+DCF!$C$65-DCF!$C$66-DCF!$C$67)-DCF!$C$74)/(DCF!$C$69+DCF!$C$70)>DCF!$C$72,IF(((O12*(1+$B12)^DCF!$C$8)+DCF!$C$65-DCF!$C$66-DCF!$C$67)/(DCF!$C$69+DCF!$C$70+DCF!$C$73)>DCF!$C$75,((O12*(1+$B12)^DCF!$C$8)+DCF!$C$65-DCF!$C$66-DCF!$C$67)/(DCF!$C$69+DCF!$C$70+DCF!$C$73),(((O12*(1+$B12)^DCF!$C$8)+DCF!$C$65-DCF!$C$66-DCF!$C$67)-DCF!$C$74)/(DCF!$C$69+DCF!$C$70)),(((O12*(1+$B12)^DCF!$C$8)+DCF!$C$65-DCF!$C$66-DCF!$C$67)-DCF!$C$74-DCF!$C$71)/DCF!$C$69) -> 30.685129 | G12: =IF((((P12*(1+$B12)^DCF!$C$8)+DCF!$C$65-DCF!$C$66-DCF!$C$67)-DCF!$C$74)/(DCF!$C$69+DCF!$C$70)>DCF!$C$72,IF(((P12*(1+$B12)^DCF!$C$8)+DCF!$C$65-DCF!$C$66-DCF!$C$67)/(DCF!$C$69+DCF!$C$70+DCF!$C$73)>DCF!$C$75,((P12*(1+$B12)^DCF!$C$8)+DCF!$C$65-DCF!$C$66-DCF!$C$67)/(DCF!$C$69+DCF!$C$70+DCF!$C$73),(((P12*(1+$B12)^DCF!$C$8)+DCF!$C$65-DCF!$C$66-DCF!$C$67)-DCF!$C$74)/(DCF!$C$69+DCF!$C$70)),(((P12*(1+$B12)^DCF!$C$8)+DCF!$C$65-DCF!$C$66-DCF!$C$67)-DCF!$C$74-DCF!$C$71)/DCF!$C$69) -> 32.660191 | K12: =B12 -> 0.107 | L12: =SUMPRODUCT(DCF!$D$42:$H$42/(1+$B12)^DCF!$D$43:$H$43)+DCF!$H$40*(1+C$7)/($B12-C$7)/(1+$B12)^DCF!$C$53 -> 7659.988 | M12: =SUMPRODUCT(DCF!$D$42:$H$42/(1+$B12)^DCF!$D$43:$H$43)+DCF!$H$40*(1+D$7)/($B12-D$7)/(1+$B12)^DCF!$C$53 -> 8019.9698 | N12: =SUMPRODUCT(DCF!$D$42:$H$42/(1+$B12)^DCF!$D$43:$H$43)+DCF!$H$40*(1+E$7)/($B12-E$7)/(1+$B12)^DCF!$C$53 -> 8426.7024 | O12: =SUMPRODUCT(DCF!$D$42:$H$42/(1+$B12)^DCF!$D$43:$H$43)+DCF!$H$40*(1+F$7)/($B12-F$7)/(1+$B12)^DCF!$C$53 -> 8889.9257 | P12: =SUMPRODUCT(DCF!$D$42:$H$42/(1+$B12)^DCF!$D$43:$H$43)+DCF!$H$40*(1+G$7)/($B12-G$7)/(1+$B12)^DCF!$C$53 -> 9422.2867
B13: =ROUND(DCF!$C$26,3)+0.01 -> 0.112 | C13: =IF((((L13*(1+$B13)^DCF!$C$8)+DCF!$C$65-DCF!$C$66-DCF!$C$67)-DCF!$C$74)/(DCF!$C$69+DCF!$C$70)>DCF!$C$72,IF(((L13*(1+$B13)^DCF!$C$8)+DCF!$C$65-DCF!$C$66-DCF!$C$67)/(DCF!$C$69+DCF!$C$70+DCF!$C$73)>DCF!$C$75,((L13*(1+$B13)^DCF!$C$8)+DCF!$C$65-DCF!$C$66-DCF!$C$67)/(DCF!$C$69+DCF!$C$70+DCF!$C$73),(((L13*(1+$B13)^DCF!$C$8)+DCF!$C$65-DCF!$C$66-DCF!$C$67)-DCF!$C$74)/(DCF!$C$69+DCF!$C$70)),(((L13*(1+$B13)^DCF!$C$8)+DCF!$C$65-DCF!$C$66-DCF!$C$67)-DCF!$C$74-DCF!$C$71)/DCF!$C$69) -> 24.557069 | D13: =IF((((M13*(1+$B13)^DCF!$C$8)+DCF!$C$65-DCF!$C$66-DCF!$C$67)-DCF!$C$74)/(DCF!$C$69+DCF!$C$70)>DCF!$C$72,IF(((M13*(1+$B13)^DCF!$C$8)+DCF!$C$65-DCF!$C$66-DCF!$C$67)/(DCF!$C$69+DCF!$C$70+DCF!$C$73)>DCF!$C$75,((M13*(1+$B13)^DCF!$C$8)+DCF!$C$65-DCF!$C$66-DCF!$C$67)/(DCF!$C$69+DCF!$C$70+DCF!$C$73),(((M13*(1+$B13)^DCF!$C$8)+DCF!$C$65-DCF!$C$66-DCF!$C$67)-DCF!$C$74)/(DCF!$C$69+DCF!$C$70)),(((M13*(1+$B13)^DCF!$C$8)+DCF!$C$65-DCF!$C$66-DCF!$C$67)-DCF!$C$74-DCF!$C$71)/DCF!$C$69) -> 25.765438 | E13: =IF((((N13*(1+$B13)^DCF!$C$8)+DCF!$C$65-DCF!$C$66-DCF!$C$67)-DCF!$C$74)/(DCF!$C$69+DCF!$C$70)>DCF!$C$72,IF(((N13*(1+$B13)^DCF!$C$8)+DCF!$C$65-DCF!$C$66-DCF!$C$67)/(DCF!$C$69+DCF!$C$70+DCF!$C$73)>DCF!$C$75,((N13*(1+$B13)^DCF!$C$8)+DCF!$C$65-DCF!$C$66-DCF!$C$67)/(DCF!$C$69+DCF!$C$70+DCF!$C$73),(((N13*(1+$B13)^DCF!$C$8)+DCF!$C$65-DCF!$C$66-DCF!$C$67)-DCF!$C$74)/(DCF!$C$69+DCF!$C$70)),(((N13*(1+$B13)^DCF!$C$8)+DCF!$C$65-DCF!$C$66-DCF!$C$67)-DCF!$C$74-DCF!$C$71)/DCF!$C$69) -> 27.081777 | F13: =IF((((O13*(1+$B13)^DCF!$C$8)+DCF!$C$65-DCF!$C$66-DCF!$C$67)-DCF!$C$74)/(DCF!$C$69+DCF!$C$70)>DCF!$C$72,IF(((O13*(1+$B13)^DCF!$C$8)+DCF!$C$65-DCF!$C$66-DCF!$C$67)/(DCF!$C$69+DCF!$C$70+DCF!$C$73)>DCF!$C$75,((O13*(1+$B13)^DCF!$C$8)+DCF!$C$65-DCF!$C$66-DCF!$C$67)/(DCF!$C$69+DCF!$C$70+DCF!$C$73),(((O13*(1+$B13)^DCF!$C$8)+DCF!$C$65-DCF!$C$66-DCF!$C$67)-DCF!$C$74)/(DCF!$C$69+DCF!$C$70)),(((O13*(1+$B13)^DCF!$C$8)+DCF!$C$65-DCF!$C$66-DCF!$C$67)-DCF!$C$74-DCF!$C$71)/DCF!$C$69) -> 28.56907 | G13: =IF((((P13*(1+$B13)^DCF!$C$8)+DCF!$C$65-DCF!$C$66-DCF!$C$67)-DCF!$C$74)/(DCF!$C$69+DCF!$C$70)>DCF!$C$72,IF(((P13*(1+$B13)^DCF!$C$8)+DCF!$C$65-DCF!$C$66-DCF!$C$67)/(DCF!$C$69+DCF!$C$70+DCF!$C$73)>DCF!$C$75,((P13*(1+$B13)^DCF!$C$8)+DCF!$C$65-DCF!$C$66-DCF!$C$67)/(DCF!$C$69+DCF!$C$70+DCF!$C$73),(((P13*(1+$B13)^DCF!$C$8)+DCF!$C$65-DCF!$C$66-DCF!$C$67)-DCF!$C$74)/(DCF!$C$69+DCF!$C$70)),(((P13*(1+$B13)^DCF!$C$8)+DCF!$C$65-DCF!$C$66-DCF!$C$67)-DCF!$C$74-DCF!$C$71)/DCF!$C$69) -> 30.262931 | K13: =B13 -> 0.112 | L13: =SUMPRODUCT(DCF!$D$42:$H$42/(1+$B13)^DCF!$D$43:$H$43)+DCF!$H$40*(1+C$7)/($B13-C$7)/(1+$B13)^DCF!$C$53 -> 7238.2333 | M13: =SUMPRODUCT(DCF!$D$42:$H$42/(1+$B13)^DCF!$D$43:$H$43)+DCF!$H$40*(1+D$7)/($B13-D$7)/(1+$B13)^DCF!$C$53 -> 7554.0655 | N13: =SUMPRODUCT(DCF!$D$42:$H$42/(1+$B13)^DCF!$D$43:$H$43)+DCF!$H$40*(1+E$7)/($B13-E$7)/(1+$B13)^DCF!$C$53 -> 7908.4139 | O13: =SUMPRODUCT(DCF!$D$42:$H$42/(1+$B13)^DCF!$D$43:$H$43)+DCF!$H$40*(1+F$7)/($B13-F$7)/(1+$B13)^DCF!$C$53 -> 8308.7815 | P13: =SUMPRODUCT(DCF!$D$42:$H$42/(1+$B13)^DCF!$D$43:$H$43)+DCF!$H$40*(1+G$7)/($B13-G$7)/(1+$B13)^DCF!$C$53 -> 8764.7557
B14: =ROUND(DCF!$C$26,3)+0.015 -> 0.117 | C14: =IF((((L14*(1+$B14)^DCF!$C$8)+DCF!$C$65-DCF!$C$66-DCF!$C$67)-DCF!$C$74)/(DCF!$C$69+DCF!$C$70)>DCF!$C$72,IF(((L14*(1+$B14)^DCF!$C$8)+DCF!$C$65-DCF!$C$66-DCF!$C$67)/(DCF!$C$69+DCF!$C$70+DCF!$C$73)>DCF!$C$75,((L14*(1+$B14)^DCF!$C$8)+DCF!$C$65-DCF!$C$66-DCF!$C$67)/(DCF!$C$69+DCF!$C$70+DCF!$C$73),(((L14*(1+$B14)^DCF!$C$8)+DCF!$C$65-DCF!$C$66-DCF!$C$67)-DCF!$C$74)/(DCF!$C$69+DCF!$C$70)),(((L14*(1+$B14)^DCF!$C$8)+DCF!$C$65-DCF!$C$66-DCF!$C$67)-DCF!$C$74-DCF!$C$71)/DCF!$C$69) -> 23.068384 | D14: =IF((((M14*(1+$B14)^DCF!$C$8)+DCF!$C$65-DCF!$C$66-DCF!$C$67)-DCF!$C$74)/(DCF!$C$69+DCF!$C$70)>DCF!$C$72,IF(((M14*(1+$B14)^DCF!$C$8)+DCF!$C$65-DCF!$C$66-DCF!$C$67)/(DCF!$C$69+DCF!$C$70+DCF!$C$73)>DCF!$C$75,((M14*(1+$B14)^DCF!$C$8)+DCF!$C$65-DCF!$C$66-DCF!$C$67)/(DCF!$C$69+DCF!$C$70+DCF!$C$73),(((M14*(1+$B14)^DCF!$C$8)+DCF!$C$65-DCF!$C$66-DCF!$C$67)-DCF!$C$74)/(DCF!$C$69+DCF!$C$70)),(((M14*(1+$B14)^DCF!$C$8)+DCF!$C$65-DCF!$C$66-DCF!$C$67)-DCF!$C$74-DCF!$C$71)/DCF!$C$69) -> 24.194931 | E14: =IF((((N14*(1+$B14)^DCF!$C$8)+DCF!$C$65-DCF!$C$66-DCF!$C$67)-DCF!$C$74)/(DCF!$C$69+DCF!$C$70)>DCF!$C$72,IF(((N14*(1+$B14)^DCF!$C$8)+DCF!$C$65-DCF!$C$66-DCF!$C$67)/(DCF!$C$69+DCF!$C$70+DCF!$C$73)>DCF!$C$75,((N14*(1+$B14)^DCF!$C$8)+DCF!$C$65-DCF!$C$66-DCF!$C$67)/(DCF!$C$69+DCF!$C$70+DCF!$C$73),(((N14*(1+$B14)^DCF!$C$8)+DCF!$C$65-DCF!$C$66-DCF!$C$67)-DCF!$C$74)/(DCF!$C$69+DCF!$C$70)),(((N14*(1+$B14)^DCF!$C$8)+DCF!$C$65-DCF!$C$66-DCF!$C$67)-DCF!$C$74-DCF!$C$71)/DCF!$C$69) -> 25.415218 | F14: =IF((((O14*(1+$B14)^DCF!$C$8)+DCF!$C$65-DCF!$C$66-DCF!$C$67)-DCF!$C$74)/(DCF!$C$69+DCF!$C$70)>DCF!$C$72,IF(((O14*(1+$B14)^DCF!$C$8)+DCF!$C$65-DCF!$C$66-DCF!$C$67)/(DCF!$C$69+DCF!$C$70+DCF!$C$73)>DCF!$C$75,((O14*(1+$B14)^DCF!$C$8)+DCF!$C$65-DCF!$C$66-DCF!$C$67)/(DCF!$C$69+DCF!$C$70+DCF!$C$73),(((O14*(1+$B14)^DCF!$C$8)+DCF!$C$65-DCF!$C$66-DCF!$C$67)-DCF!$C$74)/(DCF!$C$69+DCF!$C$70)),(((O14*(1+$B14)^DCF!$C$8)+DCF!$C$65-DCF!$C$66-DCF!$C$67)-DCF!$C$74-DCF!$C$71)/DCF!$C$69) -> 26.712723 | G14: =IF((((P14*(1+$B14)^DCF!$C$8)+DCF!$C$65-DCF!$C$66-DCF!$C$67)-DCF!$C$74)/(DCF!$C$69+DCF!$C$70)>DCF!$C$72,IF(((P14*(1+$B14)^DCF!$C$8)+DCF!$C$65-DCF!$C$66-DCF!$C$67)/(DCF!$C$69+DCF!$C$70+DCF!$C$73)>DCF!$C$75,((P14*(1+$B14)^DCF!$C$8)+DCF!$C$65-DCF!$C$66-DCF!$C$67)/(DCF!$C$69+DCF!$C$70+DCF!$C$73),(((P14*(1+$B14)^DCF!$C$8)+DCF!$C$65-DCF!$C$66-DCF!$C$67)-DCF!$C$74)/(DCF!$C$69+DCF!$C$70)),(((P14*(1+$B14)^DCF!$C$8)+DCF!$C$65-DCF!$C$66-DCF!$C$67)-DCF!$C$74-DCF!$C$71)/DCF!$C$69) -> 28.178735 | K14: =B14 -> 0.117 | L14: =SUMPRODUCT(DCF!$D$42:$H$42/(1+$B14)^DCF!$D$43:$H$43)+DCF!$H$40*(1+C$7)/($B14-C$7)/(1+$B14)^DCF!$C$53 -> 6860.3972 | M14: =SUMPRODUCT(DCF!$D$42:$H$42/(1+$B14)^DCF!$D$43:$H$43)+DCF!$H$40*(1+D$7)/($B14-D$7)/(1+$B14)^DCF!$C$53 -> 7139.2561 | N14: =SUMPRODUCT(DCF!$D$42:$H$42/(1+$B14)^DCF!$D$43:$H$43)+DCF!$H$40*(1+E$7)/($B14-E$7)/(1+$B14)^DCF!$C$53 -> 7450.1678 | O14: =SUMPRODUCT(DCF!$D$42:$H$42/(1+$B14)^DCF!$D$43:$H$43)+DCF!$H$40*(1+F$7)/($B14-F$7)/(1+$B14)^DCF!$C$53 -> 7798.9956 | P14: =SUMPRODUCT(DCF!$D$42:$H$42/(1+$B14)^DCF!$D$43:$H$43)+DCF!$H$40*(1+G$7)/($B14-G$7)/(1+$B14)^DCF!$C$53 -> 8193.1257
A17: TABLE 2 – WACC vs EXIT MULTIPLE (EV / FY30E adjusted EBITDA)
A18: Rows: WACC | Columns: exit multiple
B19: $ / share | C19: =DCF!$C$28+-3 -> 8 | D19: =DCF!$C$28+-1.5 -> 9.5 | E19: =DCF!$C$28+0 -> 11 | F19: =DCF!$C$28+1.5 -> 12.5 | G19: =DCF!$C$28+3 -> 14 | K19: EV at 30-Jun-26 ($mm) | L19: =C19 -> 8 | M19: =D19 -> 9.5 | N19: =E19 -> 11 | O19: =F19 -> 12.5 | P19: =G19 -> 14
B20: =ROUND(DCF!$C$26,3)+-0.015 -> 0.087 | C20: =IF((((L20*(1+$B20)^DCF!$C$8)+DCF!$C$65-DCF!$C$66-DCF!$C$67)-DCF!$C$74)/(DCF!$C$69+DCF!$C$70)>DCF!$C$72,IF(((L20*(1+$B20)^DCF!$C$8)+DCF!$C$65-DCF!$C$66-DCF!$C$67)/(DCF!$C$69+DCF!$C$70+DCF!$C$73)>DCF!$C$75,((L20*(1+$B20)^DCF!$C$8)+DCF!$C$65-DCF!$C$66-DCF!$C$67)/(DCF!$C$69+DCF!$C$70+DCF!$C$73),(((L20*(1+$B20)^DCF!$C$8)+DCF!$C$65-DCF!$C$66-DCF!$C$67)-DCF!$C$74)/(DCF!$C$69+DCF!$C$70)),(((L20*(1+$B20)^DCF!$C$8)+DCF!$C$65-DCF!$C$66-DCF!$C$67)-DCF!$C$74-DCF!$C$71)/DCF!$C$69) -> 27.69346 | D20: =IF((((M20*(1+$B20)^DCF!$C$8)+DCF!$C$65-DCF!$C$66-DCF!$C$67)-DCF!$C$74)/(DCF!$C$69+DCF!$C$70)>DCF!$C$72,IF(((M20*(1+$B20)^DCF!$C$8)+DCF!$C$65-DCF!$C$66-DCF!$C$67)/(DCF!$C$69+DCF!$C$70+DCF!$C$73)>DCF!$C$75,((M20*(1+$B20)^DCF!$C$8)+DCF!$C$65-DCF!$C$66-DCF!$C$67)/(DCF!$C$69+DCF!$C$70+DCF!$C$73),(((M20*(1+$B20)^DCF!$C$8)+DCF!$C$65-DCF!$C$66-DCF!$C$67)-DCF!$C$74)/(DCF!$C$69+DCF!$C$70)),(((M20*(1+$B20)^DCF!$C$8)+DCF!$C$65-DCF!$C$66-DCF!$C$67)-DCF!$C$74-DCF!$C$71)/DCF!$C$69) -> 31.714031 | E20: =IF((((N20*(1+$B20)^DCF!$C$8)+DCF!$C$65-DCF!$C$66-DCF!$C$67)-DCF!$C$74)/(DCF!$C$69+DCF!$C$70)>DCF!$C$72,IF(((N20*(1+$B20)^DCF!$C$8)+DCF!$C$65-DCF!$C$66-DCF!$C$67)/(DCF!$C$69+DCF!$C$70+DCF!$C$73)>DCF!$C$75,((N20*(1+$B20)^DCF!$C$8)+DCF!$C$65-DCF!$C$66-DCF!$C$67)/(DCF!$C$69+DCF!$C$70+DCF!$C$73),(((N20*(1+$B20)^DCF!$C$8)+DCF!$C$65-DCF!$C$66-DCF!$C$67)-DCF!$C$74)/(DCF!$C$69+DCF!$C$70)),(((N20*(1+$B20)^DCF!$C$8)+DCF!$C$65-DCF!$C$66-DCF!$C$67)-DCF!$C$74-DCF!$C$71)/DCF!$C$69) -> 35.734602 | F20: =IF((((O20*(1+$B20)^DCF!$C$8)+DCF!$C$65-DCF!$C$66-DCF!$C$67)-DCF!$C$74)/(DCF!$C$69+DCF!$C$70)>DCF!$C$72,IF(((O20*(1+$B20)^DCF!$C$8)+DCF!$C$65-DCF!$C$66-DCF!$C$67)/(DCF!$C$69+DCF!$C$70+DCF!$C$73)>DCF!$C$75,((O20*(1+$B20)^DCF!$C$8)+DCF!$C$65-DCF!$C$66-DCF!$C$67)/(DCF!$C$69+DCF!$C$70+DCF!$C$73),(((O20*(1+$B20)^DCF!$C$8)+DCF!$C$65-DCF!$C$66-DCF!$C$67)-DCF!$C$74)/(DCF!$C$69+DCF!$C$70)),(((O20*(1+$B20)^DCF!$C$8)+DCF!$C$65-DCF!$C$66-DCF!$C$67)-DCF!$C$74-DCF!$C$71)/DCF!$C$69) -> 39.755172 | G20: =IF((((P20*(1+$B20)^DCF!$C$8)+DCF!$C$65-DCF!$C$66-DCF!$C$67)-DCF!$C$74)/(DCF!$C$69+DCF!$C$70)>DCF!$C$72,IF(((P20*(1+$B20)^DCF!$C$8)+DCF!$C$65-DCF!$C$66-DCF!$C$67)/(DCF!$C$69+DCF!$C$70+DCF!$C$73)>DCF!$C$75,((P20*(1+$B20)^DCF!$C$8)+DCF!$C$65-DCF!$C$66-DCF!$C$67)/(DCF!$C$69+DCF!$C$70+DCF!$C$73),(((P20*(1+$B20)^DCF!$C$8)+DCF!$C$65-DCF!$C$66-DCF!$C$67)-DCF!$C$74)/(DCF!$C$69+DCF!$C$70)),(((P20*(1+$B20)^DCF!$C$8)+DCF!$C$65-DCF!$C$66-DCF!$C$67)-DCF!$C$74-DCF!$C$71)/DCF!$C$69) -> 43.775743 | K20: =B20 -> 0.087 | L20: =SUMPRODUCT(DCF!$D$42:$H$42/(1+$B20)^DCF!$D$43:$H$43)+DCF!$H$39*C$19/(1+$B20)^DCF!$C$53 -> 8126.0551 | M20: =SUMPRODUCT(DCF!$D$42:$H$42/(1+$B20)^DCF!$D$43:$H$43)+DCF!$H$39*D$19/(1+$B20)^DCF!$C$53 -> 9215.4645 | N20: =SUMPRODUCT(DCF!$D$42:$H$42/(1+$B20)^DCF!$D$43:$H$43)+DCF!$H$39*E$19/(1+$B20)^DCF!$C$53 -> 10304.874 | O20: =SUMPRODUCT(DCF!$D$42:$H$42/(1+$B20)^DCF!$D$43:$H$43)+DCF!$H$39*F$19/(1+$B20)^DCF!$C$53 -> 11394.283 | P20: =SUMPRODUCT(DCF!$D$42:$H$42/(1+$B20)^DCF!$D$43:$H$43)+DCF!$H$39*G$19/(1+$B20)^DCF!$C$53 -> 12483.693
B21: =ROUND(DCF!$C$26,3)+-0.01 -> 0.092 | C21: =IF((((L21*(1+$B21)^DCF!$C$8)+DCF!$C$65-DCF!$C$66-DCF!$C$67)-DCF!$C$74)/(DCF!$C$69+DCF!$C$70)>DCF!$C$72,IF(((L21*(1+$B21)^DCF!$C$8)+DCF!$C$65-DCF!$C$66-DCF!$C$67)/(DCF!$C$69+DCF!$C$70+DCF!$C$73)>DCF!$C$75,((L21*(1+$B21)^DCF!$C$8)+DCF!$C$65-DCF!$C$66-DCF!$C$67)/(DCF!$C$69+DCF!$C$70+DCF!$C$73),(((L21*(1+$B21)^DCF!$C$8)+DCF!$C$65-DCF!$C$66-DCF!$C$67)-DCF!$C$74)/(DCF!$C$69+DCF!$C$70)),(((L21*(1+$B21)^DCF!$C$8)+DCF!$C$65-DCF!$C$66-DCF!$C$67)-DCF!$C$74-DCF!$C$71)/DCF!$C$69) -> 27.203467 | D21: =IF((((M21*(1+$B21)^DCF!$C$8)+DCF!$C$65-DCF!$C$66-DCF!$C$67)-DCF!$C$74)/(DCF!$C$69+DCF!$C$70)>DCF!$C$72,IF(((M21*(1+$B21)^DCF!$C$8)+DCF!$C$65-DCF!$C$66-DCF!$C$67)/(DCF!$C$69+DCF!$C$70+DCF!$C$73)>DCF!$C$75,((M21*(1+$B21)^DCF!$C$8)+DCF!$C$65-DCF!$C$66-DCF!$C$67)/(DCF!$C$69+DCF!$C$70+DCF!$C$73),(((M21*(1+$B21)^DCF!$C$8)+DCF!$C$65-DCF!$C$66-DCF!$C$67)-DCF!$C$74)/(DCF!$C$69+DCF!$C$70)),(((M21*(1+$B21)^DCF!$C$8)+DCF!$C$65-DCF!$C$66-DCF!$C$67)-DCF!$C$74-DCF!$C$71)/DCF!$C$69) -> 31.14706 | E21: =IF((((N21*(1+$B21)^DCF!$C$8)+DCF!$C$65-DCF!$C$66-DCF!$C$67)-DCF!$C$74)/(DCF!$C$69+DCF!$C$70)>DCF!$C$72,IF(((N21*(1+$B21)^DCF!$C$8)+DCF!$C$65-DCF!$C$66-DCF!$C$67)/(DCF!$C$69+DCF!$C$70+DCF!$C$73)>DCF!$C$75,((N21*(1+$B21)^DCF!$C$8)+DCF!$C$65-DCF!$C$66-DCF!$C$67)/(DCF!$C$69+DCF!$C$70+DCF!$C$73),(((N21*(1+$B21)^DCF!$C$8)+DCF!$C$65-DCF!$C$66-DCF!$C$67)-DCF!$C$74)/(DCF!$C$69+DCF!$C$70)),(((N21*(1+$B21)^DCF!$C$8)+DCF!$C$65-DCF!$C$66-DCF!$C$67)-DCF!$C$74-DCF!$C$71)/DCF!$C$69) -> 35.090654 | F21: =IF((((O21*(1+$B21)^DCF!$C$8)+DCF!$C$65-DCF!$C$66-DCF!$C$67)-DCF!$C$74)/(DCF!$C$69+DCF!$C$70)>DCF!$C$72,IF(((O21*(1+$B21)^DCF!$C$8)+DCF!$C$65-DCF!$C$66-DCF!$C$67)/(DCF!$C$69+DCF!$C$70+DCF!$C$73)>DCF!$C$75,((O21*(1+$B21)^DCF!$C$8)+DCF!$C$65-DCF!$C$66-DCF!$C$67)/(DCF!$C$69+DCF!$C$70+DCF!$C$73),(((O21*(1+$B21)^DCF!$C$8)+DCF!$C$65-DCF!$C$66-DCF!$C$67)-DCF!$C$74)/(DCF!$C$69+DCF!$C$70)),(((O21*(1+$B21)^DCF!$C$8)+DCF!$C$65-DCF!$C$66-DCF!$C$67)-DCF!$C$74-DCF!$C$71)/DCF!$C$69) -> 39.034247 | G21: =IF((((P21*(1+$B21)^DCF!$C$8)+DCF!$C$65-DCF!$C$66-DCF!$C$67)-DCF!$C$74)/(DCF!$C$69+DCF!$C$70)>DCF!$C$72,IF(((P21*(1+$B21)^DCF!$C$8)+DCF!$C$65-DCF!$C$66-DCF!$C$67)/(DCF!$C$69+DCF!$C$70+DCF!$C$73)>DCF!$C$75,((P21*(1+$B21)^DCF!$C$8)+DCF!$C$65-DCF!$C$66-DCF!$C$67)/(DCF!$C$69+DCF!$C$70+DCF!$C$73),(((P21*(1+$B21)^DCF!$C$8)+DCF!$C$65-DCF!$C$66-DCF!$C$67)-DCF!$C$74)/(DCF!$C$69+DCF!$C$70)),(((P21*(1+$B21)^DCF!$C$8)+DCF!$C$65-DCF!$C$66-DCF!$C$67)-DCF!$C$74-DCF!$C$71)/DCF!$C$69) -> 42.977841 | K21: =B21 -> 0.092 | L21: =SUMPRODUCT(DCF!$D$42:$H$42/(1+$B21)^DCF!$D$43:$H$43)+DCF!$H$39*C$19/(1+$B21)^DCF!$C$53 -> 7982.7412 | M21: =SUMPRODUCT(DCF!$D$42:$H$42/(1+$B21)^DCF!$D$43:$H$43)+DCF!$H$39*D$19/(1+$B21)^DCF!$C$53 -> 9049.8832 | N21: =SUMPRODUCT(DCF!$D$42:$H$42/(1+$B21)^DCF!$D$43:$H$43)+DCF!$H$39*E$19/(1+$B21)^DCF!$C$53 -> 10117.025 | O21: =SUMPRODUCT(DCF!$D$42:$H$42/(1+$B21)^DCF!$D$43:$H$43)+DCF!$H$39*F$19/(1+$B21)^DCF!$C$53 -> 11184.167 | P21: =SUMPRODUCT(DCF!$D$42:$H$42/(1+$B21)^DCF!$D$43:$H$43)+DCF!$H$39*G$19/(1+$B21)^DCF!$C$53 -> 12251.309
B22: =ROUND(DCF!$C$26,3)+-0.005 -> 0.097 | C22: =IF((((L22*(1+$B22)^DCF!$C$8)+DCF!$C$65-DCF!$C$66-DCF!$C$67)-DCF!$C$74)/(DCF!$C$69+DCF!$C$70)>DCF!$C$72,IF(((L22*(1+$B22)^DCF!$C$8)+DCF!$C$65-DCF!$C$66-DCF!$C$67)/(DCF!$C$69+DCF!$C$70+DCF!$C$73)>DCF!$C$75,((L22*(1+$B22)^DCF!$C$8)+DCF!$C$65-DCF!$C$66-DCF!$C$67)/(DCF!$C$69+DCF!$C$70+DCF!$C$73),(((L22*(1+$B22)^DCF!$C$8)+DCF!$C$65-DCF!$C$66-DCF!$C$67)-DCF!$C$74)/(DCF!$C$69+DCF!$C$70)),(((L22*(1+$B22)^DCF!$C$8)+DCF!$C$65-DCF!$C$66-DCF!$C$67)-DCF!$C$74-DCF!$C$71)/DCF!$C$69) -> 26.724514 | D22: =IF((((M22*(1+$B22)^DCF!$C$8)+DCF!$C$65-DCF!$C$66-DCF!$C$67)-DCF!$C$74)/(DCF!$C$69+DCF!$C$70)>DCF!$C$72,IF(((M22*(1+$B22)^DCF!$C$8)+DCF!$C$65-DCF!$C$66-DCF!$C$67)/(DCF!$C$69+DCF!$C$70+DCF!$C$73)>DCF!$C$75,((M22*(1+$B22)^DCF!$C$8)+DCF!$C$65-DCF!$C$66-DCF!$C$67)/(DCF!$C$69+DCF!$C$70+DCF!$C$73),(((M22*(1+$B22)^DCF!$C$8)+DCF!$C$65-DCF!$C$66-DCF!$C$67)-DCF!$C$74)/(DCF!$C$69+DCF!$C$70)),(((M22*(1+$B22)^DCF!$C$8)+DCF!$C$65-DCF!$C$66-DCF!$C$67)-DCF!$C$74-DCF!$C$71)/DCF!$C$69) -> 30.592946 | E22: =IF((((N22*(1+$B22)^DCF!$C$8)+DCF!$C$65-DCF!$C$66-DCF!$C$67)-DCF!$C$74)/(DCF!$C$69+DCF!$C$70)>DCF!$C$72,IF(((N22*(1+$B22)^DCF!$C$8)+DCF!$C$65-DCF!$C$66-DCF!$C$67)/(DCF!$C$69+DCF!$C$70+DCF!$C$73)>DCF!$C$75,((N22*(1+$B22)^DCF!$C$8)+DCF!$C$65-DCF!$C$66-DCF!$C$67)/(DCF!$C$69+DCF!$C$70+DCF!$C$73),(((N22*(1+$B22)^DCF!$C$8)+DCF!$C$65-DCF!$C$66-DCF!$C$67)-DCF!$C$74)/(DCF!$C$69+DCF!$C$70)),(((N22*(1+$B22)^DCF!$C$8)+DCF!$C$65-DCF!$C$66-DCF!$C$67)-DCF!$C$74-DCF!$C$71)/DCF!$C$69) -> 34.461377 | F22: =IF((((O22*(1+$B22)^DCF!$C$8)+DCF!$C$65-DCF!$C$66-DCF!$C$67)-DCF!$C$74)/(DCF!$C$69+DCF!$C$70)>DCF!$C$72,IF(((O22*(1+$B22)^DCF!$C$8)+DCF!$C$65-DCF!$C$66-DCF!$C$67)/(DCF!$C$69+DCF!$C$70+DCF!$C$73)>DCF!$C$75,((O22*(1+$B22)^DCF!$C$8)+DCF!$C$65-DCF!$C$66-DCF!$C$67)/(DCF!$C$69+DCF!$C$70+DCF!$C$73),(((O22*(1+$B22)^DCF!$C$8)+DCF!$C$65-DCF!$C$66-DCF!$C$67)-DCF!$C$74)/(DCF!$C$69+DCF!$C$70)),(((O22*(1+$B22)^DCF!$C$8)+DCF!$C$65-DCF!$C$66-DCF!$C$67)-DCF!$C$74-DCF!$C$71)/DCF!$C$69) -> 38.329809 | G22: =IF((((P22*(1+$B22)^DCF!$C$8)+DCF!$C$65-DCF!$C$66-DCF!$C$67)-DCF!$C$74)/(DCF!$C$69+DCF!$C$70)>DCF!$C$72,IF(((P22*(1+$B22)^DCF!$C$8)+DCF!$C$65-DCF!$C$66-DCF!$C$67)/(DCF!$C$69+DCF!$C$70+DCF!$C$73)>DCF!$C$75,((P22*(1+$B22)^DCF!$C$8)+DCF!$C$65-DCF!$C$66-DCF!$C$67)/(DCF!$C$69+DCF!$C$70+DCF!$C$73),(((P22*(1+$B22)^DCF!$C$8)+DCF!$C$65-DCF!$C$66-DCF!$C$67)-DCF!$C$74)/(DCF!$C$69+DCF!$C$70)),(((P22*(1+$B22)^DCF!$C$8)+DCF!$C$65-DCF!$C$66-DCF!$C$67)-DCF!$C$74-DCF!$C$71)/DCF!$C$69) -> 42.198241 | K22: =B22 -> 0.097 | L22: =SUMPRODUCT(DCF!$D$42:$H$42/(1+$B22)^DCF!$D$43:$H$43)+DCF!$H$39*C$19/(1+$B22)^DCF!$C$53 -> 7842.8225 | M22: =SUMPRODUCT(DCF!$D$42:$H$42/(1+$B22)^DCF!$D$43:$H$43)+DCF!$H$39*D$19/(1+$B22)^DCF!$C$53 -> 8888.2507 | N22: =SUMPRODUCT(DCF!$D$42:$H$42/(1+$B22)^DCF!$D$43:$H$43)+DCF!$H$39*E$19/(1+$B22)^DCF!$C$53 -> 9933.6789 | O22: =SUMPRODUCT(DCF!$D$42:$H$42/(1+$B22)^DCF!$D$43:$H$43)+DCF!$H$39*F$19/(1+$B22)^DCF!$C$53 -> 10979.107 | P22: =SUMPRODUCT(DCF!$D$42:$H$42/(1+$B22)^DCF!$D$43:$H$43)+DCF!$H$39*G$19/(1+$B22)^DCF!$C$53 -> 12024.535
B23: =ROUND(DCF!$C$26,3)+0 -> 0.102 | C23: =IF((((L23*(1+$B23)^DCF!$C$8)+DCF!$C$65-DCF!$C$66-DCF!$C$67)-DCF!$C$74)/(DCF!$C$69+DCF!$C$70)>DCF!$C$72,IF(((L23*(1+$B23)^DCF!$C$8)+DCF!$C$65-DCF!$C$66-DCF!$C$67)/(DCF!$C$69+DCF!$C$70+DCF!$C$73)>DCF!$C$75,((L23*(1+$B23)^DCF!$C$8)+DCF!$C$65-DCF!$C$66-DCF!$C$67)/(DCF!$C$69+DCF!$C$70+DCF!$C$73),(((L23*(1+$B23)^DCF!$C$8)+DCF!$C$65-DCF!$C$66-DCF!$C$67)-DCF!$C$74)/(DCF!$C$69+DCF!$C$70)),(((L23*(1+$B23)^DCF!$C$8)+DCF!$C$65-DCF!$C$66-DCF!$C$67)-DCF!$C$74-DCF!$C$71)/DCF!$C$69) -> 26.256301 | D23: =IF((((M23*(1+$B23)^DCF!$C$8)+DCF!$C$65-DCF!$C$66-DCF!$C$67)-DCF!$C$74)/(DCF!$C$69+DCF!$C$70)>DCF!$C$72,IF(((M23*(1+$B23)^DCF!$C$8)+DCF!$C$65-DCF!$C$66-DCF!$C$67)/(DCF!$C$69+DCF!$C$70+DCF!$C$73)>DCF!$C$75,((M23*(1+$B23)^DCF!$C$8)+DCF!$C$65-DCF!$C$66-DCF!$C$67)/(DCF!$C$69+DCF!$C$70+DCF!$C$73),(((M23*(1+$B23)^DCF!$C$8)+DCF!$C$65-DCF!$C$66-DCF!$C$67)-DCF!$C$74)/(DCF!$C$69+DCF!$C$70)),(((M23*(1+$B23)^DCF!$C$8)+DCF!$C$65-DCF!$C$66-DCF!$C$67)-DCF!$C$74-DCF!$C$71)/DCF!$C$69) -> 30.051335 | E23: =IF((((N23*(1+$B23)^DCF!$C$8)+DCF!$C$65-DCF!$C$66-DCF!$C$67)-DCF!$C$74)/(DCF!$C$69+DCF!$C$70)>DCF!$C$72,IF(((N23*(1+$B23)^DCF!$C$8)+DCF!$C$65-DCF!$C$66-DCF!$C$67)/(DCF!$C$69+DCF!$C$70+DCF!$C$73)>DCF!$C$75,((N23*(1+$B23)^DCF!$C$8)+DCF!$C$65-DCF!$C$66-DCF!$C$67)/(DCF!$C$69+DCF!$C$70+DCF!$C$73),(((N23*(1+$B23)^DCF!$C$8)+DCF!$C$65-DCF!$C$66-DCF!$C$67)-DCF!$C$74)/(DCF!$C$69+DCF!$C$70)),(((N23*(1+$B23)^DCF!$C$8)+DCF!$C$65-DCF!$C$66-DCF!$C$67)-DCF!$C$74-DCF!$C$71)/DCF!$C$69) -> 33.84637 | F23: =IF((((O23*(1+$B23)^DCF!$C$8)+DCF!$C$65-DCF!$C$66-DCF!$C$67)-DCF!$C$74)/(DCF!$C$69+DCF!$C$70)>DCF!$C$72,IF(((O23*(1+$B23)^DCF!$C$8)+DCF!$C$65-DCF!$C$66-DCF!$C$67)/(DCF!$C$69+DCF!$C$70+DCF!$C$73)>DCF!$C$75,((O23*(1+$B23)^DCF!$C$8)+DCF!$C$65-DCF!$C$66-DCF!$C$67)/(DCF!$C$69+DCF!$C$70+DCF!$C$73),(((O23*(1+$B23)^DCF!$C$8)+DCF!$C$65-DCF!$C$66-DCF!$C$67)-DCF!$C$74)/(DCF!$C$69+DCF!$C$70)),(((O23*(1+$B23)^DCF!$C$8)+DCF!$C$65-DCF!$C$66-DCF!$C$67)-DCF!$C$74-DCF!$C$71)/DCF!$C$69) -> 37.641404 | G23: =IF((((P23*(1+$B23)^DCF!$C$8)+DCF!$C$65-DCF!$C$66-DCF!$C$67)-DCF!$C$74)/(DCF!$C$69+DCF!$C$70)>DCF!$C$72,IF(((P23*(1+$B23)^DCF!$C$8)+DCF!$C$65-DCF!$C$66-DCF!$C$67)/(DCF!$C$69+DCF!$C$70+DCF!$C$73)>DCF!$C$75,((P23*(1+$B23)^DCF!$C$8)+DCF!$C$65-DCF!$C$66-DCF!$C$67)/(DCF!$C$69+DCF!$C$70+DCF!$C$73),(((P23*(1+$B23)^DCF!$C$8)+DCF!$C$65-DCF!$C$66-DCF!$C$67)-DCF!$C$74)/(DCF!$C$69+DCF!$C$70)),(((P23*(1+$B23)^DCF!$C$8)+DCF!$C$65-DCF!$C$66-DCF!$C$67)-DCF!$C$74-DCF!$C$71)/DCF!$C$69) -> 41.436439 | K23: =B23 -> 0.102 | L23: =SUMPRODUCT(DCF!$D$42:$H$42/(1+$B23)^DCF!$D$43:$H$43)+DCF!$H$39*C$19/(1+$B23)^DCF!$C$53 -> 7706.2019 | M23: =SUMPRODUCT(DCF!$D$42:$H$42/(1+$B23)^DCF!$D$43:$H$43)+DCF!$H$39*D$19/(1+$B23)^DCF!$C$53 -> 8730.454 | N23: =SUMPRODUCT(DCF!$D$42:$H$42/(1+$B23)^DCF!$D$43:$H$43)+DCF!$H$39*E$19/(1+$B23)^DCF!$C$53 -> 9754.7062 | O23: =SUMPRODUCT(DCF!$D$42:$H$42/(1+$B23)^DCF!$D$43:$H$43)+DCF!$H$39*F$19/(1+$B23)^DCF!$C$53 -> 10778.958 | P23: =SUMPRODUCT(DCF!$D$42:$H$42/(1+$B23)^DCF!$D$43:$H$43)+DCF!$H$39*G$19/(1+$B23)^DCF!$C$53 -> 11803.21
B24: =ROUND(DCF!$C$26,3)+0.005 -> 0.107 | C24: =IF((((L24*(1+$B24)^DCF!$C$8)+DCF!$C$65-DCF!$C$66-DCF!$C$67)-DCF!$C$74)/(DCF!$C$69+DCF!$C$70)>DCF!$C$72,IF(((L24*(1+$B24)^DCF!$C$8)+DCF!$C$65-DCF!$C$66-DCF!$C$67)/(DCF!$C$69+DCF!$C$70+DCF!$C$73)>DCF!$C$75,((L24*(1+$B24)^DCF!$C$8)+DCF!$C$65-DCF!$C$66-DCF!$C$67)/(DCF!$C$69+DCF!$C$70+DCF!$C$73),(((L24*(1+$B24)^DCF!$C$8)+DCF!$C$65-DCF!$C$66-DCF!$C$67)-DCF!$C$74)/(DCF!$C$69+DCF!$C$70)),(((L24*(1+$B24)^DCF!$C$8)+DCF!$C$65-DCF!$C$66-DCF!$C$67)-DCF!$C$74-DCF!$C$71)/DCF!$C$69) -> 25.798535 | D24: =IF((((M24*(1+$B24)^DCF!$C$8)+DCF!$C$65-DCF!$C$66-DCF!$C$67)-DCF!$C$74)/(DCF!$C$69+DCF!$C$70)>DCF!$C$72,IF(((M24*(1+$B24)^DCF!$C$8)+DCF!$C$65-DCF!$C$66-DCF!$C$67)/(DCF!$C$69+DCF!$C$70+DCF!$C$73)>DCF!$C$75,((M24*(1+$B24)^DCF!$C$8)+DCF!$C$65-DCF!$C$66-DCF!$C$67)/(DCF!$C$69+DCF!$C$70+DCF!$C$73),(((M24*(1+$B24)^DCF!$C$8)+DCF!$C$65-DCF!$C$66-DCF!$C$67)-DCF!$C$74)/(DCF!$C$69+DCF!$C$70)),(((M24*(1+$B24)^DCF!$C$8)+DCF!$C$65-DCF!$C$66-DCF!$C$67)-DCF!$C$74-DCF!$C$71)/DCF!$C$69) -> 29.521888 | E24: =IF((((N24*(1+$B24)^DCF!$C$8)+DCF!$C$65-DCF!$C$66-DCF!$C$67)-DCF!$C$74)/(DCF!$C$69+DCF!$C$70)>DCF!$C$72,IF(((N24*(1+$B24)^DCF!$C$8)+DCF!$C$65-DCF!$C$66-DCF!$C$67)/(DCF!$C$69+DCF!$C$70+DCF!$C$73)>DCF!$C$75,((N24*(1+$B24)^DCF!$C$8)+DCF!$C$65-DCF!$C$66-DCF!$C$67)/(DCF!$C$69+DCF!$C$70+DCF!$C$73),(((N24*(1+$B24)^DCF!$C$8)+DCF!$C$65-DCF!$C$66-DCF!$C$67)-DCF!$C$74)/(DCF!$C$69+DCF!$C$70)),(((N24*(1+$B24)^DCF!$C$8)+DCF!$C$65-DCF!$C$66-DCF!$C$67)-DCF!$C$74-DCF!$C$71)/DCF!$C$69) -> 33.24524 | F24: =IF((((O24*(1+$B24)^DCF!$C$8)+DCF!$C$65-DCF!$C$66-DCF!$C$67)-DCF!$C$74)/(DCF!$C$69+DCF!$C$70)>DCF!$C$72,IF(((O24*(1+$B24)^DCF!$C$8)+DCF!$C$65-DCF!$C$66-DCF!$C$67)/(DCF!$C$69+DCF!$C$70+DCF!$C$73)>DCF!$C$75,((O24*(1+$B24)^DCF!$C$8)+DCF!$C$65-DCF!$C$66-DCF!$C$67)/(DCF!$C$69+DCF!$C$70+DCF!$C$73),(((O24*(1+$B24)^DCF!$C$8)+DCF!$C$65-DCF!$C$66-DCF!$C$67)-DCF!$C$74)/(DCF!$C$69+DCF!$C$70)),(((O24*(1+$B24)^DCF!$C$8)+DCF!$C$65-DCF!$C$66-DCF!$C$67)-DCF!$C$74-DCF!$C$71)/DCF!$C$69) -> 36.968593 | G24: =IF((((P24*(1+$B24)^DCF!$C$8)+DCF!$C$65-DCF!$C$66-DCF!$C$67)-DCF!$C$74)/(DCF!$C$69+DCF!$C$70)>DCF!$C$72,IF(((P24*(1+$B24)^DCF!$C$8)+DCF!$C$65-DCF!$C$66-DCF!$C$67)/(DCF!$C$69+DCF!$C$70+DCF!$C$73)>DCF!$C$75,((P24*(1+$B24)^DCF!$C$8)+DCF!$C$65-DCF!$C$66-DCF!$C$67)/(DCF!$C$69+DCF!$C$70+DCF!$C$73),(((P24*(1+$B24)^DCF!$C$8)+DCF!$C$65-DCF!$C$66-DCF!$C$67)-DCF!$C$74)/(DCF!$C$69+DCF!$C$70)),(((P24*(1+$B24)^DCF!$C$8)+DCF!$C$65-DCF!$C$66-DCF!$C$67)-DCF!$C$74-DCF!$C$71)/DCF!$C$69) -> 40.691946 | K24: =B24 -> 0.107 | L24: =SUMPRODUCT(DCF!$D$42:$H$42/(1+$B24)^DCF!$D$43:$H$43)+DCF!$H$39*C$19/(1+$B24)^DCF!$C$53 -> 7572.786 | M24: =SUMPRODUCT(DCF!$D$42:$H$42/(1+$B24)^DCF!$D$43:$H$43)+DCF!$H$39*D$19/(1+$B24)^DCF!$C$53 -> 8576.3839 | N24: =SUMPRODUCT(DCF!$D$42:$H$42/(1+$B24)^DCF!$D$43:$H$43)+DCF!$H$39*E$19/(1+$B24)^DCF!$C$53 -> 9579.9818 | O24: =SUMPRODUCT(DCF!$D$42:$H$42/(1+$B24)^DCF!$D$43:$H$43)+DCF!$H$39*F$19/(1+$B24)^DCF!$C$53 -> 10583.58 | P24: =SUMPRODUCT(DCF!$D$42:$H$42/(1+$B24)^DCF!$D$43:$H$43)+DCF!$H$39*G$19/(1+$B24)^DCF!$C$53 -> 11587.178
B25: =ROUND(DCF!$C$26,3)+0.01 -> 0.112 | C25: =IF((((L25*(1+$B25)^DCF!$C$8)+DCF!$C$65-DCF!$C$66-DCF!$C$67)-DCF!$C$74)/(DCF!$C$69+DCF!$C$70)>DCF!$C$72,IF(((L25*(1+$B25)^DCF!$C$8)+DCF!$C$65-DCF!$C$66-DCF!$C$67)/(DCF!$C$69+DCF!$C$70+DCF!$C$73)>DCF!$C$75,((L25*(1+$B25)^DCF!$C$8)+DCF!$C$65-DCF!$C$66-DCF!$C$67)/(DCF!$C$69+DCF!$C$70+DCF!$C$73),(((L25*(1+$B25)^DCF!$C$8)+DCF!$C$65-DCF!$C$66-DCF!$C$67)-DCF!$C$74)/(DCF!$C$69+DCF!$C$70)),(((L25*(1+$B25)^DCF!$C$8)+DCF!$C$65-DCF!$C$66-DCF!$C$67)-DCF!$C$74-DCF!$C$71)/DCF!$C$69) -> 25.350933 | D25: =IF((((M25*(1+$B25)^DCF!$C$8)+DCF!$C$65-DCF!$C$66-DCF!$C$67)-DCF!$C$74)/(DCF!$C$69+DCF!$C$70)>DCF!$C$72,IF(((M25*(1+$B25)^DCF!$C$8)+DCF!$C$65-DCF!$C$66-DCF!$C$67)/(DCF!$C$69+DCF!$C$70+DCF!$C$73)>DCF!$C$75,((M25*(1+$B25)^DCF!$C$8)+DCF!$C$65-DCF!$C$66-DCF!$C$67)/(DCF!$C$69+DCF!$C$70+DCF!$C$73),(((M25*(1+$B25)^DCF!$C$8)+DCF!$C$65-DCF!$C$66-DCF!$C$67)-DCF!$C$74)/(DCF!$C$69+DCF!$C$70)),(((M25*(1+$B25)^DCF!$C$8)+DCF!$C$65-DCF!$C$66-DCF!$C$67)-DCF!$C$74-DCF!$C$71)/DCF!$C$69) -> 29.004272 | E25: =IF((((N25*(1+$B25)^DCF!$C$8)+DCF!$C$65-DCF!$C$66-DCF!$C$67)-DCF!$C$74)/(DCF!$C$69+DCF!$C$70)>DCF!$C$72,IF(((N25*(1+$B25)^DCF!$C$8)+DCF!$C$65-DCF!$C$66-DCF!$C$67)/(DCF!$C$69+DCF!$C$70+DCF!$C$73)>DCF!$C$75,((N25*(1+$B25)^DCF!$C$8)+DCF!$C$65-DCF!$C$66-DCF!$C$67)/(DCF!$C$69+DCF!$C$70+DCF!$C$73),(((N25*(1+$B25)^DCF!$C$8)+DCF!$C$65-DCF!$C$66-DCF!$C$67)-DCF!$C$74)/(DCF!$C$69+DCF!$C$70)),(((N25*(1+$B25)^DCF!$C$8)+DCF!$C$65-DCF!$C$66-DCF!$C$67)-DCF!$C$74-DCF!$C$71)/DCF!$C$69) -> 32.657611 | F25: =IF((((O25*(1+$B25)^DCF!$C$8)+DCF!$C$65-DCF!$C$66-DCF!$C$67)-DCF!$C$74)/(DCF!$C$69+DCF!$C$70)>DCF!$C$72,IF(((O25*(1+$B25)^DCF!$C$8)+DCF!$C$65-DCF!$C$66-DCF!$C$67)/(DCF!$C$69+DCF!$C$70+DCF!$C$73)>DCF!$C$75,((O25*(1+$B25)^DCF!$C$8)+DCF!$C$65-DCF!$C$66-DCF!$C$67)/(DCF!$C$69+DCF!$C$70+DCF!$C$73),(((O25*(1+$B25)^DCF!$C$8)+DCF!$C$65-DCF!$C$66-DCF!$C$67)-DCF!$C$74)/(DCF!$C$69+DCF!$C$70)),(((O25*(1+$B25)^DCF!$C$8)+DCF!$C$65-DCF!$C$66-DCF!$C$67)-DCF!$C$74-DCF!$C$71)/DCF!$C$69) -> 36.31095 | G25: =IF((((P25*(1+$B25)^DCF!$C$8)+DCF!$C$65-DCF!$C$66-DCF!$C$67)-DCF!$C$74)/(DCF!$C$69+DCF!$C$70)>DCF!$C$72,IF(((P25*(1+$B25)^DCF!$C$8)+DCF!$C$65-DCF!$C$66-DCF!$C$67)/(DCF!$C$69+DCF!$C$70+DCF!$C$73)>DCF!$C$75,((P25*(1+$B25)^DCF!$C$8)+DCF!$C$65-DCF!$C$66-DCF!$C$67)/(DCF!$C$69+DCF!$C$70+DCF!$C$73),(((P25*(1+$B25)^DCF!$C$8)+DCF!$C$65-DCF!$C$66-DCF!$C$67)-DCF!$C$74)/(DCF!$C$69+DCF!$C$70)),(((P25*(1+$B25)^DCF!$C$8)+DCF!$C$65-DCF!$C$66-DCF!$C$67)-DCF!$C$74-DCF!$C$71)/DCF!$C$69) -> 39.964288 | K25: =B25 -> 0.112 | L25: =SUMPRODUCT(DCF!$D$42:$H$42/(1+$B25)^DCF!$D$43:$H$43)+DCF!$H$39*C$19/(1+$B25)^DCF!$C$53 -> 7442.4841 | M25: =SUMPRODUCT(DCF!$D$42:$H$42/(1+$B25)^DCF!$D$43:$H$43)+DCF!$H$39*D$19/(1+$B25)^DCF!$C$53 -> 8425.9346 | N25: =SUMPRODUCT(DCF!$D$42:$H$42/(1+$B25)^DCF!$D$43:$H$43)+DCF!$H$39*E$19/(1+$B25)^DCF!$C$53 -> 9409.3851 | O25: =SUMPRODUCT(DCF!$D$42:$H$42/(1+$B25)^DCF!$D$43:$H$43)+DCF!$H$39*F$19/(1+$B25)^DCF!$C$53 -> 10392.836 | P25: =SUMPRODUCT(DCF!$D$42:$H$42/(1+$B25)^DCF!$D$43:$H$43)+DCF!$H$39*G$19/(1+$B25)^DCF!$C$53 -> 11376.286
B26: =ROUND(DCF!$C$26,3)+0.015 -> 0.117 | C26: =IF((((L26*(1+$B26)^DCF!$C$8)+DCF!$C$65-DCF!$C$66-DCF!$C$67)-DCF!$C$74)/(DCF!$C$69+DCF!$C$70)>DCF!$C$72,IF(((L26*(1+$B26)^DCF!$C$8)+DCF!$C$65-DCF!$C$66-DCF!$C$67)/(DCF!$C$69+DCF!$C$70+DCF!$C$73)>DCF!$C$75,((L26*(1+$B26)^DCF!$C$8)+DCF!$C$65-DCF!$C$66-DCF!$C$67)/(DCF!$C$69+DCF!$C$70+DCF!$C$73),(((L26*(1+$B26)^DCF!$C$8)+DCF!$C$65-DCF!$C$66-DCF!$C$67)-DCF!$C$74)/(DCF!$C$69+DCF!$C$70)),(((L26*(1+$B26)^DCF!$C$8)+DCF!$C$65-DCF!$C$66-DCF!$C$67)-DCF!$C$74-DCF!$C$71)/DCF!$C$69) -> 24.905752 | D26: =IF((((M26*(1+$B26)^DCF!$C$8)+DCF!$C$65-DCF!$C$66-DCF!$C$67)-DCF!$C$74)/(DCF!$C$69+DCF!$C$70)>DCF!$C$72,IF(((M26*(1+$B26)^DCF!$C$8)+DCF!$C$65-DCF!$C$66-DCF!$C$67)/(DCF!$C$69+DCF!$C$70+DCF!$C$73)>DCF!$C$75,((M26*(1+$B26)^DCF!$C$8)+DCF!$C$65-DCF!$C$66-DCF!$C$67)/(DCF!$C$69+DCF!$C$70+DCF!$C$73),(((M26*(1+$B26)^DCF!$C$8)+DCF!$C$65-DCF!$C$66-DCF!$C$67)-DCF!$C$74)/(DCF!$C$69+DCF!$C$70)),(((M26*(1+$B26)^DCF!$C$8)+DCF!$C$65-DCF!$C$66-DCF!$C$67)-DCF!$C$74-DCF!$C$71)/DCF!$C$69) -> 28.498169 | E26: =IF((((N26*(1+$B26)^DCF!$C$8)+DCF!$C$65-DCF!$C$66-DCF!$C$67)-DCF!$C$74)/(DCF!$C$69+DCF!$C$70)>DCF!$C$72,IF(((N26*(1+$B26)^DCF!$C$8)+DCF!$C$65-DCF!$C$66-DCF!$C$67)/(DCF!$C$69+DCF!$C$70+DCF!$C$73)>DCF!$C$75,((N26*(1+$B26)^DCF!$C$8)+DCF!$C$65-DCF!$C$66-DCF!$C$67)/(DCF!$C$69+DCF!$C$70+DCF!$C$73),(((N26*(1+$B26)^DCF!$C$8)+DCF!$C$65-DCF!$C$66-DCF!$C$67)-DCF!$C$74)/(DCF!$C$69+DCF!$C$70)),(((N26*(1+$B26)^DCF!$C$8)+DCF!$C$65-DCF!$C$66-DCF!$C$67)-DCF!$C$74-DCF!$C$71)/DCF!$C$69) -> 32.083116 | F26: =IF((((O26*(1+$B26)^DCF!$C$8)+DCF!$C$65-DCF!$C$66-DCF!$C$67)-DCF!$C$74)/(DCF!$C$69+DCF!$C$70)>DCF!$C$72,IF(((O26*(1+$B26)^DCF!$C$8)+DCF!$C$65-DCF!$C$66-DCF!$C$67)/(DCF!$C$69+DCF!$C$70+DCF!$C$73)>DCF!$C$75,((O26*(1+$B26)^DCF!$C$8)+DCF!$C$65-DCF!$C$66-DCF!$C$67)/(DCF!$C$69+DCF!$C$70+DCF!$C$73),(((O26*(1+$B26)^DCF!$C$8)+DCF!$C$65-DCF!$C$66-DCF!$C$67)-DCF!$C$74)/(DCF!$C$69+DCF!$C$70)),(((O26*(1+$B26)^DCF!$C$8)+DCF!$C$65-DCF!$C$66-DCF!$C$67)-DCF!$C$74-DCF!$C$71)/DCF!$C$69) -> 35.668063 | G26: =IF((((P26*(1+$B26)^DCF!$C$8)+DCF!$C$65-DCF!$C$66-DCF!$C$67)-DCF!$C$74)/(DCF!$C$69+DCF!$C$70)>DCF!$C$72,IF(((P26*(1+$B26)^DCF!$C$8)+DCF!$C$65-DCF!$C$66-DCF!$C$67)/(DCF!$C$69+DCF!$C$70+DCF!$C$73)>DCF!$C$75,((P26*(1+$B26)^DCF!$C$8)+DCF!$C$65-DCF!$C$66-DCF!$C$67)/(DCF!$C$69+DCF!$C$70+DCF!$C$73),(((P26*(1+$B26)^DCF!$C$8)+DCF!$C$65-DCF!$C$66-DCF!$C$67)-DCF!$C$74)/(DCF!$C$69+DCF!$C$70)),(((P26*(1+$B26)^DCF!$C$8)+DCF!$C$65-DCF!$C$66-DCF!$C$67)-DCF!$C$74-DCF!$C$71)/DCF!$C$69) -> 39.253009 | K26: =B26 -> 0.117 | L26: =SUMPRODUCT(DCF!$D$42:$H$42/(1+$B26)^DCF!$D$43:$H$43)+DCF!$H$39*C$19/(1+$B26)^DCF!$C$53 -> 7315.2087 | M26: =SUMPRODUCT(DCF!$D$42:$H$42/(1+$B26)^DCF!$D$43:$H$43)+DCF!$H$39*D$19/(1+$B26)^DCF!$C$53 -> 8279.0039 | N26: =SUMPRODUCT(DCF!$D$42:$H$42/(1+$B26)^DCF!$D$43:$H$43)+DCF!$H$39*E$19/(1+$B26)^DCF!$C$53 -> 9242.7991 | O26: =SUMPRODUCT(DCF!$D$42:$H$42/(1+$B26)^DCF!$D$43:$H$43)+DCF!$H$39*F$19/(1+$B26)^DCF!$C$53 -> 10206.594 | P26: =SUMPRODUCT(DCF!$D$42:$H$42/(1+$B26)^DCF!$D$43:$H$43)+DCF!$H$39*G$19/(1+$B26)^DCF!$C$53 -> 11170.39
A29: TABLE 3 – TERMINAL GROWTH vs TERMINAL-YEAR UFCF MARGIN (base WACC)
A30: Rows: terminal growth | Columns: FY30E UFCF margin (terminal cash flow only)
B31: $ / share | C31: =ROUND(DCF!$H$40/DCF!$H$38,3)+-0.03 -> 0.153 | D31: =ROUND(DCF!$H$40/DCF!$H$38,3)+-0.015 -> 0.168 | E31: =ROUND(DCF!$H$40/DCF!$H$38,3)+0 -> 0.183 | F31: =ROUND(DCF!$H$40/DCF!$H$38,3)+0.015 -> 0.198 | G31: =ROUND(DCF!$H$40/DCF!$H$38,3)+0.03 -> 0.213 | K31: EV at 30-Jun-26 ($mm) | L31: =C31 -> 0.153 | M31: =D31 -> 0.168 | N31: =E31 -> 0.183 | O31: =F31 -> 0.198 | P31: =G31 -> 0.213
B32: =DCF!$C$27+-0.01 -> 0.02 | C32: =IF((((L32*(1+DCF!$C$26)^DCF!$C$8)+DCF!$C$65-DCF!$C$66-DCF!$C$67)-DCF!$C$74)/(DCF!$C$69+DCF!$C$70)>DCF!$C$72,IF(((L32*(1+DCF!$C$26)^DCF!$C$8)+DCF!$C$65-DCF!$C$66-DCF!$C$67)/(DCF!$C$69+DCF!$C$70+DCF!$C$73)>DCF!$C$75,((L32*(1+DCF!$C$26)^DCF!$C$8)+DCF!$C$65-DCF!$C$66-DCF!$C$67)/(DCF!$C$69+DCF!$C$70+DCF!$C$73),(((L32*(1+DCF!$C$26)^DCF!$C$8)+DCF!$C$65-DCF!$C$66-DCF!$C$67)-DCF!$C$74)/(DCF!$C$69+DCF!$C$70)),(((L32*(1+DCF!$C$26)^DCF!$C$8)+DCF!$C$65-DCF!$C$66-DCF!$C$67)-DCF!$C$74-DCF!$C$71)/DCF!$C$69) -> 24.246352 | D32: =IF((((M32*(1+DCF!$C$26)^DCF!$C$8)+DCF!$C$65-DCF!$C$66-DCF!$C$67)-DCF!$C$74)/(DCF!$C$69+DCF!$C$70)>DCF!$C$72,IF(((M32*(1+DCF!$C$26)^DCF!$C$8)+DCF!$C$65-DCF!$C$66-DCF!$C$67)/(DCF!$C$69+DCF!$C$70+DCF!$C$73)>DCF!$C$75,((M32*(1+DCF!$C$26)^DCF!$C$8)+DCF!$C$65-DCF!$C$66-DCF!$C$67)/(DCF!$C$69+DCF!$C$70+DCF!$C$73),(((M32*(1+DCF!$C$26)^DCF!$C$8)+DCF!$C$65-DCF!$C$66-DCF!$C$67)-DCF!$C$74)/(DCF!$C$69+DCF!$C$70)),(((M32*(1+DCF!$C$26)^DCF!$C$8)+DCF!$C$65-DCF!$C$66-DCF!$C$67)-DCF!$C$74-DCF!$C$71)/DCF!$C$69) -> 26.099227 | E32: =IF((((N32*(1+DCF!$C$26)^DCF!$C$8)+DCF!$C$65-DCF!$C$66-DCF!$C$67)-DCF!$C$74)/(DCF!$C$69+DCF!$C$70)>DCF!$C$72,IF(((N32*(1+DCF!$C$26)^DCF!$C$8)+DCF!$C$65-DCF!$C$66-DCF!$C$67)/(DCF!$C$69+DCF!$C$70+DCF!$C$73)>DCF!$C$75,((N32*(1+DCF!$C$26)^DCF!$C$8)+DCF!$C$65-DCF!$C$66-DCF!$C$67)/(DCF!$C$69+DCF!$C$70+DCF!$C$73),(((N32*(1+DCF!$C$26)^DCF!$C$8)+DCF!$C$65-DCF!$C$66-DCF!$C$67)-DCF!$C$74)/(DCF!$C$69+DCF!$C$70)),(((N32*(1+DCF!$C$26)^DCF!$C$8)+DCF!$C$65-DCF!$C$66-DCF!$C$67)-DCF!$C$74-DCF!$C$71)/DCF!$C$69) -> 27.892362 | F32: =IF((((O32*(1+DCF!$C$26)^DCF!$C$8)+DCF!$C$65-DCF!$C$66-DCF!$C$67)-DCF!$C$74)/(DCF!$C$69+DCF!$C$70)>DCF!$C$72,IF(((O32*(1+DCF!$C$26)^DCF!$C$8)+DCF!$C$65-DCF!$C$66-DCF!$C$67)/(DCF!$C$69+DCF!$C$70+DCF!$C$73)>DCF!$C$75,((O32*(1+DCF!$C$26)^DCF!$C$8)+DCF!$C$65-DCF!$C$66-DCF!$C$67)/(DCF!$C$69+DCF!$C$70+DCF!$C$73),(((O32*(1+DCF!$C$26)^DCF!$C$8)+DCF!$C$65-DCF!$C$66-DCF!$C$67)-DCF!$C$74)/(DCF!$C$69+DCF!$C$70)),(((O32*(1+DCF!$C$26)^DCF!$C$8)+DCF!$C$65-DCF!$C$66-DCF!$C$67)-DCF!$C$74-DCF!$C$71)/DCF!$C$69) -> 29.685496 | G32: =IF((((P32*(1+DCF!$C$26)^DCF!$C$8)+DCF!$C$65-DCF!$C$66-DCF!$C$67)-DCF!$C$74)/(DCF!$C$69+DCF!$C$70)>DCF!$C$72,IF(((P32*(1+DCF!$C$26)^DCF!$C$8)+DCF!$C$65-DCF!$C$66-DCF!$C$67)/(DCF!$C$69+DCF!$C$70+DCF!$C$73)>DCF!$C$75,((P32*(1+DCF!$C$26)^DCF!$C$8)+DCF!$C$65-DCF!$C$66-DCF!$C$67)/(DCF!$C$69+DCF!$C$70+DCF!$C$73),(((P32*(1+DCF!$C$26)^DCF!$C$8)+DCF!$C$65-DCF!$C$66-DCF!$C$67)-DCF!$C$74)/(DCF!$C$69+DCF!$C$70)),(((P32*(1+DCF!$C$26)^DCF!$C$8)+DCF!$C$65-DCF!$C$66-DCF!$C$67)-DCF!$C$74-DCF!$C$71)/DCF!$C$69) -> 31.478631 | K32: =B32 -> 0.02 | L32: =SUMPRODUCT(DCF!$D$42:$H$42/(1+DCF!$C$26)^DCF!$D$43:$H$43)+DCF!$H$38*C$31*(1+$B32)/(DCF!$C$26-$B32)/(1+DCF!$C$26)^DCF!$C$53 -> 7179.8548 | M32: =SUMPRODUCT(DCF!$D$42:$H$42/(1+DCF!$C$26)^DCF!$D$43:$H$43)+DCF!$H$38*D$31*(1+$B32)/(DCF!$C$26-$B32)/(1+DCF!$C$26)^DCF!$C$53 -> 7663.8088 | N32: =SUMPRODUCT(DCF!$D$42:$H$42/(1+DCF!$C$26)^DCF!$D$43:$H$43)+DCF!$H$38*E$31*(1+$B32)/(DCF!$C$26-$B32)/(1+DCF!$C$26)^DCF!$C$53 -> 8147.7628 | O32: =SUMPRODUCT(DCF!$D$42:$H$42/(1+DCF!$C$26)^DCF!$D$43:$H$43)+DCF!$H$38*F$31*(1+$B32)/(DCF!$C$26-$B32)/(1+DCF!$C$26)^DCF!$C$53 -> 8631.7168 | P32: =SUMPRODUCT(DCF!$D$42:$H$42/(1+DCF!$C$26)^DCF!$D$43:$H$43)+DCF!$H$38*G$31*(1+$B32)/(DCF!$C$26-$B32)/(1+DCF!$C$26)^DCF!$C$53 -> 9115.6708
B33: =DCF!$C$27+-0.005 -> 0.025 | C33: =IF((((L33*(1+DCF!$C$26)^DCF!$C$8)+DCF!$C$65-DCF!$C$66-DCF!$C$67)-DCF!$C$74)/(DCF!$C$69+DCF!$C$70)>DCF!$C$72,IF(((L33*(1+DCF!$C$26)^DCF!$C$8)+DCF!$C$65-DCF!$C$66-DCF!$C$67)/(DCF!$C$69+DCF!$C$70+DCF!$C$73)>DCF!$C$75,((L33*(1+DCF!$C$26)^DCF!$C$8)+DCF!$C$65-DCF!$C$66-DCF!$C$67)/(DCF!$C$69+DCF!$C$70+DCF!$C$73),(((L33*(1+DCF!$C$26)^DCF!$C$8)+DCF!$C$65-DCF!$C$66-DCF!$C$67)-DCF!$C$74)/(DCF!$C$69+DCF!$C$70)),(((L33*(1+DCF!$C$26)^DCF!$C$8)+DCF!$C$65-DCF!$C$66-DCF!$C$67)-DCF!$C$74-DCF!$C$71)/DCF!$C$69) -> 25.589231 | D33: =IF((((M33*(1+DCF!$C$26)^DCF!$C$8)+DCF!$C$65-DCF!$C$66-DCF!$C$67)-DCF!$C$74)/(DCF!$C$69+DCF!$C$70)>DCF!$C$72,IF(((M33*(1+DCF!$C$26)^DCF!$C$8)+DCF!$C$65-DCF!$C$66-DCF!$C$67)/(DCF!$C$69+DCF!$C$70+DCF!$C$73)>DCF!$C$75,((M33*(1+DCF!$C$26)^DCF!$C$8)+DCF!$C$65-DCF!$C$66-DCF!$C$67)/(DCF!$C$69+DCF!$C$70+DCF!$C$73),(((M33*(1+DCF!$C$26)^DCF!$C$8)+DCF!$C$65-DCF!$C$66-DCF!$C$67)-DCF!$C$74)/(DCF!$C$69+DCF!$C$70)),(((M33*(1+DCF!$C$26)^DCF!$C$8)+DCF!$C$65-DCF!$C$66-DCF!$C$67)-DCF!$C$74-DCF!$C$71)/DCF!$C$69) -> 27.508164 | E33: =IF((((N33*(1+DCF!$C$26)^DCF!$C$8)+DCF!$C$65-DCF!$C$66-DCF!$C$67)-DCF!$C$74)/(DCF!$C$69+DCF!$C$70)>DCF!$C$72,IF(((N33*(1+DCF!$C$26)^DCF!$C$8)+DCF!$C$65-DCF!$C$66-DCF!$C$67)/(DCF!$C$69+DCF!$C$70+DCF!$C$73)>DCF!$C$75,((N33*(1+DCF!$C$26)^DCF!$C$8)+DCF!$C$65-DCF!$C$66-DCF!$C$67)/(DCF!$C$69+DCF!$C$70+DCF!$C$73),(((N33*(1+DCF!$C$26)^DCF!$C$8)+DCF!$C$65-DCF!$C$66-DCF!$C$67)-DCF!$C$74)/(DCF!$C$69+DCF!$C$70)),(((N33*(1+DCF!$C$26)^DCF!$C$8)+DCF!$C$65-DCF!$C$66-DCF!$C$67)-DCF!$C$74-DCF!$C$71)/DCF!$C$69) -> 29.427097 | F33: =IF((((O33*(1+DCF!$C$26)^DCF!$C$8)+DCF!$C$65-DCF!$C$66-DCF!$C$67)-DCF!$C$74)/(DCF!$C$69+DCF!$C$70)>DCF!$C$72,IF(((O33*(1+DCF!$C$26)^DCF!$C$8)+DCF!$C$65-DCF!$C$66-DCF!$C$67)/(DCF!$C$69+DCF!$C$70+DCF!$C$73)>DCF!$C$75,((O33*(1+DCF!$C$26)^DCF!$C$8)+DCF!$C$65-DCF!$C$66-DCF!$C$67)/(DCF!$C$69+DCF!$C$70+DCF!$C$73),(((O33*(1+DCF!$C$26)^DCF!$C$8)+DCF!$C$65-DCF!$C$66-DCF!$C$67)-DCF!$C$74)/(DCF!$C$69+DCF!$C$70)),(((O33*(1+DCF!$C$26)^DCF!$C$8)+DCF!$C$65-DCF!$C$66-DCF!$C$67)-DCF!$C$74-DCF!$C$71)/DCF!$C$69) -> 31.34603 | G33: =IF((((P33*(1+DCF!$C$26)^DCF!$C$8)+DCF!$C$65-DCF!$C$66-DCF!$C$67)-DCF!$C$74)/(DCF!$C$69+DCF!$C$70)>DCF!$C$72,IF(((P33*(1+DCF!$C$26)^DCF!$C$8)+DCF!$C$65-DCF!$C$66-DCF!$C$67)/(DCF!$C$69+DCF!$C$70+DCF!$C$73)>DCF!$C$75,((P33*(1+DCF!$C$26)^DCF!$C$8)+DCF!$C$65-DCF!$C$66-DCF!$C$67)/(DCF!$C$69+DCF!$C$70+DCF!$C$73),(((P33*(1+DCF!$C$26)^DCF!$C$8)+DCF!$C$65-DCF!$C$66-DCF!$C$67)-DCF!$C$74)/(DCF!$C$69+DCF!$C$70)),(((P33*(1+DCF!$C$26)^DCF!$C$8)+DCF!$C$65-DCF!$C$66-DCF!$C$67)-DCF!$C$74-DCF!$C$71)/DCF!$C$69) -> 33.264962 | K33: =B33 -> 0.025 | L33: =SUMPRODUCT(DCF!$D$42:$H$42/(1+DCF!$C$26)^DCF!$D$43:$H$43)+DCF!$H$38*C$31*(1+$B33)/(DCF!$C$26-$B33)/(1+DCF!$C$26)^DCF!$C$53 -> 7526.1647 | M33: =SUMPRODUCT(DCF!$D$42:$H$42/(1+DCF!$C$26)^DCF!$D$43:$H$43)+DCF!$H$38*D$31*(1+$B33)/(DCF!$C$26-$B33)/(1+DCF!$C$26)^DCF!$C$53 -> 8044.0707 | N33: =SUMPRODUCT(DCF!$D$42:$H$42/(1+DCF!$C$26)^DCF!$D$43:$H$43)+DCF!$H$38*E$31*(1+$B33)/(DCF!$C$26-$B33)/(1+DCF!$C$26)^DCF!$C$53 -> 8561.9766 | O33: =SUMPRODUCT(DCF!$D$42:$H$42/(1+DCF!$C$26)^DCF!$D$43:$H$43)+DCF!$H$38*F$31*(1+$B33)/(DCF!$C$26-$B33)/(1+DCF!$C$26)^DCF!$C$53 -> 9079.8826 | P33: =SUMPRODUCT(DCF!$D$42:$H$42/(1+DCF!$C$26)^DCF!$D$43:$H$43)+DCF!$H$38*G$31*(1+$B33)/(DCF!$C$26-$B33)/(1+DCF!$C$26)^DCF!$C$53 -> 9597.7886
B34: =DCF!$C$27+0 -> 0.03 | C34: =IF((((L34*(1+DCF!$C$26)^DCF!$C$8)+DCF!$C$65-DCF!$C$66-DCF!$C$67)-DCF!$C$74)/(DCF!$C$69+DCF!$C$70)>DCF!$C$72,IF(((L34*(1+DCF!$C$26)^DCF!$C$8)+DCF!$C$65-DCF!$C$66-DCF!$C$67)/(DCF!$C$69+DCF!$C$70+DCF!$C$73)>DCF!$C$75,((L34*(1+DCF!$C$26)^DCF!$C$8)+DCF!$C$65-DCF!$C$66-DCF!$C$67)/(DCF!$C$69+DCF!$C$70+DCF!$C$73),(((L34*(1+DCF!$C$26)^DCF!$C$8)+DCF!$C$65-DCF!$C$66-DCF!$C$67)-DCF!$C$74)/(DCF!$C$69+DCF!$C$70)),(((L34*(1+DCF!$C$26)^DCF!$C$8)+DCF!$C$65-DCF!$C$66-DCF!$C$67)-DCF!$C$74-DCF!$C$71)/DCF!$C$69) -> 27.050584 | D34: =IF((((M34*(1+DCF!$C$26)^DCF!$C$8)+DCF!$C$65-DCF!$C$66-DCF!$C$67)-DCF!$C$74)/(DCF!$C$69+DCF!$C$70)>DCF!$C$72,IF(((M34*(1+DCF!$C$26)^DCF!$C$8)+DCF!$C$65-DCF!$C$66-DCF!$C$67)/(DCF!$C$69+DCF!$C$70+DCF!$C$73)>DCF!$C$75,((M34*(1+DCF!$C$26)^DCF!$C$8)+DCF!$C$65-DCF!$C$66-DCF!$C$67)/(DCF!$C$69+DCF!$C$70+DCF!$C$73),(((M34*(1+DCF!$C$26)^DCF!$C$8)+DCF!$C$65-DCF!$C$66-DCF!$C$67)-DCF!$C$74)/(DCF!$C$69+DCF!$C$70)),(((M34*(1+DCF!$C$26)^DCF!$C$8)+DCF!$C$65-DCF!$C$66-DCF!$C$67)-DCF!$C$74-DCF!$C$71)/DCF!$C$69) -> 29.112787 | E34: =IF((((N34*(1+DCF!$C$26)^DCF!$C$8)+DCF!$C$65-DCF!$C$66-DCF!$C$67)-DCF!$C$74)/(DCF!$C$69+DCF!$C$70)>DCF!$C$72,IF(((N34*(1+DCF!$C$26)^DCF!$C$8)+DCF!$C$65-DCF!$C$66-DCF!$C$67)/(DCF!$C$69+DCF!$C$70+DCF!$C$73)>DCF!$C$75,((N34*(1+DCF!$C$26)^DCF!$C$8)+DCF!$C$65-DCF!$C$66-DCF!$C$67)/(DCF!$C$69+DCF!$C$70+DCF!$C$73),(((N34*(1+DCF!$C$26)^DCF!$C$8)+DCF!$C$65-DCF!$C$66-DCF!$C$67)-DCF!$C$74)/(DCF!$C$69+DCF!$C$70)),(((N34*(1+DCF!$C$26)^DCF!$C$8)+DCF!$C$65-DCF!$C$66-DCF!$C$67)-DCF!$C$74-DCF!$C$71)/DCF!$C$69) -> 31.17499 | F34: =IF((((O34*(1+DCF!$C$26)^DCF!$C$8)+DCF!$C$65-DCF!$C$66-DCF!$C$67)-DCF!$C$74)/(DCF!$C$69+DCF!$C$70)>DCF!$C$72,IF(((O34*(1+DCF!$C$26)^DCF!$C$8)+DCF!$C$65-DCF!$C$66-DCF!$C$67)/(DCF!$C$69+DCF!$C$70+DCF!$C$73)>DCF!$C$75,((O34*(1+DCF!$C$26)^DCF!$C$8)+DCF!$C$65-DCF!$C$66-DCF!$C$67)/(DCF!$C$69+DCF!$C$70+DCF!$C$73),(((O34*(1+DCF!$C$26)^DCF!$C$8)+DCF!$C$65-DCF!$C$66-DCF!$C$67)-DCF!$C$74)/(DCF!$C$69+DCF!$C$70)),(((O34*(1+DCF!$C$26)^DCF!$C$8)+DCF!$C$65-DCF!$C$66-DCF!$C$67)-DCF!$C$74-DCF!$C$71)/DCF!$C$69) -> 33.237193 | G34: =IF((((P34*(1+DCF!$C$26)^DCF!$C$8)+DCF!$C$65-DCF!$C$66-DCF!$C$67)-DCF!$C$74)/(DCF!$C$69+DCF!$C$70)>DCF!$C$72,IF(((P34*(1+DCF!$C$26)^DCF!$C$8)+DCF!$C$65-DCF!$C$66-DCF!$C$67)/(DCF!$C$69+DCF!$C$70+DCF!$C$73)>DCF!$C$75,((P34*(1+DCF!$C$26)^DCF!$C$8)+DCF!$C$65-DCF!$C$66-DCF!$C$67)/(DCF!$C$69+DCF!$C$70+DCF!$C$73),(((P34*(1+DCF!$C$26)^DCF!$C$8)+DCF!$C$65-DCF!$C$66-DCF!$C$67)-DCF!$C$74)/(DCF!$C$69+DCF!$C$70)),(((P34*(1+DCF!$C$26)^DCF!$C$8)+DCF!$C$65-DCF!$C$66-DCF!$C$67)-DCF!$C$74-DCF!$C$71)/DCF!$C$69) -> 35.299395 | K34: =B34 -> 0.03 | L34: =SUMPRODUCT(DCF!$D$42:$H$42/(1+DCF!$C$26)^DCF!$D$43:$H$43)+DCF!$H$38*C$31*(1+$B34)/(DCF!$C$26-$B34)/(1+DCF!$C$26)^DCF!$C$53 -> 7920.5733 | M34: =SUMPRODUCT(DCF!$D$42:$H$42/(1+DCF!$C$26)^DCF!$D$43:$H$43)+DCF!$H$38*D$31*(1+$B34)/(DCF!$C$26-$B34)/(1+DCF!$C$26)^DCF!$C$53 -> 8477.1467 | N34: =SUMPRODUCT(DCF!$D$42:$H$42/(1+DCF!$C$26)^DCF!$D$43:$H$43)+DCF!$H$38*E$31*(1+$B34)/(DCF!$C$26-$B34)/(1+DCF!$C$26)^DCF!$C$53 -> 9033.7202 | O34: =SUMPRODUCT(DCF!$D$42:$H$42/(1+DCF!$C$26)^DCF!$D$43:$H$43)+DCF!$H$38*F$31*(1+$B34)/(DCF!$C$26-$B34)/(1+DCF!$C$26)^DCF!$C$53 -> 9590.2937 | P34: =SUMPRODUCT(DCF!$D$42:$H$42/(1+DCF!$C$26)^DCF!$D$43:$H$43)+DCF!$H$38*G$31*(1+$B34)/(DCF!$C$26-$B34)/(1+DCF!$C$26)^DCF!$C$53 -> 10146.867
B35: =DCF!$C$27+0.005 -> 0.035 | C35: =IF((((L35*(1+DCF!$C$26)^DCF!$C$8)+DCF!$C$65-DCF!$C$66-DCF!$C$67)-DCF!$C$74)/(DCF!$C$69+DCF!$C$70)>DCF!$C$72,IF(((L35*(1+DCF!$C$26)^DCF!$C$8)+DCF!$C$65-DCF!$C$66-DCF!$C$67)/(DCF!$C$69+DCF!$C$70+DCF!$C$73)>DCF!$C$75,((L35*(1+DCF!$C$26)^DCF!$C$8)+DCF!$C$65-DCF!$C$66-DCF!$C$67)/(DCF!$C$69+DCF!$C$70+DCF!$C$73),(((L35*(1+DCF!$C$26)^DCF!$C$8)+DCF!$C$65-DCF!$C$66-DCF!$C$67)-DCF!$C$74)/(DCF!$C$69+DCF!$C$70)),(((L35*(1+DCF!$C$26)^DCF!$C$8)+DCF!$C$65-DCF!$C$66-DCF!$C$67)-DCF!$C$74-DCF!$C$71)/DCF!$C$69) -> 28.73005 | D35: =IF((((M35*(1+DCF!$C$26)^DCF!$C$8)+DCF!$C$65-DCF!$C$66-DCF!$C$67)-DCF!$C$74)/(DCF!$C$69+DCF!$C$70)>DCF!$C$72,IF(((M35*(1+DCF!$C$26)^DCF!$C$8)+DCF!$C$65-DCF!$C$66-DCF!$C$67)/(DCF!$C$69+DCF!$C$70+DCF!$C$73)>DCF!$C$75,((M35*(1+DCF!$C$26)^DCF!$C$8)+DCF!$C$65-DCF!$C$66-DCF!$C$67)/(DCF!$C$69+DCF!$C$70+DCF!$C$73),(((M35*(1+DCF!$C$26)^DCF!$C$8)+DCF!$C$65-DCF!$C$66-DCF!$C$67)-DCF!$C$74)/(DCF!$C$69+DCF!$C$70)),(((M35*(1+DCF!$C$26)^DCF!$C$8)+DCF!$C$65-DCF!$C$66-DCF!$C$67)-DCF!$C$74-DCF!$C$71)/DCF!$C$69) -> 30.956906 | E35: =IF((((N35*(1+DCF!$C$26)^DCF!$C$8)+DCF!$C$65-DCF!$C$66-DCF!$C$67)-DCF!$C$74)/(DCF!$C$69+DCF!$C$70)>DCF!$C$72,IF(((N35*(1+DCF!$C$26)^DCF!$C$8)+DCF!$C$65-DCF!$C$66-DCF!$C$67)/(DCF!$C$69+DCF!$C$70+DCF!$C$73)>DCF!$C$75,((N35*(1+DCF!$C$26)^DCF!$C$8)+DCF!$C$65-DCF!$C$66-DCF!$C$67)/(DCF!$C$69+DCF!$C$70+DCF!$C$73),(((N35*(1+DCF!$C$26)^DCF!$C$8)+DCF!$C$65-DCF!$C$66-DCF!$C$67)-DCF!$C$74)/(DCF!$C$69+DCF!$C$70)),(((N35*(1+DCF!$C$26)^DCF!$C$8)+DCF!$C$65-DCF!$C$66-DCF!$C$67)-DCF!$C$74-DCF!$C$71)/DCF!$C$69) -> 33.183762 | F35: =IF((((O35*(1+DCF!$C$26)^DCF!$C$8)+DCF!$C$65-DCF!$C$66-DCF!$C$67)-DCF!$C$74)/(DCF!$C$69+DCF!$C$70)>DCF!$C$72,IF(((O35*(1+DCF!$C$26)^DCF!$C$8)+DCF!$C$65-DCF!$C$66-DCF!$C$67)/(DCF!$C$69+DCF!$C$70+DCF!$C$73)>DCF!$C$75,((O35*(1+DCF!$C$26)^DCF!$C$8)+DCF!$C$65-DCF!$C$66-DCF!$C$67)/(DCF!$C$69+DCF!$C$70+DCF!$C$73),(((O35*(1+DCF!$C$26)^DCF!$C$8)+DCF!$C$65-DCF!$C$66-DCF!$C$67)-DCF!$C$74)/(DCF!$C$69+DCF!$C$70)),(((O35*(1+DCF!$C$26)^DCF!$C$8)+DCF!$C$65-DCF!$C$66-DCF!$C$67)-DCF!$C$74-DCF!$C$71)/DCF!$C$69) -> 35.410618 | G35: =IF((((P35*(1+DCF!$C$26)^DCF!$C$8)+DCF!$C$65-DCF!$C$66-DCF!$C$67)-DCF!$C$74)/(DCF!$C$69+DCF!$C$70)>DCF!$C$72,IF(((P35*(1+DCF!$C$26)^DCF!$C$8)+DCF!$C$65-DCF!$C$66-DCF!$C$67)/(DCF!$C$69+DCF!$C$70+DCF!$C$73)>DCF!$C$75,((P35*(1+DCF!$C$26)^DCF!$C$8)+DCF!$C$65-DCF!$C$66-DCF!$C$67)/(DCF!$C$69+DCF!$C$70+DCF!$C$73),(((P35*(1+DCF!$C$26)^DCF!$C$8)+DCF!$C$65-DCF!$C$66-DCF!$C$67)-DCF!$C$74)/(DCF!$C$69+DCF!$C$70)),(((P35*(1+DCF!$C$26)^DCF!$C$8)+DCF!$C$65-DCF!$C$66-DCF!$C$67)-DCF!$C$74-DCF!$C$71)/DCF!$C$69) -> 37.637475 | K35: =B35 -> 0.035 | L35: =SUMPRODUCT(DCF!$D$42:$H$42/(1+DCF!$C$26)^DCF!$D$43:$H$43)+DCF!$H$38*C$31*(1+$B35)/(DCF!$C$26-$B35)/(1+DCF!$C$26)^DCF!$C$53 -> 8373.8488 | M35: =SUMPRODUCT(DCF!$D$42:$H$42/(1+DCF!$C$26)^DCF!$D$43:$H$43)+DCF!$H$38*D$31*(1+$B35)/(DCF!$C$26-$B35)/(1+DCF!$C$26)^DCF!$C$53 -> 8974.861 | N35: =SUMPRODUCT(DCF!$D$42:$H$42/(1+DCF!$C$26)^DCF!$D$43:$H$43)+DCF!$H$38*E$31*(1+$B35)/(DCF!$C$26-$B35)/(1+DCF!$C$26)^DCF!$C$53 -> 9575.8732 | O35: =SUMPRODUCT(DCF!$D$42:$H$42/(1+DCF!$C$26)^DCF!$D$43:$H$43)+DCF!$H$38*F$31*(1+$B35)/(DCF!$C$26-$B35)/(1+DCF!$C$26)^DCF!$C$53 -> 10176.885 | P35: =SUMPRODUCT(DCF!$D$42:$H$42/(1+DCF!$C$26)^DCF!$D$43:$H$43)+DCF!$H$38*G$31*(1+$B35)/(DCF!$C$26-$B35)/(1+DCF!$C$26)^DCF!$C$53 -> 10777.898
B36: =DCF!$C$27+0.01 -> 0.04 | C36: =IF((((L36*(1+DCF!$C$26)^DCF!$C$8)+DCF!$C$65-DCF!$C$66-DCF!$C$67)-DCF!$C$74)/(DCF!$C$69+DCF!$C$70)>DCF!$C$72,IF(((L36*(1+DCF!$C$26)^DCF!$C$8)+DCF!$C$65-DCF!$C$66-DCF!$C$67)/(DCF!$C$69+DCF!$C$70+DCF!$C$73)>DCF!$C$75,((L36*(1+DCF!$C$26)^DCF!$C$8)+DCF!$C$65-DCF!$C$66-DCF!$C$67)/(DCF!$C$69+DCF!$C$70+DCF!$C$73),(((L36*(1+DCF!$C$26)^DCF!$C$8)+DCF!$C$65-DCF!$C$66-DCF!$C$67)-DCF!$C$74)/(DCF!$C$69+DCF!$C$70)),(((L36*(1+DCF!$C$26)^DCF!$C$8)+DCF!$C$65-DCF!$C$66-DCF!$C$67)-DCF!$C$74-DCF!$C$71)/DCF!$C$69) -> 30.680397 | D36: =IF((((M36*(1+DCF!$C$26)^DCF!$C$8)+DCF!$C$65-DCF!$C$66-DCF!$C$67)-DCF!$C$74)/(DCF!$C$69+DCF!$C$70)>DCF!$C$72,IF(((M36*(1+DCF!$C$26)^DCF!$C$8)+DCF!$C$65-DCF!$C$66-DCF!$C$67)/(DCF!$C$69+DCF!$C$70+DCF!$C$73)>DCF!$C$75,((M36*(1+DCF!$C$26)^DCF!$C$8)+DCF!$C$65-DCF!$C$66-DCF!$C$67)/(DCF!$C$69+DCF!$C$70+DCF!$C$73),(((M36*(1+DCF!$C$26)^DCF!$C$8)+DCF!$C$65-DCF!$C$66-DCF!$C$67)-DCF!$C$74)/(DCF!$C$69+DCF!$C$70)),(((M36*(1+DCF!$C$26)^DCF!$C$8)+DCF!$C$65-DCF!$C$66-DCF!$C$67)-DCF!$C$74-DCF!$C$71)/DCF!$C$69) -> 33.098464 | E36: =IF((((N36*(1+DCF!$C$26)^DCF!$C$8)+DCF!$C$65-DCF!$C$66-DCF!$C$67)-DCF!$C$74)/(DCF!$C$69+DCF!$C$70)>DCF!$C$72,IF(((N36*(1+DCF!$C$26)^DCF!$C$8)+DCF!$C$65-DCF!$C$66-DCF!$C$67)/(DCF!$C$69+DCF!$C$70+DCF!$C$73)>DCF!$C$75,((N36*(1+DCF!$C$26)^DCF!$C$8)+DCF!$C$65-DCF!$C$66-DCF!$C$67)/(DCF!$C$69+DCF!$C$70+DCF!$C$73),(((N36*(1+DCF!$C$26)^DCF!$C$8)+DCF!$C$65-DCF!$C$66-DCF!$C$67)-DCF!$C$74)/(DCF!$C$69+DCF!$C$70)),(((N36*(1+DCF!$C$26)^DCF!$C$8)+DCF!$C$65-DCF!$C$66-DCF!$C$67)-DCF!$C$74-DCF!$C$71)/DCF!$C$69) -> 35.51653 | F36: =IF((((O36*(1+DCF!$C$26)^DCF!$C$8)+DCF!$C$65-DCF!$C$66-DCF!$C$67)-DCF!$C$74)/(DCF!$C$69+DCF!$C$70)>DCF!$C$72,IF(((O36*(1+DCF!$C$26)^DCF!$C$8)+DCF!$C$65-DCF!$C$66-DCF!$C$67)/(DCF!$C$69+DCF!$C$70+DCF!$C$73)>DCF!$C$75,((O36*(1+DCF!$C$26)^DCF!$C$8)+DCF!$C$65-DCF!$C$66-DCF!$C$67)/(DCF!$C$69+DCF!$C$70+DCF!$C$73),(((O36*(1+DCF!$C$26)^DCF!$C$8)+DCF!$C$65-DCF!$C$66-DCF!$C$67)-DCF!$C$74)/(DCF!$C$69+DCF!$C$70)),(((O36*(1+DCF!$C$26)^DCF!$C$8)+DCF!$C$65-DCF!$C$66-DCF!$C$67)-DCF!$C$74-DCF!$C$71)/DCF!$C$69) -> 37.934597 | G36: =IF((((P36*(1+DCF!$C$26)^DCF!$C$8)+DCF!$C$65-DCF!$C$66-DCF!$C$67)-DCF!$C$74)/(DCF!$C$69+DCF!$C$70)>DCF!$C$72,IF(((P36*(1+DCF!$C$26)^DCF!$C$8)+DCF!$C$65-DCF!$C$66-DCF!$C$67)/(DCF!$C$69+DCF!$C$70+DCF!$C$73)>DCF!$C$75,((P36*(1+DCF!$C$26)^DCF!$C$8)+DCF!$C$65-DCF!$C$66-DCF!$C$67)/(DCF!$C$69+DCF!$C$70+DCF!$C$73),(((P36*(1+DCF!$C$26)^DCF!$C$8)+DCF!$C$65-DCF!$C$66-DCF!$C$67)-DCF!$C$74)/(DCF!$C$69+DCF!$C$70)),(((P36*(1+DCF!$C$26)^DCF!$C$8)+DCF!$C$65-DCF!$C$66-DCF!$C$67)-DCF!$C$74-DCF!$C$71)/DCF!$C$69) -> 40.352664 | K36: =B36 -> 0.04 | L36: =SUMPRODUCT(DCF!$D$42:$H$42/(1+DCF!$C$26)^DCF!$D$43:$H$43)+DCF!$H$38*C$31*(1+$B36)/(DCF!$C$26-$B36)/(1+DCF!$C$26)^DCF!$C$53 -> 8900.2332 | M36: =SUMPRODUCT(DCF!$D$42:$H$42/(1+DCF!$C$26)^DCF!$D$43:$H$43)+DCF!$H$38*D$31*(1+$B36)/(DCF!$C$26-$B36)/(1+DCF!$C$26)^DCF!$C$53 -> 9552.8518 | N36: =SUMPRODUCT(DCF!$D$42:$H$42/(1+DCF!$C$26)^DCF!$D$43:$H$43)+DCF!$H$38*E$31*(1+$B36)/(DCF!$C$26-$B36)/(1+DCF!$C$26)^DCF!$C$53 -> 10205.47 | O36: =SUMPRODUCT(DCF!$D$42:$H$42/(1+DCF!$C$26)^DCF!$D$43:$H$43)+DCF!$H$38*F$31*(1+$B36)/(DCF!$C$26-$B36)/(1+DCF!$C$26)^DCF!$C$53 -> 10858.089 | P36: =SUMPRODUCT(DCF!$D$42:$H$42/(1+DCF!$C$26)^DCF!$D$43:$H$43)+DCF!$H$38*G$31*(1+$B36)/(DCF!$C$26-$B36)/(1+DCF!$C$26)^DCF!$C$53 -> 11510.707
B37: =DCF!$C$27+0.015 -> 0.045 | C37: =IF((((L37*(1+DCF!$C$26)^DCF!$C$8)+DCF!$C$65-DCF!$C$66-DCF!$C$67)-DCF!$C$74)/(DCF!$C$69+DCF!$C$70)>DCF!$C$72,IF(((L37*(1+DCF!$C$26)^DCF!$C$8)+DCF!$C$65-DCF!$C$66-DCF!$C$67)/(DCF!$C$69+DCF!$C$70+DCF!$C$73)>DCF!$C$75,((L37*(1+DCF!$C$26)^DCF!$C$8)+DCF!$C$65-DCF!$C$66-DCF!$C$67)/(DCF!$C$69+DCF!$C$70+DCF!$C$73),(((L37*(1+DCF!$C$26)^DCF!$C$8)+DCF!$C$65-DCF!$C$66-DCF!$C$67)-DCF!$C$74)/(DCF!$C$69+DCF!$C$70)),(((L37*(1+DCF!$C$26)^DCF!$C$8)+DCF!$C$65-DCF!$C$66-DCF!$C$67)-DCF!$C$74-DCF!$C$71)/DCF!$C$69) -> 32.97291 | D37: =IF((((M37*(1+DCF!$C$26)^DCF!$C$8)+DCF!$C$65-DCF!$C$66-DCF!$C$67)-DCF!$C$74)/(DCF!$C$69+DCF!$C$70)>DCF!$C$72,IF(((M37*(1+DCF!$C$26)^DCF!$C$8)+DCF!$C$65-DCF!$C$66-DCF!$C$67)/(DCF!$C$69+DCF!$C$70+DCF!$C$73)>DCF!$C$75,((M37*(1+DCF!$C$26)^DCF!$C$8)+DCF!$C$65-DCF!$C$66-DCF!$C$67)/(DCF!$C$69+DCF!$C$70+DCF!$C$73),(((M37*(1+DCF!$C$26)^DCF!$C$8)+DCF!$C$65-DCF!$C$66-DCF!$C$67)-DCF!$C$74)/(DCF!$C$69+DCF!$C$70)),(((M37*(1+DCF!$C$26)^DCF!$C$8)+DCF!$C$65-DCF!$C$66-DCF!$C$67)-DCF!$C$74-DCF!$C$71)/DCF!$C$69) -> 35.615733 | E37: =IF((((N37*(1+DCF!$C$26)^DCF!$C$8)+DCF!$C$65-DCF!$C$66-DCF!$C$67)-DCF!$C$74)/(DCF!$C$69+DCF!$C$70)>DCF!$C$72,IF(((N37*(1+DCF!$C$26)^DCF!$C$8)+DCF!$C$65-DCF!$C$66-DCF!$C$67)/(DCF!$C$69+DCF!$C$70+DCF!$C$73)>DCF!$C$75,((N37*(1+DCF!$C$26)^DCF!$C$8)+DCF!$C$65-DCF!$C$66-DCF!$C$67)/(DCF!$C$69+DCF!$C$70+DCF!$C$73),(((N37*(1+DCF!$C$26)^DCF!$C$8)+DCF!$C$65-DCF!$C$66-DCF!$C$67)-DCF!$C$74)/(DCF!$C$69+DCF!$C$70)),(((N37*(1+DCF!$C$26)^DCF!$C$8)+DCF!$C$65-DCF!$C$66-DCF!$C$67)-DCF!$C$74-DCF!$C$71)/DCF!$C$69) -> 38.258556 | F37: =IF((((O37*(1+DCF!$C$26)^DCF!$C$8)+DCF!$C$65-DCF!$C$66-DCF!$C$67)-DCF!$C$74)/(DCF!$C$69+DCF!$C$70)>DCF!$C$72,IF(((O37*(1+DCF!$C$26)^DCF!$C$8)+DCF!$C$65-DCF!$C$66-DCF!$C$67)/(DCF!$C$69+DCF!$C$70+DCF!$C$73)>DCF!$C$75,((O37*(1+DCF!$C$26)^DCF!$C$8)+DCF!$C$65-DCF!$C$66-DCF!$C$67)/(DCF!$C$69+DCF!$C$70+DCF!$C$73),(((O37*(1+DCF!$C$26)^DCF!$C$8)+DCF!$C$65-DCF!$C$66-DCF!$C$67)-DCF!$C$74)/(DCF!$C$69+DCF!$C$70)),(((O37*(1+DCF!$C$26)^DCF!$C$8)+DCF!$C$65-DCF!$C$66-DCF!$C$67)-DCF!$C$74-DCF!$C$71)/DCF!$C$69) -> 40.901379 | G37: =IF((((P37*(1+DCF!$C$26)^DCF!$C$8)+DCF!$C$65-DCF!$C$66-DCF!$C$67)-DCF!$C$74)/(DCF!$C$69+DCF!$C$70)>DCF!$C$72,IF(((P37*(1+DCF!$C$26)^DCF!$C$8)+DCF!$C$65-DCF!$C$66-DCF!$C$67)/(DCF!$C$69+DCF!$C$70+DCF!$C$73)>DCF!$C$75,((P37*(1+DCF!$C$26)^DCF!$C$8)+DCF!$C$65-DCF!$C$66-DCF!$C$67)/(DCF!$C$69+DCF!$C$70+DCF!$C$73),(((P37*(1+DCF!$C$26)^DCF!$C$8)+DCF!$C$65-DCF!$C$66-DCF!$C$67)-DCF!$C$74)/(DCF!$C$69+DCF!$C$70)),(((P37*(1+DCF!$C$26)^DCF!$C$8)+DCF!$C$65-DCF!$C$66-DCF!$C$67)-DCF!$C$74-DCF!$C$71)/DCF!$C$69) -> 43.544202 | K37: =B37 -> 0.045 | L37: =SUMPRODUCT(DCF!$D$42:$H$42/(1+DCF!$C$26)^DCF!$D$43:$H$43)+DCF!$H$38*C$31*(1+$B37)/(DCF!$C$26-$B37)/(1+DCF!$C$26)^DCF!$C$53 -> 9518.9658 | M37: =SUMPRODUCT(DCF!$D$42:$H$42/(1+DCF!$C$26)^DCF!$D$43:$H$43)+DCF!$H$38*D$31*(1+$B37)/(DCF!$C$26-$B37)/(1+DCF!$C$26)^DCF!$C$53 -> 10232.244 | N37: =SUMPRODUCT(DCF!$D$42:$H$42/(1+DCF!$C$26)^DCF!$D$43:$H$43)+DCF!$H$38*E$31*(1+$B37)/(DCF!$C$26-$B37)/(1+DCF!$C$26)^DCF!$C$53 -> 10945.523 | O37: =SUMPRODUCT(DCF!$D$42:$H$42/(1+DCF!$C$26)^DCF!$D$43:$H$43)+DCF!$H$38*F$31*(1+$B37)/(DCF!$C$26-$B37)/(1+DCF!$C$26)^DCF!$C$53 -> 11658.802 | P37: =SUMPRODUCT(DCF!$D$42:$H$42/(1+DCF!$C$26)^DCF!$D$43:$H$43)+DCF!$H$38*G$31*(1+$B37)/(DCF!$C$26-$B37)/(1+DCF!$C$26)^DCF!$C$53 -> 12372.08
A40: TABLE 4 – DCF VALUE BY OPERATING SCENARIO (base WACC and terminal growth)
B41: Bull | C41: Base | D41: Bear | E41: Live
A42: DCF value per share – perpetuity ($) | B42: 39.7077 | C42: 31.1151 | D42: 22.0557 | E42: =DCF!C76 -> 31.115131
A43: DCF value per share – exit multiple ($) | B43: 43.2673 | C43: 33.8464 | D43: 23.9431 | E43: =DCF!D76 -> 33.84637
A44: Bull/Base/Bear values are snapshots from running the full model under each Scenarios-tab case (Excel holds one live state); "Live" follows Scenarios!C4.

Sheet Comps
A1: Celsius Holdings, Inc. (NASDAQ: CELH) – Comparable Companies & Precedent Transactions
A2: Market data from stockanalysis.com (S&P Global) pulled 13-Oct-2026; prices are latest available closes (MNST/KDP/PEP/KO 12-Oct; COCO 8-Oct; BRBR/PRMB 9-Oct; SMPL 6-Oct). NTM = blend of current and next fiscal-year consensus by months remaining.
A3: Active scenario: | B3: =CHOOSE(Scenarios!$C$4,"Bull case","Base case","Bear case") -> Base case
A5: A. TRADING COMPARABLES – INPUTS (blue) AND MULTIPLES | AE5: Stats helper (blank = excluded)
A6: Company | B6: Ticker | C6: Price ($) | D6: Mkt cap ($bn) | E6: EV ($bn) | F6: LTM rev ($mm) | G6: LTM EBITDA ($mm) | H6: Rev FY1 ($mm) | I6: Rev FY2 ($mm) | J6: EPS FY1 ($) | K6: EPS FY2 ($) | L6: FY1 wt in NTM | M6: FYE | N6: Incl. | O6: Incl. LTM | Q6: EV/Rev LTM | R6: EV/Rev NTM | S6: EV/EBITDA LTM | T6: P/E NTM | U6: NTM rev growth | V6: EBITDA mgn LTM | AE6: =Q6 -> EV/Rev LTM | AF6: =R6 -> EV/Rev NTM | AG6: =S6 -> EV/EBITDA LTM | AH6: =T6 -> P/E NTM | AI6: =U6 -> NTM rev growth | AJ6: =V6 -> EBITDA mgn LTM
A7: Monster Beverage | B7: MNST | C7: 43.76 | D7: 85.73 | E7: 82.4 | F7: 9220 | G7: 2930 | H7: 9730 | I7: 10660 | J7: 1.15 | K7: 1.31 | L7: 0.22 | M7: Dec | N7: 1 | O7: 1 | Q7: =E7*1000/F7 -> 8.9370933 | R7: =E7*1000/(L7*H7+(1-L7)*I7) -> 7.8810949 | S7: =E7*1000/G7 -> 28.122867 | T7: =C7/(L7*J7+(1-L7)*K7) -> 34.326953 | U7: =I7/H7-1 -> 0.095580678 | V7: =G7/F7 -> 0.31778742 | Y7: Closest pure-play energy peer; #1 US energy share; net cash. | AE7: =IF(O7=1,Q7,"") -> 8.9370933 | AF7: =IF(N7=1,R7,"") -> 7.8810949 | AG7: =IF(O7=1,S7,"") -> 28.122867 | AH7: =IF(N7=1,T7,"") -> 34.326953 | AI7: =IF(N7=1,U7,"") -> 0.095580678 | AJ7: =IF(O7=1,V7,"") -> 0.31778742
A8: Keurig Dr Pepper | B8: KDP | C8: 32.75 | D8: 44.57 | E8: 76.57 | F8: 20090 | G8: 4810 | H8: 26310 | I8: 29950 | J8: 2.29 | K8: 2.53 | L8: 0.22 | M8: Dec | N8: 1 | O8: 0 | Q8: =E8*1000/F8 -> 3.8113489 | R8: =E8*1000/(L8*H8+(1-L8)*I8) -> 2.6268302 | S8: =E8*1000/G8 -> 15.918919 | T8: =C8/(L8*J8+(1-L8)*K8) -> 13.220572 | U8: =I8/H8-1 -> 0.13835044 | V8: =G8/F8 -> 0.2394226 | Y8: Owns GHOST energy; FY26 consensus consolidates JDE Peet's – LTM EBITDA only partly reflects deal, so LTM multiples excluded from stats. | AE8: =IF(O8=1,Q8,"") | AF8: =IF(N8=1,R8,"") -> 2.6268302 | AG8: =IF(O8=1,S8,"") | AH8: =IF(N8=1,T8,"") -> 13.220572 | AI8: =IF(N8=1,U8,"") -> 0.13835044 | AJ8: =IF(O8=1,V8,"")
A9: PepsiCo | B9: PEP | C9: 126.68 | D9: 172.63 | E9: 213.35 | F9: 98240 | G9: 19170 | H9: 99310 | I9: 101800 | J9: 8.4 | K9: 8.66 | L9: 0.22 | M9: Dec | N9: 1 | O9: 1 | Q9: =E9*1000/F9 -> 2.1717223 | R9: =E9*1000/(L9*H9+(1-L9)*I9) -> 2.1071147 | S9: =E9*1000/G9 -> 11.129369 | T9: =C9/(L9*J9+(1-L9)*K9) -> 14.725438 | U9: =I9/H9-1 -> 0.025073004 | V9: =G9/F9 -> 0.19513436 | Y9: CELH distributor, Captaincy partner and preferred holder; scaled beverage/snacks benchmark. | AE9: =IF(O9=1,Q9,"") -> 2.1717223 | AF9: =IF(N9=1,R9,"") -> 2.1071147 | AG9: =IF(O9=1,S9,"") -> 11.129369 | AH9: =IF(N9=1,T9,"") -> 14.725438 | AI9: =IF(N9=1,U9,"") -> 0.025073004 | AJ9: =IF(O9=1,V9,"") -> 0.19513436
A10: Coca-Cola | B10: KO | C10: 89.79 | D10: 386.33 | E10: 414.22 | F10: 50130 | G10: 17000 | H10: 49800 | I10: 49840 | J10: 3.3 | K10: 3.52 | L10: 0.22 | M10: Dec | N10: 1 | O10: 1 | Q10: =E10*1000/F10 -> 8.2629164 | R10: =E10*1000/(L10*H10+(1-L10)*I10) -> 8.3124629 | S10: =E10*1000/G10 -> 24.365882 | T10: =C10/(L10*J10+(1-L10)*K10) -> 25.864155 | U10: =I10/H10-1 -> 0.00080321285 | V10: =G10/F10 -> 0.33911829 | Y10: Global beverage benchmark; owns BodyArmor; Monster distribution partner. | AE10: =IF(O10=1,Q10,"") -> 8.2629164 | AF10: =IF(N10=1,R10,"") -> 8.3124629 | AG10: =IF(O10=1,S10,"") -> 24.365882 | AH10: =IF(N10=1,T10,"") -> 25.864155 | AI10: =IF(N10=1,U10,"") -> 0.00080321285 | AJ10: =IF(O10=1,V10,"") -> 0.33911829
A11: Vita Coco | B11: COCO | C11: 55.98 | D11: 3.31 | E11: 3.05 | F11: 706.02 | G11: 136.61 | H11: 800.99 | I11: 964.63 | J11: 2.03 | K11: 2.34 | L11: 0.22 | M11: Dec | N11: 1 | O11: 1 | Q11: =E11*1000/F11 -> 4.3199909 | R11: =E11*1000/(L11*H11+(1-L11)*I11) -> 3.284411 | S11: =E11*1000/G11 -> 22.32633 | T11: =C11/(L11*J11+(1-L11)*K11) -> 24.641254 | U11: =I11/H11-1 -> 0.20429718 | V11: =G11/F11 -> 0.1934931 | Y11: High-growth better-for-you beverage brand, asset-light co-packer model. | AE11: =IF(O11=1,Q11,"") -> 4.3199909 | AF11: =IF(N11=1,R11,"") -> 3.284411 | AG11: =IF(O11=1,S11,"") -> 22.32633 | AH11: =IF(N11=1,T11,"") -> 24.641254 | AI11: =IF(N11=1,U11,"") -> 0.20429718 | AJ11: =IF(O11=1,V11,"") -> 0.1934931
A12: BellRing Brands | B12: BRBR | C12: 8.55 | D12: 0.994 | E12: 2.12 | F12: 2350 | G12: 331.9 | H12: 2360 | I12: 2380 | J12: 1.04 | K12: 1.32 | L12: 0 | M12: Sep | N12: 1 | O12: 1 | Q12: =E12*1000/F12 -> 0.90212766 | R12: =E12*1000/(L12*H12+(1-L12)*I12) -> 0.8907563 | S12: =E12*1000/G12 -> 6.3874661 | T12: =C12/(L12*J12+(1-L12)*K12) -> 6.4772727 | U12: =I12/H12-1 -> 0.0084745763 | V12: =G12/F12 -> 0.14123404 | Y12: Functional nutrition (protein shakes); de-rated on growth/competition. FY26 (Sep) complete → NTM = FY27. | AE12: =IF(O12=1,Q12,"") -> 0.90212766 | AF12: =IF(N12=1,R12,"") -> 0.8907563 | AG12: =IF(O12=1,S12,"") -> 6.3874661 | AH12: =IF(N12=1,T12,"") -> 6.4772727 | AI12: =IF(N12=1,U12,"") -> 0.0084745763 | AJ12: =IF(O12=1,V12,"") -> 0.14123404
A13: Primo Brands | B13: PRMB | C13: 19.27 | D13: 6.98 | E13: 12.31 | F13: 6740 | G13: 1340 | H13: 6840 | I13: 7080 | J13: 1.31 | K13: 1.49 | L13: 0.22 | M13: Dec | N13: 1 | O13: 1 | Q13: =E13*1000/F13 -> 1.8264095 | R13: =E13*1000/(L13*H13+(1-L13)*I13) -> 1.7517646 | S13: =E13*1000/G13 -> 9.1865672 | T13: =C13/(L13*J13+(1-L13)*K13) -> 13.28599 | U13: =I13/H13-1 -> 0.035087719 | V13: =G13/F13 -> 0.19881306 | Y13: US beverage (water) with DSD/retail exposure; levered. | AE13: =IF(O13=1,Q13,"") -> 1.8264095 | AF13: =IF(N13=1,R13,"") -> 1.7517646 | AG13: =IF(O13=1,S13,"") -> 9.1865672 | AH13: =IF(N13=1,T13,"") -> 13.28599 | AI13: =IF(N13=1,U13,"") -> 0.035087719 | AJ13: =IF(O13=1,V13,"") -> 0.19881306
A14: Simply Good Foods | B14: SMPL | C14: 9.96 | D14: 0.881 | E14: 1.21 | F14: 1390 | G14: 217.48 | H14: 1350 | I14: 1260 | J14: 1.65 | K14: 1.7 | L14: 0 | M14: Aug | N14: 1 | O14: 1 | Q14: =E14*1000/F14 -> 0.8705036 | R14: =E14*1000/(L14*H14+(1-L14)*I14) -> 0.96031746 | S14: =E14*1000/G14 -> 5.56373 | T14: =C14/(L14*J14+(1-L14)*K14) -> 5.8588235 | U14: =I14/H14-1 -> -0.066666667 | V14: =G14/F14 -> 0.15646043 | Y14: Better-for-you nutrition (Atkins, Quest); declining sales. FY26 (Aug) complete → NTM = FY27. | AE14: =IF(O14=1,Q14,"") -> 0.8705036 | AF14: =IF(N14=1,R14,"") -> 0.96031746 | AG14: =IF(O14=1,S14,"") -> 5.56373 | AH14: =IF(N14=1,T14,"") -> 5.8588235 | AI14: =IF(N14=1,U14,"") -> -0.066666667 | AJ14: =IF(O14=1,V14,"") -> 0.15646043
A15: STATISTICAL SUMMARY (peers; KDP excluded from LTM metrics)
A16: Maximum | Q16: =MAX(AE$7:AE$14) -> 8.9370933 | R16: =MAX(AF$7:AF$14) -> 8.3124629 | S16: =MAX(AG$7:AG$14) -> 28.122867 | T16: =MAX(AH$7:AH$14) -> 34.326953 | U16: =MAX(AI$7:AI$14) -> 0.20429718 | V16: =MAX(AJ$7:AJ$14) -> 0.33911829
A17: 75th percentile | Q17: =PERCENTILE(AE$7:AE$14,0.75) -> 6.2914537 | R17: =PERCENTILE(AF$7:AF$14,0.75) -> 4.433582 | S17: =PERCENTILE(AG$7:AG$14,0.75) -> 23.346106 | T17: =PERCENTILE(AH$7:AH$14,0.75) -> 24.946979 | U17: =PERCENTILE(AI$7:AI$14,0.75) -> 0.10627312 | V17: =PERCENTILE(AJ$7:AJ$14,0.75) -> 0.25830024
A18: Median | Q18: =MEDIAN(AE$7:AE$14) -> 2.1717223 | R18: =MEDIAN(AF$7:AF$14) -> 2.3669725 | S18: =MEDIAN(AG$7:AG$14) -> 11.129369 | T18: =MEDIAN(AH$7:AH$14) -> 14.005714 | U18: =MEDIAN(AI$7:AI$14) -> 0.030080362 | V18: =MEDIAN(AJ$7:AJ$14) -> 0.19513436
A19: 25th percentile | Q19: =PERCENTILE(AE$7:AE$14,0.25) -> 1.3642686 | R19: =PERCENTILE(AF$7:AF$14,0.25) -> 1.5539028 | S19: =PERCENTILE(AG$7:AG$14,0.25) -> 7.7870166 | T19: =PERCENTILE(AH$7:AH$14,0.25) -> 11.534747 | U19: =PERCENTILE(AI$7:AI$14,0.25) -> 0.0065567354 | V19: =PERCENTILE(AJ$7:AJ$14,0.25) -> 0.17497677
A20: Minimum | Q20: =MIN(AE$7:AE$14) -> 0.8705036 | R20: =MIN(AF$7:AF$14) -> 0.8907563 | S20: =MIN(AG$7:AG$14) -> 5.56373 | T20: =MIN(AH$7:AH$14) -> 5.8588235 | U20: =MIN(AI$7:AI$14) -> -0.066666667 | V20: =MIN(AJ$7:AJ$14) -> 0.14123404
A22: Celsius Holdings (at current price) | B22: CELH | C22: ='DCF Inputs'!$C$38 -> 28.36 | D22: ='DCF Inputs'!$C$40/1000 -> 7.1762144 | E22: =('DCF Inputs'!$C$40+MAX('DCF Inputs'!$C$45,'DCF Inputs'!$C$46*'DCF Inputs'!$C$38)+'DCF Inputs'!$C$48+'DCF Inputs'!$C$41-'DCF Inputs'!$C$42+'DCF Inputs'!$C$51)/1000 -> 8.4375144 | F22: 3047.3 | G22: 719.2 | H22: ='Income Statement'!G7 -> 3141.81 | I22: ='Income Statement'!H7 -> 3354.5466 | J22: ='Income Statement'!G58 -> 1.4691939 | K22: ='Income Statement'!H58 -> 1.7354736 | L22: 0.22 | M22: Dec | Q22: =E22*1000/F22 -> 2.7688493 | R22: =E22*1000/(L22*H22+(1-L22)*I22) -> 2.5508362 | S22: =E22*1000/G22 -> 11.731805 | T22: =C22/(L22*J22+(1-L22)*K22) -> 16.91224 | U22: =I22/H22-1 -> 0.067711463 | V22: =G22/F22 -> 0.23601221 | Y22: EV includes PepsiCo preferred (Series A at as-converted market value, Series B at $585mm stated) and debt-like items. LTM to Jun-26: revenue $2,515.3 + $1,600.5 - $1,068.5mm; company adjusted EBITDA $619.6 + $379.6 - $280.0mm. FY1/FY2 and EPS = model base case.
A23: CELH premium / (discount) to peer median | Q23: =Q22/Q18-1 -> 0.27495549 | R23: =R22/R18-1 -> 0.077678857 | S23: =S22/S18-1 -> 0.054130341 | T23: =T22/T18-1 -> 0.20752427
A25: B. IMPLIED CELH VALUE PER SHARE FROM PEER MULTIPLES
A26: Method | B26: CELH metric | C26: 25th | D26: Median | E26: 75th | F26: $ @ 25th | G26: $ @ median | H26: $ @ 75th
A27: EV / LTM EBITDA | B27: =G22 -> 719.2 | C27: =S19 -> 7.7870166 | D27: =S18 -> 11.129369 | E27: =S17 -> 23.346106 | F27: =IF((((C27*$B27)+DCF!$C$65-DCF!$C$66-DCF!$C$67)-DCF!$C$74)/(DCF!$C$69+DCF!$C$70)>DCF!$C$72,IF(((C27*$B27)+DCF!$C$65-DCF!$C$66-DCF!$C$67)/(DCF!$C$69+DCF!$C$70+DCF!$C$73)>DCF!$C$75,((C27*$B27)+DCF!$C$65-DCF!$C$66-DCF!$C$67)/(DCF!$C$69+DCF!$C$70+DCF!$C$73),(((C27*$B27)+DCF!$C$65-DCF!$C$66-DCF!$C$67)-DCF!$C$74)/(DCF!$C$69+DCF!$C$70)),(((C27*$B27)+DCF!$C$65-DCF!$C$66-DCF!$C$67)-DCF!$C$74-DCF!$C$71)/DCF!$C$69) -> 17.269478 | G27: =IF((((D27*$B27)+DCF!$C$65-DCF!$C$66-DCF!$C$67)-DCF!$C$74)/(DCF!$C$69+DCF!$C$70)>DCF!$C$72,IF(((D27*$B27)+DCF!$C$65-DCF!$C$66-DCF!$C$67)/(DCF!$C$69+DCF!$C$70+DCF!$C$73)>DCF!$C$75,((D27*$B27)+DCF!$C$65-DCF!$C$66-DCF!$C$67)/(DCF!$C$69+DCF!$C$70+DCF!$C$73),(((D27*$B27)+DCF!$C$65-DCF!$C$66-DCF!$C$67)-DCF!$C$74)/(DCF!$C$69+DCF!$C$70)),(((D27*$B27)+DCF!$C$65-DCF!$C$66-DCF!$C$67)-DCF!$C$74-DCF!$C$71)/DCF!$C$69) -> 26.543425 | H27: =IF((((E27*$B27)+DCF!$C$65-DCF!$C$66-DCF!$C$67)-DCF!$C$74)/(DCF!$C$69+DCF!$C$70)>DCF!$C$72,IF(((E27*$B27)+DCF!$C$65-DCF!$C$66-DCF!$C$67)/(DCF!$C$69+DCF!$C$70+DCF!$C$73)>DCF!$C$75,((E27*$B27)+DCF!$C$65-DCF!$C$66-DCF!$C$67)/(DCF!$C$69+DCF!$C$70+DCF!$C$73),(((E27*$B27)+DCF!$C$65-DCF!$C$66-DCF!$C$67)-DCF!$C$74)/(DCF!$C$69+DCF!$C$70)),(((E27*$B27)+DCF!$C$65-DCF!$C$66-DCF!$C$67)-DCF!$C$74-DCF!$C$71)/DCF!$C$69) -> 57.948719
A28: EV / NTM revenue | B28: =(L22*H22+(1-L22)*I22) -> 3307.7445 | C28: =R19 -> 1.5539028 | D28: =R18 -> 2.3669725 | E28: =R17 -> 4.433582 | F28: =IF((((C28*$B28)+DCF!$C$65-DCF!$C$66-DCF!$C$67)-DCF!$C$74)/(DCF!$C$69+DCF!$C$70)>DCF!$C$72,IF(((C28*$B28)+DCF!$C$65-DCF!$C$66-DCF!$C$67)/(DCF!$C$69+DCF!$C$70+DCF!$C$73)>DCF!$C$75,((C28*$B28)+DCF!$C$65-DCF!$C$66-DCF!$C$67)/(DCF!$C$69+DCF!$C$70+DCF!$C$73),(((C28*$B28)+DCF!$C$65-DCF!$C$66-DCF!$C$67)-DCF!$C$74)/(DCF!$C$69+DCF!$C$70)),(((C28*$B28)+DCF!$C$65-DCF!$C$66-DCF!$C$67)-DCF!$C$74-DCF!$C$71)/DCF!$C$69) -> 15.467377 | G28: =IF((((D28*$B28)+DCF!$C$65-DCF!$C$66-DCF!$C$67)-DCF!$C$74)/(DCF!$C$69+DCF!$C$70)>DCF!$C$72,IF(((D28*$B28)+DCF!$C$65-DCF!$C$66-DCF!$C$67)/(DCF!$C$69+DCF!$C$70+DCF!$C$73)>DCF!$C$75,((D28*$B28)+DCF!$C$65-DCF!$C$66-DCF!$C$67)/(DCF!$C$69+DCF!$C$70+DCF!$C$73),(((D28*$B28)+DCF!$C$65-DCF!$C$66-DCF!$C$67)-DCF!$C$74)/(DCF!$C$69+DCF!$C$70)),(((D28*$B28)+DCF!$C$65-DCF!$C$66-DCF!$C$67)-DCF!$C$74-DCF!$C$71)/DCF!$C$69) -> 25.913238 | H28: =IF((((E28*$B28)+DCF!$C$65-DCF!$C$66-DCF!$C$67)-DCF!$C$74)/(DCF!$C$69+DCF!$C$70)>DCF!$C$72,IF(((E28*$B28)+DCF!$C$65-DCF!$C$66-DCF!$C$67)/(DCF!$C$69+DCF!$C$70+DCF!$C$73)>DCF!$C$75,((E28*$B28)+DCF!$C$65-DCF!$C$66-DCF!$C$67)/(DCF!$C$69+DCF!$C$70+DCF!$C$73),(((E28*$B28)+DCF!$C$65-DCF!$C$66-DCF!$C$67)-DCF!$C$74)/(DCF!$C$69+DCF!$C$70)),(((E28*$B28)+DCF!$C$65-DCF!$C$66-DCF!$C$67)-DCF!$C$74-DCF!$C$71)/DCF!$C$69) -> 50.543261
A29: P / NTM EPS | B29: =(L22*J22+(1-L22)*K22) -> 1.676892 | C29: =T19 -> 11.534747 | D29: =T18 -> 14.005714 | E29: =T17 -> 24.946979 | F29: =C29*$B29 -> 19.342525 | G29: =D29*$B29 -> 23.48607 | H29: =E29*$B29 -> 41.83339
A30: Peer set is bimodal: scaled/high-quality brands (MNST, KO, COCO) at 22-28x EBITDA vs de-rated or levered names (BRBR, SMPL, PRMB) at 5-9x. Raw percentiles therefore give a very wide range; the selected range below anchors on the median.
A32: C. SELECTED MULTIPLE RANGE FOR CELH (analyst judgement)
A33: Method | B33: Low | C33: Base | D33: High | F33: $ Low | G33: $ Base | H33: $ High
A34: EV / LTM adjusted EBITDA | B34: 11 | C34: 13.5 | D34: 16 | F34: =IF((((B34*G22)+DCF!$C$65-DCF!$C$66-DCF!$C$67)-DCF!$C$74)/(DCF!$C$69+DCF!$C$70)>DCF!$C$72,IF(((B34*G22)+DCF!$C$65-DCF!$C$66-DCF!$C$67)/(DCF!$C$69+DCF!$C$70+DCF!$C$73)>DCF!$C$75,((B34*G22)+DCF!$C$65-DCF!$C$66-DCF!$C$67)/(DCF!$C$69+DCF!$C$70+DCF!$C$73),(((B34*G22)+DCF!$C$65-DCF!$C$66-DCF!$C$67)-DCF!$C$74)/(DCF!$C$69+DCF!$C$70)),(((B34*G22)+DCF!$C$65-DCF!$C$66-DCF!$C$67)-DCF!$C$74-DCF!$C$71)/DCF!$C$69) -> 26.208186 | G34: =IF((((C34*G22)+DCF!$C$65-DCF!$C$66-DCF!$C$67)-DCF!$C$74)/(DCF!$C$69+DCF!$C$70)>DCF!$C$72,IF(((C34*G22)+DCF!$C$65-DCF!$C$66-DCF!$C$67)/(DCF!$C$69+DCF!$C$70+DCF!$C$73)>DCF!$C$75,((C34*G22)+DCF!$C$65-DCF!$C$66-DCF!$C$67)/(DCF!$C$69+DCF!$C$70+DCF!$C$73),(((C34*G22)+DCF!$C$65-DCF!$C$66-DCF!$C$67)-DCF!$C$74)/(DCF!$C$69+DCF!$C$70)),(((C34*G22)+DCF!$C$65-DCF!$C$66-DCF!$C$67)-DCF!$C$74-DCF!$C$71)/DCF!$C$69) -> 32.686532 | H34: =IF((((D34*G22)+DCF!$C$65-DCF!$C$66-DCF!$C$67)-DCF!$C$74)/(DCF!$C$69+DCF!$C$70)>DCF!$C$72,IF(((D34*G22)+DCF!$C$65-DCF!$C$66-DCF!$C$67)/(DCF!$C$69+DCF!$C$70+DCF!$C$73)>DCF!$C$75,((D34*G22)+DCF!$C$65-DCF!$C$66-DCF!$C$67)/(DCF!$C$69+DCF!$C$70+DCF!$C$73),(((D34*G22)+DCF!$C$65-DCF!$C$66-DCF!$C$67)-DCF!$C$74)/(DCF!$C$69+DCF!$C$70)),(((D34*G22)+DCF!$C$65-DCF!$C$66-DCF!$C$67)-DCF!$C$74-DCF!$C$71)/DCF!$C$69) -> 39.164877
A35: P / NTM adjusted EPS | B35: 14 | C35: 17 | D35: 20 | F35: =B35*(L22*J22+(1-L22)*K22) -> 23.476488 | G35: =C35*(L22*J22+(1-L22)*K22) -> 28.507164 | H35: =D35*(L22*J22+(1-L22)*K22) -> 33.53784
A36: Trading comps value per share (average of the two methods) | F36: =AVERAGE(F34:F35) -> 24.842337 | G36: =AVERAGE(G34:G35) -> 30.596848 | H36: =AVERAGE(H34:H35) -> 36.351359
A37: Rationale: base-case CELH grows revenue ~7% a year (FY26-30E) with ~24-26% adjusted EBITDA margins – faster than PEP/KO/KDP but well below MNST, and with
A38: weaker quality signals (flagship CELSIUS brand shrinking in 2026, ~60% of revenue through one customer that is also its largest preferred holder).
A39: We apply a ~20% premium to the peer medians (11.1x LTM EBITDA ex-KDP; 14.0x NTM P/E) for faster growth (6.8% vs 3.0% NTM) and higher margins
A40: (23.6% vs 19.5% LTM EBITDA): base 13.5x EBITDA / 17x P/E, with ±2.5x / ±3x bands.
A41: well below MNST (28x EBITDA / 36x P/E) where CELH traded before its 2024-26 de-rating.
A43: D. PRECEDENT TRANSACTIONS – FUNCTIONAL / BETTER-FOR-YOU BEVERAGES
A44: Target / acquirer | B44: Date | C44: EV ($mm) | D44: LTM sales ($mm) | E44: EV / Sales | F44: EV / EBITDA | G44: Incl.
A45: Alani Nu / Celsius Holdings | B45: Feb-25 | C45: 1650 | D45: 595 | E45: =C45/D45 -> 2.7731092 | F45: 19 | G45: 1 | J45: $1.8bn incl. ~$150mm tax assets; $1.65bn net = 2.8x 2024 sales, 19.0x 2024 adj. EBITDA ($87.0mm), 12.0x with $50mm synergies. Celsius 8-K, 20-Feb-2025.
A46: BodyArmor / Coca-Cola (remaining 85%) | B46: Nov-21 | C46: 6600 | E46: 6.7 | F46: n.a. | G46: 1 | J46: $5.6bn for 85%; Goldman Sachs estimated total valuation $6.6bn = 6.7x sales (BevNET, 1-Nov-2021). Peak-cycle, high-growth sports drink.
A47: Poppi / PepsiCo | B47: Mar-25 | C47: 1650 | E47: n.a. | F47: n.a. | G47: 0 | J47: $1.95bn incl. $300mm tax benefits ($1.65bn net). Company revenue undisclosed (US retail sales ~$360mm) – multiple not comparable.
A48: GHOST (60%) / Keurig Dr Pepper | B48: Oct-24 | C48: 1650 | E48: n.a. | F48: n.a. | G48: 0 | J48: $990mm for 60% (implied ~$1.65bn for 100%), remaining 40% in 2028; plus up to $250mm distributor transition. Sales undisclosed.
A49: Rockstar Energy / PepsiCo | B49: Mar-20 | C49: 3850 | E49: n.a. | F49: n.a. | G49: 0 | J49: $3.85bn upfront plus contingent consideration; Rockstar was a declining brand. Sales undisclosed.
A50: Median EV / Sales (deals with disclosed sales) | E50: =MEDIAN(E45:E49) -> 4.7365546
A51: CELH LTM revenue ($mm) / current EV / LTM sales | C51: =F22 -> 3047.3 | E51: =Q22 -> 2.7688493
A53: Selected precedent range (EV / LTM sales) | B53: Low | C53: Base | D53: High | F53: $ Low | G53: $ Base | H53: $ High
A54: EV / LTM sales (control value) | B54: 2.8 | C54: 3.4 | D54: 4 | F54: =IF((((B54*$C$51)+DCF!$C$65-DCF!$C$66-DCF!$C$67)-DCF!$C$74)/(DCF!$C$69+DCF!$C$70)>DCF!$C$72,IF(((B54*$C$51)+DCF!$C$65-DCF!$C$66-DCF!$C$67)/(DCF!$C$69+DCF!$C$70+DCF!$C$73)>DCF!$C$75,((B54*$C$51)+DCF!$C$65-DCF!$C$66-DCF!$C$67)/(DCF!$C$69+DCF!$C$70+DCF!$C$73),(((B54*$C$51)+DCF!$C$65-DCF!$C$66-DCF!$C$67)-DCF!$C$74)/(DCF!$C$69+DCF!$C$70)),(((B54*$C$51)+DCF!$C$65-DCF!$C$66-DCF!$C$67)-DCF!$C$74-DCF!$C$71)/DCF!$C$69) -> 28.446566 | G54: =IF((((C54*$C$51)+DCF!$C$65-DCF!$C$66-DCF!$C$67)-DCF!$C$74)/(DCF!$C$69+DCF!$C$70)>DCF!$C$72,IF(((C54*$C$51)+DCF!$C$65-DCF!$C$66-DCF!$C$67)/(DCF!$C$69+DCF!$C$70+DCF!$C$73)>DCF!$C$75,((C54*$C$51)+DCF!$C$65-DCF!$C$66-DCF!$C$67)/(DCF!$C$69+DCF!$C$70+DCF!$C$73),(((C54*$C$51)+DCF!$C$65-DCF!$C$66-DCF!$C$67)-DCF!$C$74)/(DCF!$C$69+DCF!$C$70)),(((C54*$C$51)+DCF!$C$65-DCF!$C$66-DCF!$C$67)-DCF!$C$74-DCF!$C$71)/DCF!$C$69) -> 35.034373 | H54: =IF((((D54*$C$51)+DCF!$C$65-DCF!$C$66-DCF!$C$67)-DCF!$C$74)/(DCF!$C$69+DCF!$C$70)>DCF!$C$72,IF(((D54*$C$51)+DCF!$C$65-DCF!$C$66-DCF!$C$67)/(DCF!$C$69+DCF!$C$70+DCF!$C$73)>DCF!$C$75,((D54*$C$51)+DCF!$C$65-DCF!$C$66-DCF!$C$67)/(DCF!$C$69+DCF!$C$70+DCF!$C$73),(((D54*$C$51)+DCF!$C$65-DCF!$C$66-DCF!$C$67)-DCF!$C$74)/(DCF!$C$69+DCF!$C$70)),(((D54*$C$51)+DCF!$C$65-DCF!$C$66-DCF!$C$67)-DCF!$C$74-DCF!$C$71)/DCF!$C$69) -> 41.622181
A55: Rationale: Alani Nu (2.8x, same category, same buyer, 2025) is the most relevant marker and sets the low end; BodyArmor (6.7x) reflects 2021 peak
A56: pricing for a 40%+ grower and is not achievable for a ~7% grower. Base 3.4x embeds a ~20% control premium over the current 2.8x trading EV/sales.
A57: PepsiCo (distribution partner, ~12% as-converted holder via preferred) is the logical strategic acquirer, but we assign only 10% weight given no signal.

Sheet Valuation Summary
A1: Celsius Holdings, Inc. (NASDAQ: CELH) – Valuation Summary, Price Target & Rating
A2: $ per share unless stated. Price target = weighted blend of DCF, trading comps and precedent transactions (12-month view, not rolled forward).
A3: Active scenario: | B3: =CHOOSE(Scenarios!$C$4,"Bull case","Base case","Bear case") -> Base case
A5: A. VALUATION BLEND
A6: Method | B6: Low | C6: Base | D6: High | E6: Weight | F6: Weighted
A7: DCF – perpetuity growth (WACC ±0.5%, g ±0.5%) | B7: =Sensitivity!D12 -> 27.457589 | C7: =DCF!C76 -> 31.115131 | D7: =Sensitivity!F10 -> 35.948066 | E7: 0.5 | F7: =C7*E7 -> 15.557566 | J7: Primary method: captures integration margin rebuild and FCF conversion; TV ~70% of EV.
A8: Trading comparables (EV/EBITDA & P/E, selected range) | B8: =Comps!F36 -> 24.842337 | C8: =Comps!G36 -> 30.596848 | D8: =Comps!H36 -> 36.351359 | E8: 0.4 | F8: =C8*E8 -> 12.238739 | J8: Market cross-check; peer set is bimodal so we use a judgement range around the median.
A9: Precedent transactions (EV / LTM sales) | B9: =Comps!F54 -> 28.446566 | C9: =Comps!G54 -> 35.034373 | D9: =Comps!H54 -> 41.622181 | E9: 0.1 | F9: =C9*E9 -> 3.5034373 | J9: Includes control premium; low weight as no take-out signal.
A10: Weighted fair value | B10: =SUMPRODUCT(B7:B9,$E$7:$E$9) -> 26.510386 | C10: =SUMPRODUCT(C7:C9,$E$7:$E$9) -> 31.299742 | D10: =SUMPRODUCT(D7:D9,$E$7:$E$9) -> 36.676795 | E10: =SUM(E7:E9) -> 1 | F10: =SUM(F7:F9) -> 31.299742
A12: B. PRICE TARGET & RATING
A13: Current share price ($, 12-Oct-2026) | C13: ='DCF Inputs'!$C$38 -> 28.36
A14: 12-month price target ($, rounded to $1) | C14: =ROUND(C10,0) -> 31
A15: Upside / (downside) to target | C15: =C14/C13-1 -> 0.093088858
A16: BUY threshold (upside above) | C16: 0.15
A17: SELL threshold (downside below) | C17: -0.1
A18: RATING | C18: =IF(C15>C16,"BUY",IF(C15<C17,"SELL","HOLD")) -> HOLD
A19: Street consensus price target ($, 24 analysts) | C19: ='DCF Inputs'!$C$53 -> 42.19
A20: Our target vs street | C20: =C14/C19-1 -> -0.26522873
A22: C. FOOTBALL FIELD DATA (for chart)
A23: Range | B23: Low | C23: High | D23: Mid / base | E23: Bar length
A24: DCF – perpetuity (WACC ±0.5%, g ±0.5%) | B24: =B7 -> 27.457589 | C24: =D7 -> 35.948066 | D24: =C7 -> 31.115131 | E24: =C24-B24 -> 8.4904775
A25: DCF – exit multiple (WACC ±0.5%, 9.5-12.5x) | B25: =Sensitivity!D24 -> 29.521888 | C25: =Sensitivity!F22 -> 38.329809 | D25: =DCF!D76 -> 33.84637 | E25: =C25-B25 -> 8.8079215
A26: DCF – bear to bull operating scenario | B26: =Sensitivity!D42 -> 22.0557 | C26: =Sensitivity!B42 -> 39.7077 | D26: =Sensitivity!C42 -> 31.1151 | E26: =C26-B26 -> 17.652
A27: Trading comps – selected range | B27: =B8 -> 24.842337 | C27: =D8 -> 36.351359 | D27: =C8 -> 30.596848 | E27: =C27-B27 -> 11.509022
A28: Trading comps – EV/LTM EBITDA, peer 25th-75th | B28: =Comps!F27 -> 17.269478 | C28: =Comps!H27 -> 57.948719 | D28: =Comps!G27 -> 26.543425 | E28: =C28-B28 -> 40.679241
A29: Trading comps – P/NTM EPS, peer 25th-75th | B29: =Comps!F29 -> 19.342525 | C29: =Comps!H29 -> 41.83339 | D29: =Comps!G29 -> 23.48607 | E29: =C29-B29 -> 22.490865
A30: Precedent transactions (2.8-4.0x LTM sales) | B30: =B9 -> 28.446566 | C30: =D9 -> 41.622181 | D30: =C9 -> 35.034373 | E30: =C30-B30 -> 13.175614
A31: Street price targets (low-high) | B31: 26 | C31: 64 | D31: ='DCF Inputs'!$C$53 -> 42.19 | E31: =C31-B31 -> 38 | J31: Street low/high from S&P Global consensus (8-Oct-2026).
A32: Reference lines: current price | D32: =C13 -> 28.36
A33: Reference lines: price target | D33: =C14 -> 31
A35: D. SCENARIO-WEIGHTED VALUE
A36: Metric | B36: Bull | C36: Base | D36: Bear | E36: Prob-wtd | F36: Live
A37: Probability | B37: 0.25 | C37: 0.5 | D37: 0.25 | E37: =SUM(B37:D37) -> 1
A38: Revenue CAGR FY25A-FY30E | B38: 0.131208 | C38: 0.098075 | D38: 0.055632 | F38: =Scenarios!E69 -> 0.098074523
A39: FY30E adjusted EBITDA margin | B39: 0.290165 | C39: 0.263263 | D39: 0.229018 | F39: =Scenarios!E72 -> 0.26326256
A40: FY27E adjusted diluted EPS ($) | B40: 2.048116 | C40: 1.735474 | D40: 1.340804 | F40: =Scenarios!E76 -> 1.7354736
A41: DCF value per share ($) | B41: 39.7077 | C41: 31.1151 | D41: 22.0557 | E41: =SUMPRODUCT(B41:D41,B$37:D$37) -> 30.9984 | F41: =DCF!C76 -> 31.115131
A42: Blended fair value per share ($) | B42: 36.5024 | C42: 31.2997 | D42: 25.6166 | E42: =SUMPRODUCT(B42:D42,B$37:D$37) -> 31.1796 | F42: =C10 -> 31.299742
A43: Upside / (downside) vs current price (prob-weighted blended value) | E43: =E42/C13-1 -> 0.099421721
A44: Bull/Base/Bear are snapshots from re-running the whole model under each Scenarios-tab case; comps/precedent methods re-price off each case's EPS. "Live" follows Scenarios!C4.
A46: E. SANITY CHECKS
A47: Check | C47: Value | D47: Guide
A48: Terminal value % of EV (perpetuity) | C48: =DCF!C62 -> 0.75120513 | D48: <70-75%; high because FY26-30 FCF is still ramping
A49: Implied exit multiple in perpetuity TV (x FY30E adj. EBITDA) | C49: =DCF!C55 -> 9.9204689 | D49: vs peer median 11.1x LTM
A50: Implied perpetuity growth in exit-multiple TV | C50: =DCF!D55 -> 0.036646978 | D50: 2-4% reasonable
A51: WACC | C51: =DCF!$C$26 -> 0.102 | D51: 9-11% for this profile
A52: EV / LTM adjusted EBITDA at price target | C52: =(Comps!$E$22*1000+(C14-C13)*(DCF!$C$69+DCF!$C$70))/Comps!$G$22 -> 12.750584 | D52: peer median 11.1x (ex-KDP); MNST 28x
A53: P / NTM adjusted EPS at price target | C53: =C14/(Comps!$L$22*Comps!$J$22+(1-Comps!$L$22)*Comps!$K$22) -> 18.486581 | D53: peer median ~14x
A54: P / NTM adjusted EPS at current price | C54: =C13/(Comps!$L$22*Comps!$J$22+(1-Comps!$L$22)*Comps!$K$22) -> 16.91224 | D54: peer median 14.0x
A55: Reverse DCF: perpetuity growth implied by current price | C55: =(((((((C13*(DCF!$C$69+DCF!$C$70)+DCF!$C$74))-DCF!$C$65+DCF!$C$66+DCF!$C$67)/DCF!$C$63)-DCF!$C$59)*(1+DCF!$C$26)^DCF!$C$53)*DCF!$C$26-DCF!$H$40)/(((((((C13*(DCF!$C$69+DCF!$C$70)+DCF!$C$74))-DCF!$C$65+DCF!$C$66+DCF!$C$67)/DCF!$C$63)-DCF!$C$59)*(1+DCF!$C$26)^DCF!$C$53)+DCF!$H$40) -> 0.021768348 | D55: base-case cash flows held; what the market discounts
A56: 12-month implied return to target (no dividend) | C56: =C15 -> 0.093088858 | D56: consistent with rating band
